Workbook
Name \E: #REF!
Name \E: #REF!
Name \E: #REF!
Name \E: #REF!
Name \E: #REF!
Name _____________________MS798: #REF!
Name _____________________MS798: #REF!
Name _____________________tab1: #REF!
Name _____________________tab2: #REF!
Name _____________________tab6798: #REF!
Name ____________________MS798: #REF!
Name ____________________tab1: #REF!
Name ____________________tab2: #REF!
Name ____________________tab6798: #REF!
Name ___________________MS798: #REF!
Name ___________________tab1: #REF!
Name ___________________tab2: #REF!
Name ___________________tab6798: #REF!
Name __________________MS798: #REF!
Name __________________tab1: #REF!
Name __________________tab2: #REF!
Name __________________tab6798: #REF!
Name _________________MS798: #REF!
Name _________________prt1: #N/A
Name _________________prt2: #N/A
Name _________________prt3: #N/A
Name _________________prt4: #N/A
Name _________________prt5: #N/A
Name _________________prt6: #N/A
Name _________________prt7: #N/A
Name _________________prt8: #N/A
Name _________________tab1: #REF!
Name _________________tab2: #REF!
Name _________________tab6798: #REF!
Name ________________MS798: #REF!
Name ________________prt1: #N/A
Name ________________prt2: #N/A
Name ________________prt3: #N/A
Name ________________prt4: #N/A
Name ________________prt5: #N/A
Name ________________prt6: #N/A
Name ________________prt7: #N/A
Name ________________prt8: #N/A
Name ________________tab1: #REF!
Name ________________tab2: #REF!
Name ________________tab6798: #REF!
Name _______________MS798: #REF!
Name _______________prt1: #N/A
Name _______________prt2: #N/A
Name _______________prt3: #N/A
Name _______________prt4: #N/A
Name _______________prt5: #N/A
Name _______________prt6: #N/A
Name _______________prt7: #N/A
Name _______________prt8: #N/A
Name _______________tab1: #REF!
Name _______________tab2: #REF!
Name _______________tab6798: #REF!
Name ______________MS798: #REF!
Name ______________prt1: #N/A

Sheet табл 1
A1: 1-кесте | J1: Таблица 1
A3: НЕГІЗГІ МАКРОЭКОНОМИКАЛЫҚ ИНДИКАТОРЛАР/
A4: ОСНОВНЫЕ МАКРОЭКОНОМИЧЕСКИЕ ИНДИКАТОРЫ
A6: Атауы | B6: 2019 жыл/ 2019 год | C6: 2020 жыл/ 2020 год | D6: 2021 жыл/ 2021 год | E6: 2022 жыл/ 2022 год | F6: 2023 жыл/ 2023 год | G6: 2024 жыл/ 2024 год | H6: 2025 жыл/ 2025 год | I6: 2026 ж. 1 тамыздағы есеп/ отчет на 1 августа 2026 г. | J6: Наименование
A7: 1 | B7: 2 | C7: 3 | D7: 4 | E7: 5 | F7: 6 | G7: 7 | H7: 8 | I7: 9 | J7: 10
A8: Жалпы ішкi өнiм, млрд. теңге | B8: 69532.626 | C8: 70649 | D8: 83951.587 | E8: 65487.797 | F8: 120561.1 | G8: 84962.621 | H8: 99724.898 | I8: 70948.693 | J8: Валовой внутренний продукт, млрд.тенге январь-июнь 2026 года (оперативные данные)
A9: өткен жылдың тиiстi кезеңiндегi нақты есептеудегi %-бен | B9: 104.5 | C9: 97.5 | D9: 103.3 | E9: 103 | F9: 105.1 | G9: 104.1 | H9: 106.3 | I9: 104.9 | J9: в % к соответствующему периоду предыдущего года
A10: Өнеркәсiп өнiмiнiң көлемi, млрд. теңге | B10: 29380.342 | C10: 26743.4 | D10: 37047.6 | E10: 4157.4 | F10: 46401.716 | G10: 50124.86 | H10: 61560.646 | I10: 39974.8 | J10: Объем промышленного производства, млрд.тенге (январь-июль 2026г.)
A11: өткен жылдың тиiстi кезеңiне %-бен | B11: 104.1 | C11: 99.3 | D11: 103.8 | E11: 97.2 | F11: 104.3 | G11: 102.8 | H11: 107.5 | I11: 103 | J11: % январь-июль 2026г. к январю-июлю 2025г.
A12: Мембюджетке кірістер, млрд. теңге | B12: 12758.479 | C12: 14521.191 | D12: 15847.431 | E12: 20248.101 | F12: 24917.246 | G12: ='[46]табл 2 '!C8/1000 -> 27132.165 | H12: ='[47]табл 2 '!C8/1000 -> 29871.048 | I12: ='табл 3'!F8/1000 -> 17125.394 | J12: Доходы в госбюджет, млрд.тенге
A13: ЖIӨ-ге %-бен | B13: 18.502241 | C13: 20.535071 | D13: =D12/D8*100 -> 18.876869 | E13: =E12/E8*100 -> 30.918891 | G13: =G12/G8*100 -> 31.934237 | H13: =H12/H8*100 -> 29.95345 | I13: =I12/I8*100 -> 24.137715 | J13: в % к ВВП
A14: Мембюджеттен шығындар, млрд. теңге | B14: 13535.581 | C14: 16725.097 | D14: 17951.888 | E14: 21532.543 | F14: 26760 | G14: ='[46]табл 2 '!C18/1000 -> 30318.236 | H14: ='[47]табл 2 '!C18/1000 -> 33442.829 | I14: ='табл 3'!F19/1000 -> 19548.614 | J14: Затраты из госбюджета, млрд. тенге
A15: ЖIӨ-ге %-бен | B15: 19.629188 | C15: 23.651714 | D15: =D14/D8*100 -> 21.38362 | E15: =E14/E8*100 -> 32.880238 | F15: 35.421743 | G15: =G14/G8*100 -> 35.684206 | H15: =H14/H8*100 -> 33.535084 | I15: =I14/I8*100 -> 27.55317 | J15: в % к ВВП
A16: Таза бюджеттік кредит беру, млрд. теңге | B16: 262.88084 | C16: 261.98101 | D16: 267.33754 | E16: 592.68034 | F16: 466.44174 | G16: ='[46]табл 2 '!C34/1000 -> 198.40855 | H16: ='[47]табл 3'!E34/1000 -> 286.23027 | I16: ='табл 3'!F34/1000 -> 277.62841 | J16: Чистое бюджетное кредитование, млрд. тенге
A17: ЖIӨ-ге %-бен | B17: 0.38122761 | C17: 0.37047917 | D17: =D16/D8*100 -> 0.31844251 | E17: =E16/E8*100 -> 0.9050241 | F17: 0.61742075 | G17: =G16/G8*100 -> 0.23352452 | H17: =H16/H8*100 -> 0.28701987 | I17: =I16/I8*100 -> 0.3913087 | J17: в % к ВВП
A18: Қаржылық активтермен болатын операциялар бойынша сальдо, млрд. теңге | B18: 245.32373 | C18: 340.26326 | D18: 163.01136 | E18: 292.00158 | F18: 501.9047 | G18: ='[46]табл 2 '!C37/1000 -> 201.56181 | H18: ='[47]табл 3'!E37/1000 -> 525.85985 | I18: ='табл 3'!F37/1000 -> 427.41794 | J18: Сальдо по операциям с финансовыми активами, млрд.тенге
A19: ЖIӨ-ге %-бен | B19: 0.35576643 | C19: 0.48118163 | D19: =D18/D8*100 -> 0.19417306 | E19: =E18/E8*100 -> 0.44588701 | F19: 0.66436244 | G19: =G18/G8*100 -> 0.23723586 | H19: =H18/H8*100 -> 0.52731049 | I19: =I18/I8*100 -> 0.60243243 | J19: в % к ВВП
A20: Мембюджеттiң тапшылығы (-) / профицитi (+), млрд. теңге | B20: -1285.3067 | C20: -2806.1502 | D20: -2534.8062 | E20: -2169.1247 | F20: -2811.1006 | G20: ='[46]табл 2 '!C40/1000 -> -3586.0419 | H20: ='[47]табл 3'!E40/1000 -> -4383.8711 | I20: ='табл 3'!F40/1000 -> -3128.267 | J20: Дефицит (-) / профицит (+) госбюджета, млрд.тенге
A21: ЖIӨ-ге %-бен | B21: -1.8639412 | C21: -3.9683036 | D21: =D20/D8*100 -> -3.0193666 | E21: =E20/E8*100 -> -3.3122579 | F21: -3.7210045 | G21: =G20/G8*100 -> -4.2207288 | H21: =H20/H8*100 -> -4.3959645 | I21: =I20/I8*100 -> -4.4091961 | J21: в % к ВВП
A22: Тұтыну бағасының индексі 2026 жылғы мамыр 2025 жылғы мамырға % | B22: 105.3 | C22: 106.8 | D22: 108 | E22: 115 | G22: 108.6 | H22: 103.9 | I22: 110.2 | J22: Индекс потребительских цен в % июль 2026г. к июлю 2025г.
A23: Орташа айлық атаулы жалақы 1 қызметкердың, теңге | B23: 186815 | C23: 220848 | D23: 268051 | E23: 303055 | F23: 350542 | G23: 390328 | H23: 429368 | I23: 461486 | J23: Среднемесячная номинальная заработная плата 1 работника, тенге (1 квартал 2026г.)
A24: өткен жылдың тиiстi кезеңiне %-бен | B24: 114.8 | C24: 104.4 | D24: 115.3 | E24: 112.2 | F24: 116.9 | G24: 111.3 | H24: 110 | I24: =I23/'[48]табл 1'!$H$24*100 -> 109.06405 | J24: в % к соответствующему периоду предыдущего года
A25: Экспорт, млн. АҚШ долл. | B25: 58065.6 | C25: 46 949,7 2 | D25: 54549.5 | E25: ____ | F25: 71274.7 | G25: 73884.5 | H25: 71135.7 | I25: 40331.7 | J25: Экспорт, млн. долл. США (январь -июнь 2026г.)
A26: Импорт, млн. АҚШ долл. | B26: 39709.3 | C26: 38 081,4 2 | D26: 36825.9 | E26: ____ | F26: 54643.5 | G26: 53590.3 | H26: 57666.9 | I26: 31460.1 | J26: Импорт, млн. долл. США (январь -июнь 2026г.)
A27: Сауда балансының сальдосы, млн. АҚШ долл. | B27: 18356.3 | C27: 8969 | D27: 17723.6 | E27: ____ | F27: 16631.2 | G27: =G25-G26 -> 20294.2 | H27: =H25-H26 -> 13468.8 | I27: =I25-I26 -> 8871.6 | J27: Сальдо торгового баланса, млн. долл. США
A28: Теңгенiң АҚШ долларына қарағандағы ресми айырбас бағамы: | J28: Официальный обменный курс тенге к доллару США:
A29: кезеңнiң аяғындағы | B29: 381.18 | C29: 420.71 | D29: 433.83 | E29: 459.92 | F29: 448.17 | G29: 525.11 | H29: 521.59 | I29: 474.63 | J29: на конец периода
A30: кезең бойынша орташа | B30: 382.75 | C30: 412.95 | D30: 433.66 | E30: 460.48 | F30: 451.28 | G30: 469.44 | H30: 502.57 | I30: 472.13 | J30: в среднем за июль 2026 года
A32: Ақпарат көзi: / Источник:
A33: Қазақстан Республикасының Қаржы министрлiгi / Министерство финансов Республики Казахстан.
A34: Ұлттық статистика бюросы Қазақстан Республикасының Стратегиялық жоспарлау және реформалар агенттігі / Бюро национальной статистики Агентства по стратегическому планированию и реформам Республики Казахстан
A35: Қазақстан Республикасының Ұлттық Банкi / Национальный Банк Республики Казахстан.
A36: Ескерту: / Примечание:
A37: 1 - Ұлттық статистика бюросы Қазақстан Республикасының Стратегиялық жоспарлау және реформалар агенттігінің деректері бойынша /Объем ВВП по отчетным данным Бюро национальной статистики Агентства по стратегическому планированию и реформам Республики Казахстан
A38: 2 - Ұлттық статистика бюросы Қазақстан Республикасының Стратегиялық жоспарлау және реформалар агенттігінің деректері бойынша /По данным Бюро национальной статистики Агентства по стратегическому планированию и реформам Республики Казахстан
A39: 3 - Ұлттық статистика бюросы Қазақстан Республикасының Стратегиялық жоспарлау және реформалар агенттігінің деректері бойынша /По данным Бюро национальной статистики Агентства по стратегическому планированию и реформам Республики Казахстан

Sheet табл 2 
A1: 2-кесте | F1: Таблица - 2
A2: МЕМЛЕКЕТТІК ЖӘНЕ РЕСПУБЛИКАЛЫҚ | F2: СРАВНИТЕЛЬНЫЙ АНАЛИЗ ИСПОЛНЕНИЯ
A3: БЮДЖЕТТЕР АТҚАРЫЛУЫНЫҢ САЛЫСТЫРМА ТАЛДАУЫ | F3: ГОСУДАРСТВЕННОГО И РЕСПУБЛИКАНСКОГО БЮДЖЕТОВ
A5: Атауы | B5: Мемлекеттік бюджет / Государственный бюджет | F5: Республикалық бюджет / Республиканский бюджет | J5: Наименование
B6: 2026 жылға түзету енгізілген бюджет (млн. теңге)/ скорректированный бюджет на 2026 год (млн.тенге) | C6: 2026 жылғы қаңтар-шілде атқарылуы (млн. теңге)/ исполнение за январь-июль 2026 года (млн.тенге) | D6: бір жылға түзету енгізілген бюджеттің атқарылу %-ы/% исполнения к скорректированному бюджету на год | E6: 2025 ж. қаңтар-шілде %-бен 2026 ж. қаңтар-шілдеге/ 2026 г. январь-июль в % к январю-июлю 2025 г. | F6: 2026 жылға түзету енгізілген бюджет (млн. теңге)/ скорректированный бюджет на 2026 год (млн.тенге) | G6: 2026 жылғы қаңтар-шілде атқарылуы (млн. теңге)/ исполнение за январь-июль 2026 года (млн.тенге) | H6: бір жылға түзету енгізілген бюджеттің атқарылу %-ы/% исполнения к скорректированному бюджету на год | I6: 2025 ж. қаңтар-шілде %-бен 2026 ж. қаңтар-шілдеге/ 2026 г. январь-июль в % к январю-июлю 2025 г.
A7: 1 | B7: 2 | C7: 3 | D7: 4 | E7: 5 | F7: 6 | G7: 7 | H7: 8 | I7: 9 | J7: 10
A8: I. КІРІСТЕР | B8: 32610453 | C8: 17125394 | D8: 52.515043 | E8: 104.67136 | F8: 22889278 | G8: 12364603 | H8: 54.01919 | I8: 107.20919 | J8: I. ДОХОДЫ
A9: Салықтық түсімдер оның iшiнде: | B9: 28728862 | C9: 14111864 | D9: 49.120858 | E9: 116.88291 | F9: 18886019 | G9: 9348030.6 | H9: 49.497094 | I9: 129.2838 | J9: Налоговые поступления, в том числе:
A10: корпоративтік табыс салығы | B10: 7141697.2 | C10: 3649708.5 | D10: 51.104218 | E10: 111.36083 | F10: 5184046.5 | G10: 2737168.3 | H10: 52.799841 | I10: 122.32511 | J10: корпоративный подоходный налог
A11: жеке табыс салығы | B11: 3253464.2 | C11: 1609607.6 | D11: 49.473654 | E11: 101.12817 | F11: 0 | G11: 0 | H11: 0 | I11: 0 | J11: индивидуальный подоходный налог
A12: әлеуметтік салық | B12: 2011526.6 | C12: 1017528.7 | D12: 50.584898 | E12: 97.60741 | F12: 0 | G12: 0 | H12: 0 | I12: 0 | J12: социальный налог
A13: қосылған құн салығы | B13: 10013329 | C13: 4260775.9 | D13: 42.551044 | E13: 138.89647 | F13: 10013329 | G13: 4260775.9 | H13: 42.551044 | I13: 138.89647 | J13: налог на добавленную стоимость
A14: акциздер | B14: 1489806.1 | C14: 664004.81 | D14: 44.56988 | E14: 121.31486 | F14: 151773.43 | G14: 61214.629 | H14: 40.332902 | I14: 89.72468 | J14: акцизы
A15: Салықтық емес түсімдер | B15: 608189.33 | C15: 471084.29 | D15: 77.456849 | E15: 66.43937 | F15: 330736.78 | G15: 210178.71 | H15: 63.548638 | I15: 48.261333 | J15: Неналоговые поступления
A16: Негізгі капиталды сатудан түсетін түсімдер | B16: 298952.26 | C16: 127306.94 | D16: 42.584372 | E16: 122.93201 | F16: 2200 | G16: 1257.1223 | H16: 57.141921 | I16: 60.950419 | J16: Поступления от продажи основного капитала
A17: Арнаулы түсімдер | B17: 204449.18 | C17: 95138.744 | D17: 46.534177 | E17: 2.73781 | F17: 20375.447 | G17: 3664.9649 | H17: 17.987163 | I17: - | J17: Специальные поступления
A18: Трансферттердің түсімдері | B18: 2770000 | C18: 2320000 | D18: 83.754513 | F18: 3649947.1 | G18: 2801471.3 | H18: 76.753751 | I18: 72.916238 | J18: Поступление трансфертов
A19: II. ШЫҒЫНДАР | B19: 36479617 | C19: 19548614 | D19: 53.587773 | E19: 111.95061 | F19: 26229339 | G19: 14755390 | H19: 56.255287 | I19: 110.25879 | J19: II. ЗАТРАТЫ
A20: 1. Жалпы сипаттағы мемлекеттiк қызметтер | B20: 2032218.5 | C20: 1045470 | D20: 51.444764 | E20: 117.02653 | F20: 1599128.5 | G20: 826964.05 | H20: 51.713422 | I20: 138.50529 | J20: 1. Государственные услуги общего характера
A21: 2. Қорғаныс | B21: 1491068.4 | C21: 835050.36 | D21: 56.00349 | E21: 153.39827 | F21: 1384394.7 | G21: 798937.44 | H21: 57.710236 | I21: 165.05196 | J21: 2. Оборона
A22: 3. Қоғамдық тәртіп, қауіпсіздік, құқықтық, сот, қылмыстық-атқару қызметі | B22: 2019941.3 | C22: 1053316.3 | D22: 52.145889 | E22: 116.9857 | F22: 1532523.9 | G22: 806698.65 | H22: 52.638568 | I22: 118.13771 | J22: 3. Общественный порядок, безопасность, правовая, судебная, уголовно-исполнительная деятельность
A23: 4. Бiлiм беру | B23: 7046737.8 | C23: 4053675.4 | D23: 57.52556 | E23: 102.58024 | F23: 816848.59 | G23: 495617.03 | H23: 60.674284 | I23: 69.43517 | J23: 4. Образование
A24: 5. Денсаулық сақтау | B24: 2924805.6 | C24: 1070884 | D24: 36.613852 | E24: 94.55553 | F24: 2535572.7 | G24: 914850.66 | H24: 36.080633 | I24: 93.60809 | J24: 5. Здравоохранение
A25: 6. Әлеуметтiк көмек және әлеуметтiк қамсыздандыру | B25: 7664223.5 | C25: 4348134.5 | D25: 56.732878 | E25: 112.4652 | F25: 6833010.2 | G25: 3936699.2 | H25: 57.612957 | I25: 113.10881 | J25: 6. Социальная помощь и социальное обеспечение
A26: 7. Тұрғын үй-коммуналдық шаруашылық | B26: 2809342.3 | C26: 1286133.5 | D26: 45.780592 | E26: 117.63349 | F26: 95156.925 | G26: 65215.751 | H26: 68.534951 | I26: 86.8879 | J26: 7. Жилищно-коммунальное хозяйство
A27: 8. Мәдениет, спорт, туризм және ақпараттық кеңістiк | B27: 1238149.8 | C27: 646179.96 | D27: 52.18916 | E27: 103.1521 | F27: 262741.8 | G27: 146394.87 | H27: 55.718151 | I27: 115.94259 | J27: 8. Культура, спорт, туризм и информационное пространство
A28: 9. Отын-энергетика кешенi және жер қойнауын пайдалану | B28: 298565.11 | C28: 154783.66 | D28: 51.842514 | E28: 79.95133 | F28: 127971.59 | G28: 73358.667 | H28: 57.324184 | I28: 211.95657 | J28: 9. Топливно-энергетический комплекс и недропользование
A29: 10. Ауыл, су, орман, балық шаруашылығы, ерекше қорғалатын табиғи аумақтар, қоршаған ортаны және жануарлар дүниесін қорғау, жер қатынастары | B29: 1681166.4 | C29: 861233.3 | D29: 51.22832 | E29: 123.54841 | F29: 731737.11 | G29: 248196.85 | H29: 33.918855 | I29: 101.42648 | J29: 10. Сельское, водное, лесное, рыбное хозяйство, особо охраняемые природные территории, охрана окружающей среды и животного мира, земельные отношения
A30: 11. Өнеркәсіп, сәулет, қала құрылысы және құрылыс қызметі | B30: 138118.76 | C30: 58630.063 | D30: 42.449022 | E30: 121.30702 | F30: 29050.311 | G30: 13178.75 | H30: 45.365262 | I30: 187.38045 | J30: 11. Промышленность, архитектурная, градостроительная и строительная деятельность
... A33: 14. Борышқа қызмет көрсету | B33: 3572826.2 | C33: 2461812.7 | D33: 68.903792 | E33: 120.96079 | F33: 3471233.6 | G33: 2430176.2 | H33: 70.009007 | I33: 120.43555 | J33: 14. Обслуживание долга
F34: 5171567.8 | G34: 3246065 | H34: 62.767522 | I34: 96.65557 | J34: 15. Трансферты
A35: III. ТАЗА БЮДЖЕТТІК КРЕДИТ БЕРУ | B35: 1033328.9 | C35: 277628.41 | D35: 26.867382 | E35: 199.32551 | F35: 858213.36 | G35: 199588.91 | H35: 23.256327 | I35: 459.94124 | J35: III. ЧИСТОЕ БЮДЖЕТНОЕ КРЕДИТОВАНИЕ
A36: Бюджеттік кредиттер | B36: 1311060.9 | C36: 446617.4 | D36: 34.065344 | E36: 158.70619 | F36: 1104500 | G36: 347800 | H36: 31.489362 | I36: 170.4902 | J36: Бюджетные кредиты
A37: Бюджеттік кредиттерді өтеу | B37: 277732.05 | C37: 168988.99 | D37: 60.846055 | E37: 118.89955 | F37: 246286.64 | G37: 148211.09 | H37: 60.178293 | I37: 99.745865 | J37: Погашение бюджетных кредитов
A38: IV. ҚАРЖЫ АКТИВТЕРІМЕН ОПЕРАЦИЯЛАР БОЙЫНША САЛЬДО - ҚАРЖЫ АК | B38: 666314.87 | C38: 427417.94 | D38: 64.14654 | E38: 149.81479 | F38: 396775.84 | G38: 217061.6 | H38: 54.706353 | I38: 1133.1822 | J38: IV. САЛЬДО ПО ОПЕРАЦИЯМ С ФИНАНСОВЫМИ АКТИВАМИ
A39: Қаржылық активтерді сатып алу | B39: 668404.54 | C39: 430563.39 | D39: 64.416587 | E39: 149.40076 | F39: 396775.84 | G39: 217061.6 | H39: 54.706353 | I39: 1133.1822 | J39: Приобретение финансовых активов
A40: Мемлекеттің қаржы активтерін сатудан түсетін түсімдер | B40: 2089.668 | C40: 3145.4577 | D40: 150.52428 | E40: 108.61314 | F40: 0 | G40: 0 | H40: 0 | I40: - | J40: Поступления от продажи финансовых активов государства
A41: V. БЮДЖЕТ ТАПШЫЛЫҒЫ (ПРОФИЦИТІ) | B41: -5568807.3 | C41: -3128267 | D41: 56.174811 | E41: -205.09282 | F41: -4595050.1 | G41: -2807437.7 | H41: 61.096998 | I41: -146.70623 | J41: V. ДЕФИЦИТ (ПРОФИЦИТ) БЮДЖЕТА
A42: VI. БЮДЖЕТТІҢ МҰНАЙҒА ҚАТЫСТЫ ЕМЕС ТАПШЫЛЫҒЫ (ПРОФИЦИТІ) | B42: -10033327 | C42: -6490562.8 | D42: 64.690033 | E42: -110.36383 | F42: -9059570.1 | G42: -6169733.5 | H42: 68.101835 | I42: -98.41008 | J42: VI. НЕНЕФТЯНОЙ ДЕФИЦИТ (ПРОФИЦИТ) БЮДЖЕТА

Sheet табл 3
A1: 3-кесте | E1: Таблица 3
A2: МЕМЛЕКЕТТІК БЮДЖЕТТІҢ АТҚАРЫЛУЫ | E2: ИСПОЛНЕНИЕ ГОСУДАРСТВЕННОГО БЮДЖЕТА
A3: (млн.теңге) | E3: (млн. тенге)
A5: Атауы | B5: 2023 ж. есеп/ 2023 г. отчет | C5: 2024 ж. есеп/ 2024 г. отчет | D5: 2025 ж. есеп/ 2025 г. отчет | F5: 2026 ж. қантар-шілде есеп/январь-июль отчет 2026 г. | G5: Наименование
D6: жылдық/ годовой | E6: қантар-шілде/январь-июль
A7: 1 | B7: 2 | C7: 3 | D7: 4 | E7: 5 | F7: 6 | G7: 7
A8: I. КІРІСТЕР | B8: 24917246 | C8: 27132165 | D8: 29871048 | E8: 16361108 | F8: 17125394 | G8: I. ДОХОДЫ
A9: Салықтық түсімдер_x000D_ оның iшiнде: | B9: 18912204 | C9: 19700517 | D9: 23188179 | E9: 12073505 | F9: 14111864 | G9: Налоговые поступления,_x000D_ в том числе:
A10: корпоративтік табыс салығы | B10: 5045696.1 | C10: 5213291.4 | D10: 6322629 | E10: 3277371.7 | F10: 3649708.5 | G10: корпоративный подоходный налог
A11: жеке табыс салығы | B11: 1992384.9 | C11: 2451640 | D11: 2859192.4 | E11: 1591651.2 | F11: 1609607.6 | G11: индивидуальный подоходный налог
A12: әлеуметтік салық | B12: 1321272.8 | C12: 1579329.4 | D12: 1866744.5 | E12: 1042470.7 | F12: 1017528.7 | G12: социальный налог
A13: қосылған құн салығы | B13: 5674110.6 | C13: 5179378.1 | D13: 6111842.3 | E13: 3067591.1 | F13: 4260775.9 | G13: налог на добавленную стоимость
A14: акциздер | B14: 840215.7 | C14: 844909.98 | D14: 1039998.8 | E14: 547340.06 | F14: 664004.81 | G14: акцизы
A15: Салықтық емес түсімдер | B15: 1822932.9 | C15: 1630378.8 | D15: 1248358.7 | E15: 709043.91 | F15: 471084.29 | G15: Неналоговые поступления
A16: Негізгі капиталды сатудан түсетін түсімдер | B16: 182108.73 | C16: 201680.05 | D16: 184510.46 | E16: 103558.82 | F16: 127306.94 | G16: Поступления от продажи основного капитала
A17: Арнаулы түсімдер | B17: 0 | C17: 0 | D17: 0 | E17: 0 | F17: 95138.744 | G17: Специальные поступления
A18: Трансферттердің түсімдері | B18: 4000000 | C18: 6006003.1 | D18: 5250000 | E18: 3475000 | F18: 2320000 | G18: Поступления трансфертов
A19: II. ШЫҒЫНДАР | B19: 26760000 | C19: 30318236 | D19: 33442829 | E19: 17461820 | F19: 19548614 | G19: II. ЗАТРАТЫ
... A48: Өтеу | B48: 662602.27 | C48: 1155152.7 | D48: 1708213 | E48: 1527454 | F48: 249067.65 | G48: Погашение

Sheet табл 4
A1: 4-кесте | G1: Таблица 4
A3: МЕМЛЕКЕТТІК БЮДЖЕТКЕ ТҮСІМДЕР/_x000D_ ПОСТУПЛЕНИЯ В ГОСУДАРСТВЕННЫЙ БЮДЖЕТ
A5: (млн.теңге) | G5: (млн.тенге)
A7: Санаты/ Категория | B7: Сыныбы/ Класс | C7: Сыныпшасы/ Подкласс | D7: Ерешелігі/ Специфика | E7: Атауы | F7: 2026 ж. қаңтар-шілде есеп/_x000D_ январь-июль отчет 2026 г. | G7: Наименование
A8: 1 | B8: 2 | C8: 3 | D8: 4 | E8: 5 | F8: 6 | G8: 7
E9: ТҮСІМДЕР | F9: 17297528 | G9: ПОСТУПЛЕНИЯ
E10: оның ішінде: | G10: в том числе:
E11: КІРІСТЕР | F11: 17125394 | G11: ДОХОДЫ
A12: 1 | B12: L01 Класс дохода | C12: L01 Подкласс дохода | D12: L01 Специфика дохода | E12: Салықтық түсімдер | F12: 14111864 | G12: Налоговые поступления
A13: L01 Категория дохода | B13: 01 | C13: L01 Подкласс дохода | D13: L01 Специфика дохода | E13: Табыс салығы | F13: 5259316.1 | G13: Подоходный налог
A14: L01 Категория дохода | B14: L01 Класс дохода | C14: 1 | D14: L01 Специфика дохода | E14: Корпоративтік табыс салығы | F14: 3649708.5 | G14: Корпоративный подоходный налог
A15: 1 | B15: 01 | C15: 1 | D15: 10 | E15: Мұнай секторы ұйымдарынан түсетін түсімдерді қоспағанда, ірі кәсіпкерлік субъектілерінен – заңды тұлғалардан алынатын корпоративтік табыс салығы | F15: 2737168.3 | G15: Корпоративный подоходный налог с юридических лиц – субъектов крупного предпринимательства, за исключением поступлений от организаций нефтяного сектора
D16: 11 | E16: Ірі кәсіпкерлік субъектілерінен және мұнай секторы ұйымдарынан түсетін түсімдерді қоспағанда, заңды тұлғалардан алынатын корпоративтік табыс салығы | F16: 912540.17 | G16: Корпоративный подоходный налог с юридических лиц, за исключением поступлений от субъектов крупного предпринимательства и организаций нефтяного сектора
A17: L01 Категория дохода | B17: L01 Класс дохода | C17: 2 | D17: L01 Специфика дохода | E17: Жеке табыс салығы | F17: 1609607.6 | G17: Индивидуальный подоходный налог
C18: 2 | D18: 01 | E18: Төлем көзінен салық салынатын табыстардан ұсталатын жеке табыс салығы | F18: 1225316.2 | G18: Индивидуальный подоходный налог с доходов, облагаемых у источника выплаты
D19: 02 | E19: Төлем көзінен салық салынбайтын табыстардан ұсталатын жеке табыс салығы | F19: 363389.12 | G19: Индивидуальный подоходный налог с доходов, не облагаемых у источника выплаты
D20: 05 | E20: Төлем көзінен салық салынбайтын шетелдік азаматтар табыстарынан ұсталатын жеке табыс салығы | F20: 20902.285 | G20: Индивидуальный подоходный налог с доходов иностранных граждан, не облагаемых у источника выплаты
A21: L01 Категория дохода | B21: 03 | C21: L01 Подкласс дохода | D21: L01 Специфика дохода | E21: Әлеуметтiк салық | F21: 1017528.7 | G21: Социальный налог
A22: L01 Категория дохода | B22: L01 Класс дохода | C22: 1 | D22: L01 Специфика дохода | E22: Әлеуметтік салық | F22: 1017528.7 | G22: Социальный налог
B23: 03 | C23: 1 | D23: 01 | E23: Әлеуметтік салық | F23: 1017528.7 | G23: Социальный налог
A24: L01 Категория дохода | B24: 04 | C24: L01 Подкласс дохода | D24: L01 Специфика дохода | E24: Меншiкке салынатын салықтар | F24: 401490.9 | G24: Hалоги на собственность
A25: L01 Категория дохода | B25: L01 Класс дохода | C25: 1 | D25: L01 Специфика дохода | E25: Мүлiкке салынатын салықтар | F25: 271304.7 | G25: Налоги на имущество
B26: 04 | C26: 1 | D26: 01 | E26: Заңды тұлғалардың және жеке кәсіпкерлердің мүлкіне салынатын салық | F26: 264120.41 | G26: Налог на имущество юридических лиц и индивидуальных предпринимателей
D27: 02 | E27: Жеке тұлғалардың мүлкiне салынатын салық | F27: 7184.2978 | G27: Hалог на имущество физических лиц
A28: L01 Категория дохода | B28: L01 Класс дохода | C28: 3 | D28: L01 Специфика дохода | E28: Жер салығы | F28: 5539.9 | G28: Земельный налог
C29: 3 | D29: 02 | E29: Жер салығы | F29: 5539.9 | G29: Земельный налог
A30: L01 Категория дохода | B30: L01 Класс дохода | C30: 4 | D30: L01 Специфика дохода | E30: Көлiк құралдарына салынатын салық | F30: 120556.01 | G30: Налог на транспортные средства
C31: 4 | D31: 01 | E31: Заңды тұлғалардан көлік құралы салығы | F31: 2453.6762 | G31: Hалог на транспортные средства с юридических лиц
D32: 02 | E32: Жеке тұлғалардан көлік құралы салығы | F32: 118102.33 | G32: Hалог на транспортные средства с физических лиц
A33: L01 Категория дохода | B33: L01 Класс дохода | C33: 5 | D33: L01 Специфика дохода | E33: Бірыңғай жер салығы | F33: 4090.2885 | G33: Единый земельный налог
C34: 5 | D34: 01 | E34: Бірыңғай жер салығы | F34: 4090.2885 | G34: Единый земельный налог
A35: L01 Категория дохода | B35: 05 | C35: L01 Подкласс дохода | D35: L01 Специфика дохода | E35: Тауарларға, жұмыстарға және көрсетілетін қызметтерге салынатын iшкi салықтар | F35: 5917504.1 | G35: Внутренние налоги на товары, работы и услуги
A36: L01 Категория дохода | B36: L01 Класс дохода | C36: 1 | D36: L01 Специфика дохода | E36: Қосылған құн салығы | F36: 4260775.9 | G36: Налог на добавленную стоимость
B37: 05 | C37: 1 | D37: 01 | E37: Қазақстан Республикасының аумағында өндiрiлген тауарларға, орындалған жұмыстарға және көрсетілген қызметтерге салынатынқосылған құн салығы | F37: 1786668.2 | G37: Hалог на добавленную стоимость на произведенные товары, выполненные работы и оказанные услуги на территории Республики Казахстан
D38: 02 | E38: Ресей Федерациясы және Беларусь Республикасының аумағынан импортталатын тауарларға салынатын қосылған құн салығынан басқа, Қазақстан Республикасының аумағына импортталатын тауарларға салынатын қосылған құн салығы | F38: 1348167.8 | G38: Hалог на добавленную стоимость на товары, импортируемые на территорию Республики Казахстан, кроме налога на добавленнуюстоимость на товары, импортируемые с территории Российской Федерации и Республики Беларусь
D39: 04 | E39: Резидент емес үшін қосылған құн салығы | F39: 163919.09 | G39: Налог на добавленную стоимость за нерезидента
D40: 14 | E40: Салық төлеушінің бұрын бюджеттен қайтарылған және салықтықтексеру жүргізу барысында қайтарылуы расталмаған қосылған құн салығының асып кеткен сомасын аударуы (қайтаруы), өсімпұл сомасын аударуы | F40: 3198.4934 | G40: Перечисление (возврат) налогоплательщиком суммы превышения налога на добавленную стоимость, ранее возвращенной из бюджета и не подтвержденной к возврату при проведении налоговой проверки, перечисление суммы пени
D41: 15 | E41: Еуразиялық экономикалық одаққа мүше мемлекеттер аумағынан импортталған тауарларға қосылған құн салығы | F41: 907293.16 | G41: Налог на добавленную стоимость на товары, импортированные стерритории государств-членов Евразийского экономического союза
D42: 16 | E42: Тауарлармен электрондық сауданы жүзеге асыру, жеке тұлғаларға электрондық нысанда қызметтер көрсету кезінде шетелдік компаниялардан түсетін қосылған құн салығы | F42: 51529.155 | G42: Налог на добавленную стоимость с иностранных интернет компаний при осуществлении электронной торговли товарами, оказании услуг в электронной форме физическим лицам
A43: L01 Категория дохода | B43: L01 Класс дохода | C43: 2 | D43: L01 Специфика дохода | E43: Акциздер | F43: 664004.81 | G43: Акцизы
C44: 2 | D44: 74 | E44: Қазақстан Республикасының аумағында өндірілген спирттiң және (немесе) шарап материалының, алкоголь өнімдерінің барлық түрлерi | F44: 94798.758 | G44: Все виды спирта и (или) виноматериала, алкогольной продукции, произведенных на территории Республики Казахстан
D45: 75 | E45: Қазақстан Республикасының аумағында өндірілген темекі өнімдері, жеңiл автомобильдер (мүгедектігі бар адамдарға арнайы жасалған қолмен басқарылатын немесе қолмен басқаруға бейімделген автомобильдерден басқа) | F45: 173803.7 | G45: Табачные изделия, легковые автомобили (кроме автомобилей с ручным управлением или адаптером ручного управления, специально предназначенных для лиц с инвалидностью), произведенные на территории Республики Казахстан
D46: 76 | E46: Қазақстан Республикасының аумағына Еуразиялық экономикалық одағына мүше мемлекеттердің аумағынан әкелінетін темекі өнімдері | F46: 3562.0895 | G46: Табачные изделия, ввозимые на территорию Республики Казахстан с территории государств-членов Евразийского экономического союза
D47: 77 | E47: Қазақстан Республикасының аумағына Еуразиялық экономикалық одағына мүше мемлекеттердің аумағынан әкелінетін спирттiң және (немесе) шарап материалының, алкоголь өнімдерінің барлық түрлерi | F47: 9438.5854 | G47: Все виды спирта и (или) виноматериала, алкогольной продукции, ввозимых на территорию Республики Казахстан с территории государств-членов Евразийского экономического союза
D48: 78 | E48: Қазақстан Республикасының аумағына Еуразиялық экономикалық одағына мүше мемлекеттердің аумағынан әкелінетін акцизделетін өнімнің өзге түрлері | F48: 298.0785 | G48: Прочие виды подакцизной продукции, ввозимой на территорию Республики Казахстан с территории государств-членов Евразийского экономического союза
D49: 79 | E49: Қазақстан Республикасы аумағына Еуразиялық экономикалық одағына мүше мемлекеттердің аумағынан әкелінетін бензин (авиациялықты қоспағанда) және дизель отыны | F49: 5167.7961 | G49: Бензин (за исключением авиационного) и дизельное топливо, ввозимых на территорию Республики Казахстан с территории государств-членов Евразийского экономического союза
D50: 80 | E50: Еуразиялық экономикалық одағына мүше болып табылмайтын мемлекеттердің аумағынан әкелінетін, Қазақстан Республикасының аумағына импортталатын спирттің және (немесе) шарап материалының, алкоголь өнімдерінің барлық түрлері | F50: 10126.093 | G50: Все виды спирта и (или) виноматериала, алкогольной продукции, импортируемых на территорию Республики Казахстан с территории государств, не являющихся членами Евразийского экономического союза
D51: 81 | E51: Еуразиялық экономикалық одағына мүше болып табылмайтын мемлекеттердің аумағынан әкелінетін, Қазақстан Республикасының аумағына импортталатын темекі өнімдері | F51: 29030.056 | G51: Табачные изделия, импортируемые на территорию Республики Казахстан с территории государств, не являющихся членами Евразийского экономического союза
D52: 82 | E52: Еуразиялық экономикалық одағына мүше болып табылмайтын мемлекеттердің аумағынан әкелінетін, Қазақстан Республикасының аумағына импортталатын акцизделетін өнімдердің өзге түрлері | F52: 3531.9393 | G52: Прочие виды подакцизных продукций, импортируемые на территорию Республики Казахстан с территории государств, не являющихся членами Евразийского экономического союза
D53: 83 | E53: Еуразиялық экономикалық одағына мүше болып табылмайтын мемлекеттер аумағынан әкелінетін, Қазақстан Республикасының аумағына импортталатын бензин (авиациялықты қоспағанда) және дизель отыны | F53: 59.991493 | G53: Бензин (за исключением авиационного) и дизельное топливо, импортируемых на территорию Республики Казахстан с территориигосударств, не являющихся членами Евразийского экономического союза
D54: 84 | E54: Қазақстан Республикасының аумағында өндірілген және асырылған бензин (авиациялық бензинді қоспағанда), дизель отыны, газохол, бензанол, мұнай еріткіш, жеңіл көмірсутектер қоспасы және экологиялық отыны | F54: 334187.71 | G54: Бензин (за исключением авиационного) и дизельное топливо, газохол, бензанол, нефрас, смесь легких углеводородов и экологическое топливо, произведенных и реализованных на территории Республики Казахстан
A55: L01 Категория дохода | B55: L01 Класс дохода | C55: 3 | D55: L01 Специфика дохода | E55: Табиғи және басқа да ресурстарды пайдаланғаны үшiн түсетiн түсiмдер | F55: 912350.38 | G55: Поступления за использование природных и других ресурсов
C56: 3 | D56: 01 | E56: Қалааралық және (немесе) халықаралық телефон байланысын, сондай-ақ ұялы байланысты бергені үшін төлемақы | F56: 9503.5755 | G56: Плата за предоставление междугородной и (или) международнойтелефонной связи, а также сотовой связи
D57: 02 | E57: Мұнай секторы ұйымдарынан түсетін түсімдерді қоспағанда, үстеме пайдаға салынатын салық | F57: 159.77277 | G57: Налог на сверхприбыль, за исключением поступлений от организаций нефтяного сектора
D58: 03 | E58: Жерүсті көздерінің су ресурстарын пайдаланғаны үшін төлемақы | F58: 1470.4718 | G58: Плата за пользование водными ресурсами поверхностных источников
D59: 04 | E59: Орманды пайдаланғаны үшiн төлемақы | F59: 2562.4948 | G59: Плата за лесные пользования
D60: 05 | E60: Мұнай секторы ұйымдарынан түсетін түсімдерді қоспағанда, бонустар | F60: 6496.7205 | G60: Бонусы, за исключением поступлений от организаций нефтяногосектора
D61: 06 | E61: Кең таралған пайдалы қазбаларды, жерасты суларын, емдік балшықтарды және мұнай секторы ұйымдарынан түсетін түсімдерді қоспағанда, пайдалы қазбаларды өндіру салығы | F61: 856343.36 | G61: Налог на добычу полезных ископаемых, за исключением общераспространенных полезных ископаемых, подземных вод, лечебных грязей и поступлений от организаций нефтяного сектора
D62: 07 | E62: Мұнай секторы ұйымдарынан түсетін түсімдерді қоспағанда, экспортқа рента салығы | F62: 736.71994 | G62: Рентный налог на экспорт, за исключением поступлений от организаций нефтяного сектора
D63: 08 | E63: Мұнай секторы ұйымдарынан түсетін түсімдерді қоспағанда, жасалған келісімшарттар бойынша өнімді бөлу жөніндегі Қазақстан Республикасының үлесі | F63: 0.001 | G63: Доля Республики Казахстан по разделу продукции по заключенным контрактам, за исключением поступлений от организаций нефтяного сектора
D64: 09 | E64: Радиожиілік спектрін пайдаланғаны үшін төлем | F64: -6194.0071 | G64: Плата за использование радиочастотного спектра
D65: 10 | E65: Мұнай секторы ұйымдарынан түсетін түсімдерді қоспағанда, кең таралған пайдалы қазбаларға, жерасты суларына және емдік балшықтарға салынатын пайдалы қазбаларды өндіру салығы | F65: 4144.8424 | G65: Налог на добычу полезных ископаемых на общераспространенныеполезные ископаемые, подземные воды и лечебные грязи, за исключением поступлений от организаций нефтяного сектора
D66: 11 | E66: Жануарлар дүниесін пайдаланғаны үшін төлемақы | F66: 1741.3993 | G66: Плата за пользование животным миром
D67: 12 | E67: Мұнай секторы ұйымдарынан түсетін түсімдерді қоспағанда, өнімді бөлу туралы келісімшарт бойынша қызметті жүзеге асыратын жер қойнауын пайдаланушының қосымша төлемі және баламалы салық | F67: -0.051695 | G67: Дополнительный платеж недропользователя, осуществляющего деятельность по контракту о разделе продукции, и альтернативный налог, за исключением поступлений от организаций нефтяногосектора
D68: 15 | E68: Жер учаскелерін пайдаланғаны үшін төлемақы | F68: 20676.372 | G68: Плата за пользование земельными участками
... D71: 19 | E71: Тарихи шығындарды өтеу бойынша төлем | F71: 7905.2012 | G71: Платеж по возмещению исторических затрат
A72: L01 Категория дохода | B72: L01 Класс дохода | C72: 4 | D72: L01 Специфика дохода | E72: Кәсiпкерлiк және кәсiби қызметтi жүргiзгенi үшiн алынатын алымдар | F72: 70796.048 | G72: Сборы за ведение предпринимательской и профессиональной деятельности
C73: 4 | D73: 02 | E73: Жекелеген қызмет түрлерімен айналысу құқығы үшін алым (жекелеген қызмет түрлерімен айналысуға арналған лицензияларды бергені үшін алым) | F73: 3791.5813 | G73: Сбор за право занятия отдельными видами деятельности (сборза выдачу лицензий на занятие отдельными видами деятельности)
D74: 06 | E74: Автокөлік құралдарының Қазақстан Республикасының аумағымен жүріп өткені үшін алым | F74: 11511.231 | G74: Сбор за проезд автотранспортных средств по территории Республики Казахстан
D75: 13 | E75: Телевизия және радио хабарларын тарату ұйымдарына радиожиілік спектрін пайдалануға рұқсат бергені үшін алым | F75: 2.789625 | G75: Сбор за выдачу разрешения на использование радиочастотного спектра телевизионным и радиовещательным организациям
D76: 24 | E76: Сыртқы (көрнекі) жарнаманы республикалық маңызы бар қаладағы, астанадағы үй-жайлардың шегінен тыс ашық кеңістікте, республикалық маңызы бар қала, астана аумағы арқылы өтетін жалпыға ортақ пайдаланылатын автомобиль жолдарының бөлінген белдеуінде орналастырғаны үшін төлемақы | F76: 8934.9273 | G76: Плата за размещение наружной (визуальной) рекламы на открытом пространстве за пределами помещений в городе республиканского значения, столице, в полосе отвода автомобильных дорог общего пользования, проходящих через территории города республиканского значения, столицы
D77: 25 | E77: Облыстық маңызы бар қаладағы үй-жайлардан тыс ашық кеңістікте, облыстық маңызы бар қаланың аумағы арқылы өтетін жалпығаортақ пайдаланылатын автомобиль жолдарының бөлінген белдеуінде сыртқы (көрнекі) жарнаманы орналастырғаны үшін төлемақы | F77: 1330.9669 | G77: Плата за размещение наружной (визуальной) рекламы на открытом пространстве за пределами помещений в городе областного значения, в полосе отвода автомобильных дорог общего пользования, проходящих через территорию города областного значения
D78: 28 | E78: Республикалық бюджетке төленетін тіркелгені үшін алым | F78: 57.816014 | G78: Регистрационный сбор, зачисляемый в республиканский бюджет
D79: 29 | E79: Жергілікті бюджетке төленетін тіркелгені үшін алым | F79: 37854.532 | G79: Регистрационный сбор, зачисляемый в местный бюджет
D80: 30 | E80: Аудандық маңызы бар қаладағы, ауылдағы, кенттегі үй- үй-жайлардың шегінен тыс ашық кеңістікте және аудандық маңызы бар қаланың, ауылдың, кенттің, ауылдық округтің аумақтары арқылыөтетін жалпыға ортақ пайдаланылатын автомобиль жолдарының бөлiнген белдеуiнде, сондай-ақ елді мекендерден тыс жердегі үй-жайлардың шегінен тыс ашық кеңістікте және жалпыға ортақ пайдаланылатын автомобиль жолдарының бөлінген белдеуінен тыс ж | F80: 270.18823 | G80: Плата за размещение наружной (визуальной) рекламы на открытом пространстве за пределами помещений в городе районного значения, селе, поселке и в полосе отвода автомобильных дорог общего пользования, проходящих через территории города районного значения, села, поселка, сельского округа, а также на открытом пространстве за пределами помещений вне населенных пунктов и вне полосы отвода автомобильных дорог общего пользов
D81: 31 | E81: Микроқаржы ұйымдарын есептік тіркеуден өткізгені және оларды микроқаржы ұйымдарының тізіліміне енгізгені үшін алым | F81: 0.01966 | G81: Сбор за прохождение учетной регистрации микрофинансовых организаций и включение их в реестр микрофинансовых организаций
D82: 32 | E82: Банк және сақтандыру нарықтарына қатысушылар үшін рұқсат беру құжаттарын, келісім бергені үшін алым | F82: 13.89475 | G82: Сбор за выдачу разрешительных документов, согласия для участников банковского и страхового рынков
D83: 33 | E83: Қазақстан Республикасына шетелдік жұмыс күшін тартуға рұқсатты бергені немесе ұзартқаны үшін алым | F83: 6083.7652 | G83: Сбор за выдачу или продление разрешения на привлечение иностранной рабочей силы в Республику Казахстан
D84: 34 | E84: Жекелеген қызмет түрлерімен айналысуға арналған лицензияларды пайдаланғаны үшін төлемақы | F84: 944.33699 | G84: Плата за пользование лицензиями на занятие отдельными видами деятельности
D85: 36 | E85: "Астана" халықаралық қаржы орталығының инвестициялық резиденті болып табылатын шетелдіктің немесе азаматтығы жоқ адамның резиденттігін растайтын құжатты бергені үшін алы | F85: 0 | G85: Сбор за выдачу документа, подтверждающего резидентство иностранца или лица без гражданства, являющегося инвестиционным резидентом Международного финансового центра "Астана"
A86: L01 Категория дохода | B86: L01 Класс дохода | C86: 5 | D86: L01 Специфика дохода | E86: Ойын бизнесіне салық | F86: 9576.9668 | G86: Налог на игорный бизнес
C87: 5 | D87: 01 | E87: Ойын бизнесі салығы | F87: 9576.9668 | G87: Налог на игорный бизнес
A88: L01 Категория дохода | B88: 06 | C88: L01 Подкласс дохода | D88: L01 Специфика дохода | E88: Халықаралық сауда мен сыртқы операцияларға салынатын салықтар | F88: 1416512.2 | G88: Hалоги на международную торговлю и внешние операции
A89: L01 Категория дохода | B89: L01 Класс дохода | C89: 1 | D89: L01 Специфика дохода | E89: Кедендік төлемдер | F89: 1355256.7 | G89: Таможенные платежи
B90: 06 | C90: 1 | D90: 01 | E90: Еуразиялық экономикалық одақ туралы шартқа сәйкес төленген әкелінетін кедендік баждары (баламалы қолданылатын өзге де баждар, салықтар мен алымдар) | F90: 26472.825 | G90: Ввозные таможенные пошлины (иные пошлины, налоги и сборы, имеющие эквивалентное действие), уплаченные в соответствии с Договором о Евразийском экономическом союзе
D91: 02 | E91: Әкетілетін тауарларға салынатын кедендік баждар | F91: 6196.7829 | G91: Таможенные пошлины на вывозимые товары
D92: 04 | E92: Кеден бажының бірыңғай ставкасын қолданумен жеке тұлғалардан өндіріп алынатын жеке пайдалануына әкелінетін тауарларға салынатын кеден баждары, салықтары | F92: 3440.2367 | G92: Таможенные пошлины, налоги на ввозимые физическими лицами товары для личного пользования с применением единых ставок таможенных пошлин, налогов
D93: 05 | E93: Әкелінетін тауарларға жиынтық кедендік төлем | F93: 945.97574 | G93: Совокупный таможенный платеж на ввозимые товары
D94: 06 | E94: Ресей Федерациясымен бөлінген кедендік баж | F94: 236559.52 | G94: Таможенные пошлины, распределенные Российской Федерацией
D95: 07 | E95: Беларусь Республикасымен бөлінген кедендік баж | F95: 14905.707 | G95: Таможенные пошлины, распределенные Республикой Беларусь
D96: 10 | E96: Мұнайға салынатын кедендік әкету бажы | F96: 1042295.8 | G96: Вывозные таможенные пошлины на сырую нефть
D97: 11 | E97: Мұнайдан өндірілген тауарларға салынатын кедендік әкету бажы | F97: 10515.412 | G97: Вывозные таможенные пошлины на товары, выработанные из нефти
D98: 12 | E98: Кеден одағында кедендік әкелу баждарын (баламалы қолданысы бар өзге де баждарды, салықтар мен алымдарды) есепке жатқызужәне бөлу тәртібін белгілеу және қолдану туралы келісім күшіне енгенге дейін төлеу жөніндегі міндеті туындаған әкелінетін тауарларға және (немесе) әкелінетін кедендік баждарға арналған кедендік баждар, сондай-ақ жер қойнауын пайдалану саласындағы келісімшарттар шеңберінде, оның ішінде Қазақстан Респ | F98: 1128.9769 | G98: Таможенные пошлины на ввозимые товары и (или) ввозные таможенные пошлины, обязанность по уплате которых возникла до вступления в силу Соглашения об установлении и применении в таможенном союзе порядка зачисления и распределения ввозных таможенных пошлин (иных пошлин, налогов и сборов, имеющих эквивалентное действие), а также таможенные пошлины на товары ввозимые в рамках контрактов в сфере недропользования, в том чис
D99: 13 | E99: Армения Республикасымен бөлінген кедендік баждар | F99: 5852.3225 | G99: Таможенные пошлины, распределенные Республикой Армения
D100: 14 | E100: Ресей Федерацисынан түскен кедендік баждарды, салықтарды төлеуді қамтамасыз етудің өндіріп алынған сомалары | F100: 0.0173375 | G100: Взысканные суммы обеспечения уплаты таможенных пошлин, налогов, поступающие из Российской Федерации
D101: 15 | E101: Беларусь Республикасынан түскен кедендік баждарды, салықтарды төлеуді қамтамасыз етудің өндіріп алынған сомалары | F101: -6 | G101: Взысканные суммы обеспечения уплаты таможенных пошлин, налогов, поступающие из Республики Беларусь
D102: 17 | E102: Қырғыз Республикасы бөлген кедендік баждар | F102: 9161.4543 | G102: Таможенные пошлины, распределенные Кыргызской Республикой
D103: 19 | E103: Алдағы кедендік баждарды, кедендік алымдарды, салықтарды, арнайы, демпингке қарсы, өтемақы баждарын төлеу есебіне, сондай-ақ кедендік баждарды, салықтарды арнайы, демпингке қарсы,өтемақы баждарын төлеу жөніндегі міндеттің орындалуын қамтамасыз ету ретінде Еуразиялық экономикалық одақтың және Қазақстан Республикасының кеден заңнамасына сәйкес енгізілетін аванстық төлемдер | F103: -2212.3361 | G103: Авансовые платежи, вносимые в соответствии с таможенным законодательством Евразийского экономического союза и Республики Казахстан, в счет уплаты предстоящих таможенных платежей, налогов, специальных, антидемпинговых, компенсационных пошлин, а также в качестве обеспечения исполнения обязанности по уплате таможенных пошлин, налогов, специальных, антидемпинговых, компенсационных пошлин
A104: L01 Категория дохода | B104: L01 Класс дохода | C104: 2 | D104: L01 Специфика дохода | E104: Халықаралық сауда мен операцияларға салынатын басқа да салықтар | F104: 61255.536 | G104: Прочие налоги на международную торговлю и операции
C105: 2 | D105: 01 | E105: Қазақстан Республикасының кеден заңнамасына сәйкес төленетін кедендік алымдар | F105: 53110.436 | G105: Таможенные сборы, уплачиваемые в соответствии с таможенным законодательством Республики Казахстан
...

Sheet табл 5
B2: Кесте 5 | D2: Таблица 5
B3: ШЫҒЫСТАРДЫҢ ВЕДОМСТВОЛЫҚ | D3: ИСПОЛНЕНИЕ ГОСУДАРСТВЕННОГО БЮДЖЕТА
B4: СЫНЫПТАМАСЫ БОЙЫНША | D4: ПО ВЕДОМСТВЕННОЙ
B5: МЕМЛЕКЕТТІК БЮДЖЕТТІҢ АТҚАРАЛУЫ | D5: КЛАССИФИКАЦИИ РАСХОДОВ
B6: (млн. теңге) | D6: (млн. тенге)
B8: Бағдарламалард_x000D_ ың_x000D_ əкімшісі/_x000D_ Администратор_x000D_ программ | C8: Атауы | D8: 2026 ж. қаңтар-шілде есеп/_x000D_ январь-июль 2026 г. | E8: Наименование
B9: 1 | C9: 2 | D9: 3 | E9: 4
C10: БАРЛЫҒЫ | D10: 20425795 | E10: ВСЕГО
B11: 101 | C11: Қазақстан Республикасы Президентінің Әкімшілігі | D11: 11858.241 | E11: Администрация Президента Республики Казахстан
B12: 106 | C12: Адам құқықтары жөніндегі ұлттық орталық | D12: 806.50148 | E12: Национальный центр по правам человека
B13: 107 | C13: Қазақстан Республикасы Жоғары Сот Кеңесінің Аппараты | D13: 1135.8115 | E13: Аппарат Высшего Судебного Совета Республики Казахстан
B14: 109 | C14: Қазақстан Республикасы Үкіметінің Аппараты | D14: 4517.5934 | E14: Аппарат Правительства Республики Казахстан
B15: 110 | C15: Облыс мәслихатының аппараты | D15: 1981.9644 | E15: Аппарат маслихата области
B16: 111 | C16: Республикалық маңызы бар қала, астана мәслихатының аппараты | D16: 492.91244 | E16: Аппарат маслихата города республиканского значения, столицы
B17: 112 | C17: Аудан (облыстық маңызы бар қала) мәслихатының аппараты | D17: 8351.5769 | E17: Аппарат маслихата района (города областного значения)
B18: 120 | C18: Облыс әкімінің аппараты | D18: 33335.266 | E18: Аппарат акима области
B19: 121 | C19: Республикалық маңызы бар қала, астана әкімінің аппараты | D19: 7241.6437 | E19: Аппарат акима города республиканского значения, столицы
B20: 122 | C20: Аудан (облыстық маңызы бар қала) әкімінің аппараты | D20: 61199.139 | E20: Аппарат акима района (города областного значения)
B21: 123 | C21: Қаладағы аудан әкімінің аппараты | D21: 223653.76 | E21: Аппарат акима района в городе
B22: 124 | C22: Аудандық маңызы бар қала, ауыл, кент, ауылдық округ әкімінің аппараты | D22: 191068.61 | E22: Аппарат акима города районного значения, села, поселка, сельского округа
... B220: 821 | C220: Ауданның (облыстық маңызы бар қаланың) қоғамдық даму бөлімі | D220: 943.72573 | E220: Отдел общественного развития района (города областного значения)

Sheet табл 6
A1: 6-кесте | D1: Таблица 6
A2: ШЫҒЫНДАРДЫҢ ЭКОНОМИКАЛЫҚ ЖІКТЕМЕСІ | D2: ИСПОЛНЕНИЕ ГОСУДАРСТВЕННОГО БЮДЖЕТА ПО
A3: БОЙЫНША МЕМЛЕКЕТТІК БЮДЖЕТТІК ОРЫНДАЛУЫ | D3: ЭКОНОМИЧЕСКОЙ КЛАССИФИКАЦИИ РАСХОДОВ
A4: (млн.теңге) | D4: (млн.тенге)
A5: Cанаты/_x000D_ Категория | B5: Iшкi сыныбы/_x000D_ Подкласс | C5: Атауы | D5: 2026 ж. қаңтар-шілде/январь-июль отчет 2026 г. | E5: Наименование
A7: 1 | B7: 2 | C7: 3 | D7: 4 | E7: 5
C8: БАРЛЫҒЫ | D8: 20425795 | E8: ВСЕГО
A9: 1 | C9: Ағымдағы шығындар | D9: 17535624 | E9: Текущие затраты
A10: 1 | B10: 110 | C10: Жалақы | D10: 2792244 | E10: Заработная плата
B11: 120 | C11: Жұмыс берушілердің жарналары | D11: 269465.4 | E11: Взносы работодателей
B12: 130 | C12: Қазақстан Республикасының заңнамалық актілеріне сәйкес азаматтардың жекелеген санаттарына жалақы төлеу және жарналар аудару | D12: 98720.946 | E12: Выплата заработной платы отдельным категориям граждан и отчисления взносов в соответствии с законодательными актами Республики Казахстан
B13: 140 | C13: Қорлар сатып алу | D13: 223681.55 | E13: Приобретение запасов
B14: 150 | C14: Қызметтер мен жұмыстарды сатып алу | D14: 2905481.5 | E14: Приобретение услуг и работ
B15: 160 | C15: Басқа да ағымдағы шығындар | D15: 2227207.2 | E15: Другие текущие затраты
B16: 210 | C16: Ішкі қарыздар бойынша сыйақы төлемдері | D16: 2267495.4 | E16: Выплаты вознаграждений по внутренним займам
B17: 220 | C17: Сыртқы заемдар бойынша сыйақылар төлеу | D17: 194308.03 | E17: Выплаты вознаграждений по внешним займам
B18: 310 | C18: Бюджеттік субсидиялар | D18: 1263895.5 | E18: Бюджетные субсидии
B19: 320 | C19: Жеке тұлғаларға берілетін трансферттер | D19: 4426864.7 | E19: Трансферты физическим лицам
B20: 340 | C20: Шетелге берiлетiн ағымдағы трансферттер | D20: 24420.973 | E20: Текущие трансферты за границу
B21: 360 | C21: Нысаналы жарна | D21: 806242.78 | E21: Целевой взнос
B22: 370 | C22: Гранттар | D22: 35595.559 | E22: Гранты
A23: 2 | C23: Күрделі шығындар | D23: 1856385.6 | E23: Капитальные затраты
A24: 2 | B24: 410 | C24: Негiзгi құралдарды, материалдық емес және биологиялық активтерді сатып алу | D24: 450300.16 | E24: Приобретение основных средств, нематериальных и биологических активов
B25: 420 | C25: Негізгі қаражатты күрделі жөндеу | D25: 141523.86 | E25: Капитальный ремонт основных средств
B26: 430 | C26: Дамуға бағытталған күрделі шығындар | D26: 1264561.6 | E26: Капитальные затраты, направленные на развитие
A27: 3 | C27: Бюджеттік кредиттер | D27: 446617.4 | E27: Бюджетные кредиты
A28: 3 | B28: 510 | C28: Ішкі бюджеттік кредиттер | D28: 446617.4 | E28: Внутренние бюджетные кредиты
A29: 4 | C29: Қаржы активтерін сатып алу | D29: 480563.39 | E29: Приобретение финансовых активов
A30: 4 | B30: 610 | C30: Қаржы активтерін сатып алу | D30: 480399.26 | E30: Приобретение финансовых активов
B31: 620 | C31: Елден тысқары жерлерден қаржы активтерін сатып алу | D31: 164.13789 | E31: Приобретение финансовых активов за пределами страны
A32: 6 | C32: Мемлекеттік-жекешелік әріптестік жобалар бойынша мемлекеттік міндеттемелерді орындау | D32: 106605.06 | E32: Выполнение государственных обязательств по проектам государственно-частного партнерства
A33: 6 | B33: 810 | C33: Мемлекеттік-жекешелік әріптестік жобалар және "Толық бітіріп берілетін" құрылыс жобалары (EPC-F) бойынша мемлекеттік міндет | D33: 106605.06 | E33: Выполнение государственных обязательств по проектам государственно-частного партнерства и проектам строительства "под ключ" (EPC-F)

Sheet табл 7
A1: 7-кесте | E1: Таблица 7
A2: РЕСПУБЛИКАЛЫҚ БЮДЖЕТТІҢ АТҚАРЫЛУЫ | E2: ИСПОЛНЕНИЕ РЕСПУБЛИКАНСКОГО БЮДЖЕТА
A3: (млн.теңге) | E3: (млн. тенге)
A5: Атауы | B5: 2023 ж. есеп/ 2023 г. отчет | C5: 2024 ж. есеп/ 2024 г. отчет | D5: 2025 ж. есеп/ 2025 г. отчет | F5: 2026 ж. қантар-шілде есеп/январь-июль отчет 2026 г. | G5: Наименование
D6: жылдық/ годовой | E6: қантар-шілде/январь-июль
A7: 1 | B7: 2 | C7: 3 | D7: 4 | E7: 5 | F7: 6 | G7: 7
A8: I. КІРІСТЕР | B8: 19037979 | C8: 19624012 | D8: 21090148 | E8: 11543427 | F8: 12364603 | G8: I. ДОХОДЫ
A9: Салықтық түсімдер_x000D_ оның iшiнде: | B9: 12912428 | C9: 12307810 | D9: 14463081 | E9: 7239542.7 | F9: 9348030.6 | G9: Налоговые поступления,_x000D_ в том числе:
A10: корпоративтік табыс салығы | B10: 3889594.5 | C10: 3653190.8 | D10: 4532987.5 | E10: 2237617.7 | F10: 2737168.3 | G10: корпоративный подоходный налог
A11: қосылған құн салығы | B11: 5674110.6 | C11: 5179378.1 | D11: 6111842.3 | E11: 3067591.1 | F11: 4260775.9 | G11: налог на добавленную стоимость
A12: акциздер | B12: 161890.43 | C12: 125189.66 | D12: 117407.4 | E12: 68224.961 | F12: 61214.629 | G12: акцизы
A13: Салықтық емес түсімдер | B13: 1617610.1 | C13: 1201438.2 | D13: 823130.62 | E13: 459781.24 | F13: 210178.71 | G13: Неналоговые поступления
A14: Негізгі капиталды сатудан түсетін түсімдер | B14: 735.69631 | C14: 6170.4309 | D14: 12039.586 | E14: 2062.5326 | F14: 1257.1223 | G14: Поступления от продажи основного капитала
A15: Арнаулы түсімдер | B15: 0 | C15: 0 | D15: 0 | E15: 0 | F15: 3664.9649 | G15: Специальные поступления
A16: Трансферттердің түсімдері | B16: 4507205 | C16: 6108593.6 | D16: 5791896.9 | E16: 3842040.4 | F16: 2801471.3 | G16: Поступления трансфертов
A17: II. ШЫҒЫНДАР | B17: 21547819 | C17: 23106552 | D17: 24958709 | E17: 13382506 | F17: 14755390 | G17: II. ЗАТРАТЫ
A18: 1. Жалпы сипаттағы мемлекеттiк қызметтер | B18: 1137687.2 | C18: 1293447.3 | D18: 1334753.4 | E18: 597063.17 | F18: 826964.05 | G18: 1. Государственные услуги общего характера
A19: 2. Қорғаныс | B19: 1100070.9 | C19: 1038491.2 | D19: 1149535.1 | E19: 484052.08 | F19: 798937.44 | G19: 2. Оборона
... A46: Өтеу | B46: 660721.39 | C46: 1154283.9 | D46: 1708213 | E46: 1527454 | F46: 249067.65 | G46: Погашение

Sheet табл 8 (дох)
B2: 8-кесте | H2: Таблица 8
F3: РЕСПУБЛИКАЛЫҚ БЮДЖЕТТІҢ АТҚАРЫЛУЫ/ ИСПОЛНЕНИЕ РЕСПУБЛИКАНСКОГО БЮДЖЕТА
B4: (млн.теңге) | H4: (млн.тенге)
B5: Санаты/ Категория | C5: Сыныбы/ Класс | D5: Сыныпшасы/ Подкласс | E5: Ерешелігі/ Специфика | F5: Атауы | G5: 2026 ж. қаңтар-шілде есеп/_x000D_ январь-июль отчет 2026 г. | H5: Наименование
B6: 1 | C6: 2 | D6: 3 | E6: 4 | F6: 5 | G6: 6 | H6: 7
F7: ТҮСІМДЕР | G7: 12512814 | H7: ПОСТУПЛЕНИЯ
F8: оның ішінде: | H8: в том числе:
F9: КІРІСТЕР | G9: 12364603 | H9: ДОХОДЫ
B10: 1 | F10: Салықтық түсімдер | G10: 9348030.6 | H10: Налоговые поступления
C11: 01 | F11: Табыс салығы | G11: 2737168.3 | H11: Подоходный налог
D12: 1 | F12: Корпоративтік табыс салығы | G12: 2737168.3 | H12: Корпоративный подоходный налог
B13: 1 | C13: 01 | D13: 1 | E13: 10 | F13: Мұнай секторы ұйымдарынан түсетін түсімдерді қоспағанда, ірі кәсіпкерлік субъектілерінен – заңды тұлғалардан алынатын корпоративтік табыс салығы | G13: 2737168.3 | H13: Корпоративный подоходный налог с юридических лиц – субъектов крупного предпринимательства, за исключением поступлений от организаций нефтяного сектора
C14: 05 | F14: Тауарларға, жұмыстарға және көрсетілетін қызметтерге салынатын iшкi салықтар | G14: 5189108.4 | H14: Внутренние налоги на товары, работы и услуги
D15: 1 | F15: Қосылған құн салығы | G15: 4260775.9 | H15: Налог на добавленную стоимость
C16: 05 | D16: 1 | E16: 01 | F16: Қазақстан Республикасының аумағында өндiрiлген тауарларға, орындалған жұмыстарға және көрсетілген қызметтерге салынатынқосылған құн салығы | G16: 1786668.2 | H16: Hалог на добавленную стоимость на произведенные товары, выполненные работы и оказанные услуги на территории Республики Казахстан
E17: 02 | F17: Ресей Федерациясы және Беларусь Республикасының аумағынан импортталатын тауарларға салынатын қосылған құн салығынан басқа, Қазақстан Республикасының аумағына импортталатын тауарларға салынатын қосылған құн салығы | G17: 1348167.8 | H17: Hалог на добавленную стоимость на товары, импортируемые на территорию Республики Казахстан, кроме налога на добавленнуюстоимость на товары, импортируемые с территории Российской Федерации и Республики Беларусь
E18: 04 | F18: Резидент емес үшін қосылған құн салығы | G18: 163919.09 | H18: Налог на добавленную стоимость за нерезидента
E19: 14 | F19: Салық төлеушінің бұрын бюджеттен қайтарылған және салықтықтексеру жүргізу барысында қайтарылуы расталмаған қосылған құн салығының асып кеткен сомасын аударуы (қайтаруы), өсімпұл сомасын аударуы | G19: 3198.4934 | H19: Перечисление (возврат) налогоплательщиком суммы превышения налога на добавленную стоимость, ранее возвращенной из бюджета и не подтвержденной к возврату при проведении налоговой проверки, перечисление суммы пени
E20: 15 | F20: Еуразиялық экономикалық одаққа мүше мемлекеттер аумағынан импортталған тауарларға қосылған құн салығы | G20: 907293.16 | H20: Налог на добавленную стоимость на товары, импортированные стерритории государств-членов Евразийского экономического союза
E21: 16 | F21: Тауарлармен электрондық сауданы жүзеге асыру, жеке тұлғаларға электрондық нысанда қызметтер көрсету кезінде шетелдік компаниялардан түсетін қосылған құн салығы | G21: 51529.155 | H21: Налог на добавленную стоимость с иностранных интернет компаний при осуществлении электронной торговли товарами, оказании услуг в электронной форме физическим лицам
D22: 2 | F22: Акциздер | G22: 61214.629 | H22: Акцизы
D23: 2 | E23: 76 | F23: Қазақстан Республикасының аумағына Еуразиялық экономикалық одағына мүше мемлекеттердің аумағынан әкелінетін темекі өнімдері | G23: 3562.0895 | H23: Табачные изделия, ввозимые на территорию Республики Казахстан с территории государств-членов Евразийского экономического союза
E24: 77 | F24: Қазақстан Республикасының аумағына Еуразиялық экономикалық одағына мүше мемлекеттердің аумағынан әкелінетін спирттiң және (немесе) шарап материалының, алкоголь өнімдерінің барлық түрлерi | G24: 9438.5854 | H24: Все виды спирта и (или) виноматериала, алкогольной продукции, ввозимых на территорию Республики Казахстан с территории государств-членов Евразийского экономического союза
E25: 78 | F25: Қазақстан Республикасының аумағына Еуразиялық экономикалық одағына мүше мемлекеттердің аумағынан әкелінетін акцизделетін өнімнің өзге түрлері | G25: 298.0785 | H25: Прочие виды подакцизной продукции, ввозимой на территорию Республики Казахстан с территории государств-членов Евразийского экономического союза
E26: 79 | F26: Қазақстан Республикасы аумағына Еуразиялық экономикалық одағына мүше мемлекеттердің аумағынан әкелінетін бензин (авиациялықты қоспағанда) және дизель отыны | G26: 5167.7961 | H26: Бензин (за исключением авиационного) и дизельное топливо, ввозимых на территорию Республики Казахстан с территории государств-членов Евразийского экономического союза
E27: 80 | F27: Еуразиялық экономикалық одағына мүше болып табылмайтын мемлекеттердің аумағынан әкелінетін, Қазақстан Республикасының аумағына импортталатын спирттің және (немесе) шарап материалының, алкоголь өнімдерінің барлық түрлері | G27: 10126.093 | H27: Все виды спирта и (или) виноматериала, алкогольной продукции, импортируемых на территорию Республики Казахстан с территории государств, не являющихся членами Евразийского экономического союза
E28: 81 | F28: Еуразиялық экономикалық одағына мүше болып табылмайтын мемлекеттердің аумағынан әкелінетін, Қазақстан Республикасының аумағына импортталатын темекі өнімдері | G28: 29030.056 | H28: Табачные изделия, импортируемые на территорию Республики Казахстан с территории государств, не являющихся членами Евразийского экономического союза
E29: 82 | F29: Еуразиялық экономикалық одағына мүше болып табылмайтын мемлекеттердің аумағынан әкелінетін, Қазақстан Республикасының аумағына импортталатын акцизделетін өнімдердің өзге түрлері | G29: 3531.9393 | H29: Прочие виды подакцизных продукций, импортируемые на территорию Республики Казахстан с территории государств, не являющихся членами Евразийского экономического союза
E30: 83 | F30: Еуразиялық экономикалық одағына мүше болып табылмайтын мемлекеттер аумағынан әкелінетін, Қазақстан Республикасының аумағына импортталатын бензин (авиациялықты қоспағанда) және дизель отыны | G30: 59.991493 | H30: Бензин (за исключением авиационного) и дизельное топливо, импортируемых на территорию Республики Казахстан с территориигосударств, не являющихся членами Евразийского экономического союза
D31: 3 | F31: Табиғи және басқа да ресурстарды пайдаланғаны үшiн түсетiн түсiмдер | G31: 867046.09 | H31: Поступления за использование природных и других ресурсов
D32: 3 | E32: 01 | F32: Қалааралық және (немесе) халықаралық телефон байланысын, сондай-ақ ұялы байланысты бергені үшін төлемақы | G32: 9503.5755 | H32: Плата за предоставление междугородной и (или) международнойтелефонной связи, а также сотовой связи
E33: 02 | F33: Мұнай секторы ұйымдарынан түсетін түсімдерді қоспағанда, үстеме пайдаға салынатын салық | G33: 159.77277 | H33: Налог на сверхприбыль, за исключением поступлений от организаций нефтяного сектора
E34: 05 | F34: Мұнай секторы ұйымдарынан түсетін түсімдерді қоспағанда, бонустар | G34: 6496.7205 | H34: Бонусы, за исключением поступлений от организаций нефтяногосектора
E35: 06 | F35: Кең таралған пайдалы қазбаларды, жерасты суларын, емдік балшықтарды және мұнай секторы ұйымдарынан түсетін түсімдерді қоспағанда, пайдалы қазбаларды өндіру салығы | G35: 856343.36 | H35: Налог на добычу полезных ископаемых, за исключением общераспространенных полезных ископаемых, подземных вод, лечебных грязей и поступлений от организаций нефтяного сектора
E36: 07 | F36: Мұнай секторы ұйымдарынан түсетін түсімдерді қоспағанда, экспортқа рента салығы | G36: 736.71994 | H36: Рентный налог на экспорт, за исключением поступлений от организаций нефтяного сектора
E37: 08 | F37: Мұнай секторы ұйымдарынан түсетін түсімдерді қоспағанда, жасалған келісімшарттар бойынша өнімді бөлу жөніндегі Қазақстан Республикасының үлесі | G37: 0.001 | H37: Доля Республики Казахстан по разделу продукции по заключенным контрактам, за исключением поступлений от организаций нефтяного сектора
E38: 09 | F38: Радиожиілік спектрін пайдаланғаны үшін төлем | G38: -6194.0071 | H38: Плата за использование радиочастотного спектра
E39: 12 | F39: Мұнай секторы ұйымдарынан түсетін түсімдерді қоспағанда, өнімді бөлу туралы келісімшарт бойынша қызметті жүзеге асыратын жер қойнауын пайдаланушының қосымша төлемі және баламалы салық | G39: -0.051695 | H39: Дополнительный платеж недропользователя, осуществляющего деятельность по контракту о разделе продукции, и альтернативный налог, за исключением поступлений от организаций нефтяногосектора
D40: 4 | F40: Кәсiпкерлiк және кәсiби қызметтi жүргiзгенi үшiн алынатын алымдар | G40: 71.730424 | H40: Сборы за ведение предпринимательской и профессиональной деятельности
D41: 4 | E41: 28 | F41: Республикалық бюджетке төленетін тіркелгені үшін алым | G41: 57.816014 | H41: Регистрационный сбор, зачисляемый в республиканский бюджет
E42: 31 | F42: Микроқаржы ұйымдарын есептік тіркеуден өткізгені және оларды микроқаржы ұйымдарының тізіліміне енгізгені үшін алым | G42: 0.01966 | H42: Сбор за прохождение учетной регистрации микрофинансовых организаций и включение их в реестр микрофинансовых организаций
E43: 32 | F43: Банк және сақтандыру нарықтарына қатысушылар үшін рұқсат беру құжаттарын, келісім бергені үшін алым | G43: 13.89475 | H43: Сбор за выдачу разрешительных документов, согласия для участников банковского и страхового рынков
E44: 36 | F44: "Астана" халықаралық қаржы орталығының инвестициялық резиденті болып табылатын шетелдіктің немесе азаматтығы жоқ адамның резиденттігін растайтын құжатты бергені үшін алы | G44: 0 | H44: Сбор за выдачу документа, подтверждающего резидентство иностранца или лица без гражданства, являющегося инвестиционным резидентом Международного финансового центра "Астана"
C45: 06 | F45: Халықаралық сауда мен сыртқы операцияларға салынатын салықтар | G45: 1416512.2 | H45: Hалоги на международную торговлю и внешние операции
D46: 1 | F46: Кедендік төлемдер | G46: 1355256.7 | H46: Таможенные платежи
C47: 06 | D47: 1 | E47: 01 | F47: Еуразиялық экономикалық одақ туралы шартқа сәйкес төленген әкелінетін кедендік баждары (баламалы қолданылатын өзге де баждар, салықтар мен алымдар) | G47: 26472.825 | H47: Ввозные таможенные пошлины (иные пошлины, налоги и сборы, имеющие эквивалентное действие), уплаченные в соответствии с Договором о Евразийском экономическом союзе
E48: 02 | F48: Әкетілетін тауарларға салынатын кедендік баждар | G48: 6196.7829 | H48: Таможенные пошлины на вывозимые товары
E49: 04 | F49: Кеден бажының бірыңғай ставкасын қолданумен жеке тұлғалардан өндіріп алынатын жеке пайдалануына әкелінетін тауарларға салынатын кеден баждары, салықтары | G49: 3440.2367 | H49: Таможенные пошлины, налоги на ввозимые физическими лицами товары для личного пользования с применением единых ставок таможенных пошлин, налогов
E50: 05 | F50: Әкелінетін тауарларға жиынтық кедендік төлем | G50: 945.97574 | H50: Совокупный таможенный платеж на ввозимые товары
E51: 06 | F51: Ресей Федерациясымен бөлінген кедендік баж | G51: 236559.52 | H51: Таможенные пошлины, распределенные Российской Федерацией
E52: 07 | F52: Беларусь Республикасымен бөлінген кедендік баж | G52: 14905.707 | H52: Таможенные пошлины, распределенные Республикой Беларусь
E53: 10 | F53: Мұнайға салынатын кедендік әкету бажы | G53: 1042295.8 | H53: Вывозные таможенные пошлины на сырую нефть
E54: 11 | F54: Мұнайдан өндірілген тауарларға салынатын кедендік әкету бажы | G54: 10515.412 | H54: Вывозные таможенные пошлины на товары, выработанные из нефти
E55: 12 | F55: Кеден одағында кедендік әкелу баждарын (баламалы қолданысы бар өзге де баждарды, салықтар мен алымдарды) есепке жатқызужәне бөлу тәртібін белгілеу және қолдану туралы келісім күшіне енгенге дейін төлеу жөніндегі міндеті туындаған әкелінеті | G55: 1128.9769 | H55: Таможенные пошлины на ввозимые товары и (или) ввозные таможенные пошлины, обязанность по уплате которых возникла до вступления в силу Соглашения об установлении и применении в таможенном союзе порядка зачисления и распределения ввозных тамо
E56: 13 | F56: Армения Республикасымен бөлінген кедендік баждар | G56: 5852.3225 | H56: Таможенные пошлины, распределенные Республикой Армения
E57: 14 | F57: Ресей Федерацисынан түскен кедендік баждарды, салықтарды төлеуді қамтамасыз етудің өндіріп алынған сомалары | G57: 0.0173375 | H57: Взысканные суммы обеспечения уплаты таможенных пошлин, налогов, поступающие из Российской Федерации
E58: 15 | F58: Беларусь Республикасынан түскен кедендік баждарды, салықтарды төлеуді қамтамасыз етудің өндіріп алынған сомалары | G58: -6 | H58: Взысканные суммы обеспечения уплаты таможенных пошлин, налогов, поступающие из Республики Беларусь
E59: 17 | F59: Қырғыз Республикасы бөлген кедендік баждар | G59: 9161.4543 | H59: Таможенные пошлины, распределенные Кыргызской Республикой
E60: 19 | F60: Алдағы кедендік баждарды, кедендік алымдарды, салықтарды, арнайы, демпингке қарсы, өтемақы баждарын төлеу есебіне, сондай-ақ кедендік баждарды, салықтарды арнайы, демпингке қарсы,өтемақы баждарын төлеу жөніндегі міндеттің орындалуын қамтам | G60: -2212.3361 | H60: Авансовые платежи, вносимые в соответствии с таможенным законодательством Евразийского экономического союза и Республики Казахстан, в счет уплаты предстоящих таможенных платежей, налогов, специальных, антидемпинговых, компенсационных пошлин
D61: 2 | F61: Халықаралық сауда мен операцияларға салынатын басқа да салықтар | G61: 61255.536 | H61: Прочие налоги на международную торговлю и операции
D62: 2 | E62: 01 | F62: Қазақстан Республикасының кеден заңнамасына сәйкес төленетін кедендік алымдар | G62: 53110.436 | H62: Таможенные сборы, уплачиваемые в соответствии с таможенным законодательством Республики Казахстан
E63: 02 | F63: Еуразиялық экономикалық одақ туралы шартқа сәйкес төленген арнайы, демпингке қарсы, өтемақы баждары | G63: 981.30884 | H63: Специальные, антидемпинговые, компенсационные пошлины, уплаченные в соответствии с Договором о Евразийском экономическом союзе
E64: 05 | F64: Беларусь Республикасынан түсетін арнайы, демпингке қарсы, өтемақы баждары | G64: 312.63695 | H64: Специальные, антидемпинговые, компенсационные пошлины, поступившие от Республики Беларусь
E65: 06 | F65: Ресей Федерациясынан түсетін арнайы, демпингке қарсы, өтемақы баждары | G65: 6616.1693 | H65: Специальные, антидемпинговые, компенсационные пошлины, поступившие от Российской Федерации
E66: 08 | F66: Бөлуге жатпайтын арнайы, демпингке қарсы, өтемақы баждары | G66: 0.1495219 | H66: Специальные, антидемпинговые, компенсационные пошлины, не подлежащие распределению
E67: 09 | F67: Армения Республикасынан түсетін арнайы, демпингке қарсы, өтемақы баждары | G67: 73.137653 | H67: Специальные, антидемпинговые, компенсационные пошлины, поступившие от Республики Армения
E68: 11 | F68: Қырғыз Республикасынан түскен арнайы, демпингке қарсы, өтемақы баждары | G68: 161.69731 | H68: Специальные, антидемпинговые, компенсационные пошлины, поступившие от Кыргызской Республики
C69: 07 | F69: Басқа да салықтар | G69: 2563.4451 | H69: Прочие налоги
D70: 1 | F70: Басқа да салықтар | G70: 2563.4451 | H70: Прочие налоги
C71: 07 | D71: 1 | E71: 09 | F71: Республикалық бюджетке түсетін өзге де салық түсiмдері | G71: 2563.4451 | H71: Прочие налоговые поступления в республиканский бюджет
C72: 08 | F72: Заңдық маңызы бар әрекеттерді жасағаны және (немесе) оған уәкілеттігі бар мемлекеттік органдар немесе лауазымды адамдар құжаттар бергені үшін алынатын міндетті төлемдер | G72: 2678.2675 | H72: Обязательные платежи, взимаемые за совершение юридически значимых действий и (или) выдачу документов уполномоченными нато государственными органами или должностными лицами
D73: 1 | F73: Мемлекеттік баж | G73: 2678.2675 | H73: Государственная пошлина
C74: 08 | D74: 1 | E74: 01 | F74: Консулдық алым | G74: 2678.2675 | H74: Консульский сбор
B75: 2 | F75: Салықтық емес түсiмдер | G75: 210178.71 | H75: Неналоговые поступления
C76: 01 | F76: Мемлекеттік меншіктен түсетін кірістер | G76: 166989.23 | H76: Доходы от государственной собственности
D77: 1 | F77: Мемлекеттік кәсіпорындардың таза кірісі бөлігінің түсімдері | G77: 4433.5692 | H77: Поступления части чистого дохода государственных предприятий
B78: 2 | C78: 01 | D78: 1 | E78: 01 | F78: Республикалық мемлекеттік кәсіпорындардың таза кірісі бөлігінің түсімдері | G78: 4433.5692 | H78: Поступления части чистого дохода республиканских государственных предприятий
D79: 3 | F79: Мемлекет меншігіндегі акциялардың мемлекеттік пакеттеріне дивидендтер | G79: 76244.685 | H79: Дивиденды на государственные пакеты акций, находящиеся в государственной собственности
D80: 3 | E80: 01 | F80: Республикалық меншігіндегі акциялардың мемлекеттік пакеттеріне дивидендтер | G80: 76244.685 | H80: Дивиденды на государственные пакеты акций, находящиеся в республиканской собственности
D81: 4 | F81: Мемлекет меншігіндегі заңды тұлғалардағы қатысу үлесіне кірістер | G81: 929.96774 | H81: Доходы на доли участия в юридических лицах, находящиеся в государственной собственности
D82: 4 | E82: 01 | F82: Республикалық меншігіндегі заңды тулғаларға қатысу үлесіне кірістер | G82: 929.96774 | H82: Доходы на доли участия в юридических лицах, находящиеся в республиканской собственности
D83: 5 | F83: Мемлекет меншігіндегі мүлікті жалға беруден түсетін кірістер | G83: 49201.762 | H83: Доходы от аренды имущества, находящегося в государственнойсобственности
D84: 5 | E84: 01 | F84: Республикалық меншіктегі мүлікті жалға беруден түсетін кірістер | G84: 3560.429 | H84: Доходы от аренды имущества, находящегося в республиканской собственности
E85: 02 | F85: Әскери полигондарды пайдаланғаны үшін жалгерлік төлемнен түсетін түсімдер | G85: 4643.1365 | H85: Поступления арендной платы за пользование военными полигонами
E86: 03 | F86: «Байқоныр» кешенін пайдаланғаны үшін жалгерлік төлемнен түсетін түсімдер | G86: 40998.197 | H86: Поступления арендной платы за пользование комплексом «Байконур»
D87: 6 | F87: Бюджет қаражатын банк шоттарына орналастырғаны үшін сыйақылар | G87: 5182.0979 | H87: Вознаграждения за размещение бюджетных средств на банковских счетах
D88: 6 | E88: 01 | F88: Қазақстан Республикасы Үкіметінің Қазақстан Республикасы Ұлттық банкіндегі депозиттері бойынша және бірыңғай қазынашылық шоттағы ақшаның күн сайынғы қалдығына сыйақылар | G88: 2732.2154 | H88: Вознаграждения по депозитам Правительства Республики Казахстан в Национальном Банке Республики Казахстан и на ежедневный остаток денег на едином казначейском счете
E89: 04 | F89: Квазимемлекеттік сектор субъектілерінің уақытша бос бюджет қаражатын қаржы құралдарына орналастырудан алынған сыйақылар | G89: 2449.8825 | H89: Вознаграждения, полученные от размещения в финансовые инструменты временно свободных бюджетных средств cубъектами квазигосударственного сектора
D90: 7 | F90: Мемлекеттік бюджеттен берілген кредиттер бойынша сыйақылар | G90: 1690.5601 | H90: Вознаграждения по кредитам, выданным из государственного бюджета
D91: 7 | E91: 01 | F91: Облыстардың, республикалық маңызы бар қаланың, астананың жергілікті атқарушы органдарына ішкі көздер есебінен республикалық бюджеттен берілген бюджеттік кредиттер бойынша сыйақылар | G91: 760.00695 | H91: Вознаграждения по бюджетным кредитам, выданным из республиканского бюджета за счет внутренних источников местным исполнительным органам областей, города республиканского значения,столицы
E92: 02 | F92: Облыстардың, республикалық маңызы бар қаланың, астананың жергілікті атқарушы органдарына үкіметтік сыртқы қарыздар қаражаты есебінен республикалық бюджеттен берілген бюджеттік кредиттер бойынша сыйақылар | G92: 32.557179 | H92: Вознаграждения по бюджетным кредитам, выданным из республиканского бюджета за счет средств правительственных внешних займов местным исполнительным органам областей, города республиканского значения, столицы
E93: 04 | F93: Мамандандырылған ұйымдарға ішкі көздер есебінен республикалық бюджеттен берілген бюджеттік кредиттер бойынша сыйақылар | G93: 861.42769 | H93: Вознаграждения по бюджетным кредитам, выданным из республиканского бюджета за счет внутренних источников специализированным организациям
E94: 10 | F94: Заңды тұлғаларға үкіметтік сыртқы қарыздар қаражаты есебінен республикалық бюджеттен 2005 жылға дейін берілген бюджеттік кредиттер бойынша сыйақылар | G94: 36.568286 | H94: Вознаграждения по бюджетным кредитам, выданным из республиканского бюджета до 2005 года за счет средств правительственных внешних займов юридическим лицам
D95: 9 | F95: Мемлекет меншігінен түсетін басқа да кірістер | G95: 29306.592 | H95: Прочие доходы от государственной собственности
D96: 9 | E96: 01 | F96: Ауыл шаруашылығы және орман алқаптарын ауыл және орман шаруашылықтарын жүргізуге байланысты емес мақсаттарға пайдалану үшін алған кезде ауыл шаруашылығы және орман шаруашылығы өндірістерінің шығасыларын өтеуден түсетін түсімдер | G96: 2601.7999 | H96: Поступления от возмещения потерь сельскохозяйственного и лесохозяйственного производства при изъятии сельскохозяйственных и лесных угодий для использования их в целях, не связанных с ведением сельского и лесного хозяйства
E97: 03 | F97: Жер қойнауы туралы ақпаратты пайдалануға берілгені үшін ақы | G97: 0.0004 | H97: Плата за предоставление в пользование информации о недрах
E98: 05 | F98: Қару-жарақты және әскери техниканы сатудан түсетін кірістер | G98: 1657.6813 | H98: Доходы от продажи вооружения и военной техники
E99: 06 | F99: Арнаулы мемлекеттік қорға түсетін түсімдерді қоспағанда, тәркіленген мүлікті, белгіленген тәртіппен республикалық меншікке өтеусіз өткен мүлікті, оның ішінде кедендік бас тарту режимінде мемлекеттің пайдасына ресімделген тауарлар мен көлік | G99: 8140.0758 | H99: Поступления от реализации конфискованного имущества, имущества, безвозмездно перешедшего в установленном порядке в республиканскую собственность, в том числе товаров и транспортных средств, оформленных в таможенном режиме отказа в пользу го
E100: 08 | F100: Ұйымдастырылған бағалы қағаздар рыногында сатып алынған мемлекеттік эмиссиялық бағалы қағаздардан түсетін сыйақылар | G100: 0.021625 | H100: Вознаграждения от государственных эмиссионных ценных бумаг,приобретенных на организованном рынке ценных бумаг
E101: 09 | F101: Республикалық меншігіне жататын жер учаскелері бойынша сервитут үшін төлемақы | G101: 24.148401 | H101: Плата за сервитут по земельным участкам, находящихся в республиканской собственности
...

Sheet табл 8 (расх)
G2: (млн. тенге)
A3: (млн.теңге)
A5: Санаты/ Категория | B5: Сыныбы/ Класс | C5: Сыныпшасы/ Подкласс | D5: Ерешелігі/ Специфика | E5: Атауы | F5: 2026 қаңтар-шілде есеп/_x000D_ январь-июль отчет 2026г. | G5: Наименование
A6: 1 | B6: 2 | C6: 3 | D6: 4 | E6: 5 | F6: 6 | G6: 7
E7: ШЫҒЫСТАР | F7: 15320252 | G7: РАСХОДЫ
E8: оның ішінде: | G8: в том числе:
E9: II. ШЫҒЫНДАР | F9: 14755390 | G9: II. ЗАТРАТЫ
A10: 01 | E10: Жалпы сипаттағы мемлекеттiк қызметтер | F10: 826964.05 | G10: Государственные услуги общего характера
B11: 1 | E11: Мемлекеттiк басқарудың жалпы функцияларын орындайтын өкiлдi, атқарушы және басқа органдар | F11: 197937.12 | G11: Представительные, исполнительные и другие органы, выполняющие общие функции государственного управления
C12: 101 | E12: Қазақстан Республикасы Президентінің Әкімшілігі | F12: 11858.241 | G12: Администрация Президента Республики Казахстан
A13: 01 | B13: 1 | C13: 101 | D13: 001 | E13: Мемлекет басшысының қызметін қамтамасыз ету | F13: 11858.241 | G13: Обеспечение деятельности Главы государства
C14: 106 | E14: Адам құқықтары жөніндегі ұлттық орталық | F14: 806.12572 | G14: Национальный центр по правам человека
C15: 106 | D15: 001 | E15: Адамның және азаматтың құқықтары мен бостандықтарының сақталуын қадағалау жөніндегі көрсетілетін қызметтер | F15: 806.12572 | G15: Услуги по наблюдению за соблюдением прав и свобод человека и гражданина
C16: 107 | E16: Қазақстан Республикасы Жоғары Сот Кеңесінің Аппараты | F16: 699.70413 | G16: Аппарат Высшего Судебного Совета Республики Казахстан
C17: 107 | D17: 001 | E17: Қазақстан Республикасы Жоғары Сот Кеңесінің қызметін қамтамасыз ету жөніндегі көрсетілетін қызметтер | F17: 699.70413 | G17: Услуги по обеспечению деятельности Высшего Судебного СоветаРеспублики Казахстан
C18: 109 | E18: Қазақстан Республикасы Үкіметінің Аппараты | F18: 2914.2715 | G18: Аппарат Правительства Республики Казахстан
C19: 109 | D19: 001 | E19: Қазақстан Республикасы Премьер-Министрінің қызметін қамтамасыз ету жөніндегі көрсетілетін қызметтер | F19: 2914.2715 | G19: Услуги по обеспечению деятельности Премьер-Министра Республики Казахстан
C20: 626 | E20: Қазақстан Республикасының Стратегиялық жоспарлау және реформалар агенттігі | F20: 12706.725 | G20: Агентство по стратегическому планированию и реформам Республики Казахстан
C21: 626 | D21: 001 | E21: Реформаларды қалыптастыруға және тиімді іске асыруға жәрдемдесу жөніндегі көрсетілетін қызметтер, стратегиялық жоспарлау, мемлекеттік статистикалық қызмет салаларында мемлекеттік саясатты жүзеге асыру, мемлекеттік басқару жүйесі мен квазиме | F21: 12705.925 | G21: Услуги по содействию в формировании и эффективной реализации реформ, осуществление государственной политики в сферах стратегического планирования, государственной статистической деятельности, участие в совершенствовании системы государствен
D22: 101 | E22: Өкілдiк шығындарға арналған қаражат есебiнен іс-шаралар өткізу | F22: 0.800325 | G22: Проведение мероприятий за счет средств на представительскиезатраты
C23: 637 | E23: Қазақстан Республикасы Конституциялық Сотының Аппараты | F23: 1029.5705 | G23: Аппарат Конституционного Суда Республики Казахстан
C24: 637 | D24: 001 | E24: Республика аумағында Қазақстан Республикасы Конституциясының үстемдігін қамтамасыз ету | F24: 1029.5705 | G24: Обеспечение верховенства Конституции Республики Казахстан на территории Республики
C25: 690 | E25: Қазақстан Республикасының Орталық сайлау комиссиясы | F25: 25013.024 | G25: Центральная избирательная комиссия Республики Казахстан
C26: 690 | D26: 001 | E26: Сайлау өткізуді ұйымдастыру | F26: 854.2734 | G26: Организация проведения выборов
D27: 002 | E27: Сайлау өткізу | F27: 3540.0372 | G27: Проведение выборов
D28: 101 | E28: Өкілдiк шығындарға арналған қаражат есебiнен іс-шаралар өткізу | F28: 17.137305 | G28: Проведение мероприятий за счет средств на представительскиезатраты
D29: 109 | E29: Қазақстан Республикасы Үкіметінің шұғыл шығындарға арналғанрезервінің есебінен ағымды іс-шаралар өткізу | F29: 20601.576 | G29: Проведение текущих мероприятий за счет резерва Правительства Республики Казахстан на неотложные затраты
C30: 693 | E30: Материалдық-техникалық қамтамасыз ету басқармасы | F30: 17292.13 | G30: Управление материально-технического обеспечения
C31: 693 | D31: 001 | E31: Қазақстан Республикасы Парламентінің қызметін қамтамасыз ету жөніндегі көрсетілетін қызметтер | F31: 17292.13 | G31: Услуги по обеспечению деятельности Парламента Республики Казахстан
C32: 694 | E32: Қазақстан Республикасы Президентiнiң Іс Басқармасы | F32: 125617.33 | G32: Управление Делами Президента Республики Казахстан
C33: 694 | D33: 001 | E33: Қазақстан Республикасы Президенті Іс Басқармасының мемлекеттік функциялары мен өкілеттіктерін жүзеге асыруды қамтамасызету жөніндегі көрсетілетін қызметтер | F33: 74475.087 | G33: Услуги по обеспечению осуществления государственных функцийи полномочий Управления Делами Президента Республики Казахстан
D34: 009 | E34: Қазақстан Республикасы Президенттік орталығының қызметін қамтамасыз ету жөніндегі көрсетілетін қызметтер | F34: 939.09004 | G34: Услуги по обеспечению деятельности Президентского центра Республики Казахстан
D35: 109 | E35: Қазақстан Республикасы Үкіметінің шұғыл шығындарға арналғанрезервінің есебінен ағымды іс-шаралар өткізу | F35: 4734.6074 | G35: Проведение текущих мероприятий за счет резерва Правительства Республики Казахстан на неотложные затраты
D36: 139 | E36: Қазақстан Республикасы Үкіметінің шұғыл шығындарға арналғанрезервінің есебінен дамуға бағытталған іс-шаралар өткізу | F36: 1454.1749 | G36: Проведение мероприятий, направленных на развитие за счет резерва Правительства Республики Казахстан на неотложные затраты
D37: 167 | E37: Қазақстан Республикасы Президентінің бастамаларына арналғанрезервінің есебінен бюджеттік инвестициялық жобаларды іске асыру | F37: 44014.372 | G37: Реализация бюджетных инвестиционных проектов за счет резерва на инициативы Президента Республики Казахстан
B38: 2 | E38: Қаржылық қызмет | F38: 2922.0741 | G38: Финансовая деятельность
C39: 217 | E39: Қазақстан Республикасының Қаржы министрлігі | F39: 101.24516 | G39: Министерство финансов Республики Казахстан
B40: 2 | C40: 217 | D40: 002 | E40: Халықаралық қаржы ұйымдары қаржыландыратын инвестициялық жобалардың аудитiн жүзеге асыру | F40: 0 | G40: Осуществление аудита инвестиционных проектов, финансируемыхмеждународными финансовыми организациями
D41: 094 | E41: Мемлекеттік активтерді басқару | F41: 101.24516 | G41: Управление государственными активами
C42: 406 | E42: Қазақстан Республикасының Жоғары аудиторлық палатасы | F42: 2820.829 | G42: Высшая аудиторская палата Республики Казахстан
C43: 406 | D43: 001 | E43: Қазақстан Республикасы Жоғары аудиторлық палатасының қызметін қамтамасыз ету жөніндегі көрсетілетін қызметтер | F43: 2801.767 | G43: Услуги по обеспечению деятельности Высшей аудиторской палаты Республики Казахстан
D44: 101 | E44: Өкілдiк шығындарға арналған қаражат есебiнен іс-шаралар өткізу | F44: 19.062021 | G44: Проведение мероприятий за счет средств на представительскиезатраты
B45: 3 | E45: Сыртқы саяси қызмет | F45: 91010.703 | G45: Внешнеполитическая деятельность
C46: 204 | E46: Қазақстан Республикасының Сыртқы iстер министрлiгi | F46: 90737.429 | G46: Министерство иностранных дел Республики Казахстан
B47: 3 | C47: 204 | D47: 001 | E47: Сыртқы саяси қызметті үйлестіру жөніндегі көрсетілетін қызметтер | F47: 64773.757 | G47: Услуги по координации внешнеполитической деятельности
D48: 005 | E48: Шетелдік іссапарлар | F48: 2841.563 | G48: Заграничные командировки
D49: 008 | E49: Шетелдегі дипломатиялық өкілдіктердің арнайы, инженерлік-техникалық және нақты қорғалуын қамтамасыз ету | F49: 144.2814 | G49: Обеспечение специальной, инженерно-технической и физическойзащиты дипломатических представительств за рубежом
D50: 013 | E50: Халықаралық ұйымдарда, Тәуелсіз Мемлекеттер Достастығының жарғылық және басқа органдарында Қазақстан Республикасының мүдделерін білдіру | F50: 322.71066 | G50: Представление интересов Республики Казахстан в международных организациях, уставных и других органах Содружества Независимых Государств
D51: 017 | E51: Қазақстан Республикасының халықаралық ұйымдарға, өзге де халықаралық және басқа органдарға қатысуы | F51: 18137.375 | G51: Участие Республики Казахстан в международных организациях, иных международных и прочих органах
D52: 019 | E52: Ақпараттық-имидждік саясаттың іске асырылуын қамтамасыз ету | F52: 1440.8069 | G52: Обеспечение реализации информационно-имиджевой политики
D53: 100 | E53: Қазақстан Республикасы Үкіметінің төтенше резерві есебінен ағымды іс-шаралар өткізу | F53: 536.743 | G53: Проведение текущих мероприятий за счет чрезвычайного резерва Правительства Республики Казахстан
D54: 101 | E54: Өкілдiк шығындарға арналған қаражат есебiнен іс-шаралар өткізу | F54: 326.3725 | G54: Проведение мероприятий за счет средств на представительскиезатраты
D55: 109 | E55: Қазақстан Республикасы Үкіметінің шұғыл шығындарға арналғанрезервінің есебінен ағымды іс-шаралар өткізу | F55: 2208.355 | G55: Проведение текущих мероприятий за счет резерва Правительства Республики Казахстан на неотложные затраты
D56: 164 | E56: Қазақстанның Экономикалық ынтымақтастық және даму ұйымымен ынтымақтастығы шеңберінде Қазақстанның Экономикалық ынтымақтастық және даму ұйымының бастамалары мен құралдарына қатысуын қамтамасыз ету | F56: 5.464786 | G56: Обеспечение участия Казахстана в инициативах и инструментахОрганизации экономического сотрудничества и развития в рамках сотрудничества Казахстана с Организацией экономического сотрудничества и развития
C57: 207 | E57: Қазақстан Республикасының Экология және табиғи ресурстар министрлігі | F57: 7.958745 | G57: Министерство экологии и природных ресурсов Республики Казахстан
C58: 207 | D58: 164 | E58: Қазақстанның Экономикалық ынтымақтастық және даму ұйымымен ынтымақтастығы шеңберінде Қазақстанның Экономикалық ынтымақтастық және даму ұйымының бастамалары мен құралдарына қатысуын қамтамасыз ету | F58: 7.958745 | G58: Обеспечение участия Казахстана в инициативах и инструментахОрганизации экономического сотрудничества и развития в рамках сотрудничества Казахстана с Организацией экономического сотрудничества и развития
C59: 217 | E59: Қазақстан Республикасының Қаржы министрлігі | F59: 29.325393 | G59: Министерство финансов Республики Казахстан
C60: 217 | D60: 164 | E60: Қазақстанның Экономикалық ынтымақтастық және даму ұйымымен ынтымақтастығы шеңберінде Қазақстанның Экономикалық ынтымақтастық және даму ұйымының бастамалары мен құралдарына қатысуын қамтамасыз ету | F60: 29.325393 | G60: Обеспечение участия Казахстана в инициативах и инструментахОрганизации экономического сотрудничества и развития в рамках сотрудничества Казахстана с Организацией экономического сотрудничества и развития
C61: 224 | E61: Қазақстан Республикасының Оқу-ағарту министрлігі | F61: 7.755846 | G61: Министерство просвещения Республики Казахстан
C62: 224 | D62: 164 | E62: Қазақстанның Экономикалық ынтымақтастық және даму ұйымымен ынтымақтастығы шеңберінде Қазақстанның Экономикалық ынтымақтастық және даму ұйымының бастамалары мен құралдарына қатысуын қамтамасыз ету | F62: 7.755846 | G62: Обеспечение участия Казахстана в инициативах и инструментахОрганизации экономического сотрудничества и развития в рамках сотрудничества Казахстана с Организацией экономического сотрудничества и развития
C63: 227 | E63: Қазақстан Республикасының Ғылым және жоғары білім министрлігі | F63: 7.698459 | G63: Министерство науки и высшего образования Республики Казахстан
C64: 227 | D64: 164 | E64: Қазақстанның Экономикалық ынтымақтастық және даму ұйымымен ынтымақтастығы шеңберінде Қазақстанның Экономикалық ынтымақтастық және даму ұйымының бастамалары мен құралдарына қатысуын қамтамасыз ету | F64: 7.698459 | G64: Обеспечение участия Казахстана в инициативах и инструментахОрганизации экономического сотрудничества и развития в рамках сотрудничества Казахстана с Организацией экономического сотрудничества и развития
C65: 228 | E65: Қазақстан Республикасының Көлік министрлігі | F65: 15.288164 | G65: Министерство транспорта Республики Казахстан
C66: 228 | D66: 164 | E66: Қазақстанның Экономикалық ынтымақтастық және даму ұйымымен ынтымақтастығы шеңберінде Қазақстанның Экономикалық ынтымақтастық және даму ұйымының бастамалары мен құралдарына қатысуын қамтамасыз ету | F66: 15.288164 | G66: Обеспечение участия Казахстана в инициативах и инструментахОрганизации экономического сотрудничества и развития в рамках сотрудничества Казахстана с Организацией экономического сотрудничества и развития
C67: 229 | E67: Қазақстан Республикасының Өнеркәсіп және құрылыс министрлігі | F67: 27.018349 | G67: Министерство промышленности и строительства Республики Казахстан
C68: 229 | D68: 164 | E68: Қазақстанның Экономикалық ынтымақтастық және даму ұйымымен ынтымақтастығы шеңберінде Қазақстанның Экономикалық ынтымақтастық және даму ұйымының бастамалары мен құралдарына қатысуын қамтамасыз ету | F68: 27.018349 | G68: Обеспечение участия Казахстана в инициативах и инструментахОрганизации экономического сотрудничества и развития в рамках сотрудничества Казахстана с Организацией экономического сотрудничества и развития
C69: 243 | E69: Қазақстан Республикасының Ұлттық экономика министрлігі | F69: 163.02353 | G69: Министерство национальной экономики Республики Казахстан
C70: 243 | D70: 057 | E70: Қазақстанның Экономикалық ынтымақтастық және даму ұйымымен ынтымақтастығы шеңберінде Қазақстанның Экономикалық ынтымақтастық және даму ұйымының бастамалары мен құралдарына қатысуы | F70: 0 | G70: Участие Казахстана в инициативах и инструментах Организацииэкономического сотрудничества и развития в рамках сотрудничества Казахстана с Организацией экономического сотрудничества и развития
D71: 096 | E71: Қазақстан Республикасы мен Экономикалық ынтымақтастық және даму ұйымының арасындағы ынтымақтастық шеңберінде Қазақстан Республикасының әлеуметтік-экономикалық жағдайына зерттеулержүргізу | F71: 0 | G71: Проведение исследования социально-экономического положения Республики Казахстан в рамках сотрудничества между Республикой Казахстан и Организацией экономического сотрудничества и развития
D72: 159 | E72: Қазақстан Республикасы мен Экономикалық ынтымақтастық және даму ұйымының арасындағы ынтымақтастық шеңберінде Қазақстан Республикасының әлеуметтік-экономикалық жағдайына зерттеулержүргізуді қамтамасыз ету | F72: 0 | G72: Обеспечение проведения исследований социально-экономического положения Республики Казахстан в рамках сотрудничества между Республикой Казахстан и Организацией экономического сотрудничества и развития
D73: 164 | E73: Қазақстанның Экономикалық ынтымақтастық және даму ұйымымен ынтымақтастығы шеңберінде Қазақстанның Экономикалық ынтымақтастық және даму ұйымының бастамалары мен құралдарына қатысуын қамтамасыз ету | F73: 163.02353 | G73: Обеспечение участия Казахстана в инициативах и инструментахОрганизации экономического сотрудничества и развития в рамках сотрудничества Казахстана с Организацией экономического сотрудничества и развития
C74: 626 | E74: Қазақстан Республикасының Стратегиялық жоспарлау және реформалар агенттігі | F74: 7.706637 | G74: Агентство по стратегическому планированию и реформам Республики Казахстан
C75: 626 | D75: 164 | E75: Қазақстанның Экономикалық ынтымақтастық және даму ұйымымен ынтымақтастығы шеңберінде Қазақстанның Экономикалық ынтымақтастық және даму ұйымының бастамалары мен құралдарына қатысуын қамтамасыз ету | F75: 7.706637 | G75: Обеспечение участия Казахстана в инициативах и инструментахОрганизации экономического сотрудничества и развития в рамках сотрудничества Казахстана с Организацией экономического сотрудничества и развития
C76: 627 | E76: Қазақстан Республикасының Бәсекелестікті қорғау және дамытуагенттігі | F76: 7.499367 | G76: Агентство по защите и развитию конкуренции Республики Казахстан
C77: 627 | D77: 164 | E77: Қазақстанның Экономикалық ынтымақтастық және даму ұйымымен ынтымақтастығы шеңберінде Қазақстанның Экономикалық ынтымақтастық және даму ұйымының бастамалары мен құралдарына қатысуын қамтамасыз ету | F77: 7.499367 | G77: Обеспечение участия Казахстана в инициативах и инструментахОрганизации экономического сотрудничества и развития в рамках сотрудничества Казахстана с Организацией экономического сотрудничества и развития
B78: 4 | E78: Iргелi ғылыми зерттеулер | F78: 111287.79 | G78: Фундаментальные научные исследования
C79: 207 | E79: Қазақстан Республикасының Экология және табиғи ресурстар министрлігі | F79: 897.89231 | G79: Министерство экологии и природных ресурсов Республики Казахстан
B80: 4 | C80: 207 | D80: 131 | E80: Ғылыми және (немесе) ғылыми-техникалық қызмет субъектілерінбазалық қаржыландыруды қамтамасыз ету | F80: 897.89231 | G80: Обеспечение базового финансирования субъектов научной и (или) научно-технической деятельности
C81: 208 | E81: Қазақстан Республикасының Қорғаныс министрлігі | F81: 22.844 | G81: Министерство обороны Республики Казахстан
C82: 208 | D82: 131 | E82: Ғылыми және (немесе) ғылыми-техникалық қызмет субъектілерінбазалық қаржыландыруды қамтамасыз ету | F82: 22.844 | G82: Обеспечение базового финансирования субъектов научной и (или) научно-технической деятельности
C83: 212 | E83: Қазақстан Республикасының Ауыл шаруашылығы министрлiгi | F83: 1976.028 | G83: Министерство сельского хозяйства Республики Казахстан
C84: 212 | D84: 131 | E84: Ғылыми және (немесе) ғылыми-техникалық қызмет субъектілерінбазалық қаржыландыруды қамтамасыз ету | F84: 1976.028 | G84: Обеспечение базового финансирования субъектов научной и (или) научно-технической деятельности
C85: 213 | E85: Қазақстан Республикасының Еңбек және халықты әлеуметтiк қорғау министрлiгi | F85: 147.8955 | G85: Министерство труда и социальной защиты населения РеспубликиКазахстан
C86: 213 | D86: 131 | E86: Ғылыми және (немесе) ғылыми-техникалық қызмет субъектілерінбазалық қаржыландыруды қамтамасыз ету | F86: 147.8955 | G86: Обеспечение базового финансирования субъектов научной и (или) научно-технической деятельности
C87: 223 | E87: Қазақстан Республикасының Жасанды интеллект және цифрлық даму министрлігі | F87: 132.52265 | G87: Министерство искусственного интеллекта и цифрового развитияРеспублики Казахстан
C88: 223 | D88: 131 | E88: Ғылыми және (немесе) ғылыми-техникалық қызмет субъектілерінбазалық қаржыландыруды қамтамасыз ету | F88: 132.52265 | G88: Обеспечение базового финансирования субъектов научной и (или) научно-технической деятельности
C89: 224 | E89: Қазақстан Республикасының Оқу-ағарту министрлігі | F89: 80.613 | G89: Министерство просвещения Республики Казахстан
C90: 224 | D90: 131 | E90: Ғылыми және (немесе) ғылыми-техникалық қызмет субъектілерінбазалық қаржыландыруды қамтамасыз ету | F90: 80.613 | G90: Обеспечение базового финансирования субъектов научной и (или) научно-технической деятельности
C91: 226 | E91: Қазақстан Республикасының Денсаулық сақтау министрлігі | F91: 1366.4374 | G91: Министерство здравоохранения Республики Казахстан
C92: 226 | D92: 131 | E92: Ғылыми және (немесе) ғылыми-техникалық қызмет субъектілерінбазалық қаржыландыруды қамтамасыз ету | F92: 1366.4374 | G92: Обеспечение базового финансирования субъектов научной и (или) научно-технической деятельности
C93: 227 | E93: Қазақстан Республикасының Ғылым және жоғары білім министрлігі | F93: 105987.5 | G93: Министерство науки и высшего образования Республики Казахстан
C94: 227 | D94: 130 | E94: Ғылыми және (немесе) ғылыми-техникалық қызмет субъектілерінбазалық қаржыландыру | F94: 0 | G94: Базовое финансирование субъектов научной и (или) научно-технической деятельности
D95: 131 | E95: Ғылыми және (немесе) ғылыми-техникалық қызмет субъектілерінбазалық қаржыландыруды қамтамасыз ету | F95: 1638.7428 | G95: Обеспечение базового финансирования субъектов научной и (или) научно-технической деятельности
D96: 217 | E96: Ғылымды дамыту | F96: 104348.76 | G96: Развитие науки
C97: 228 | E97: Қазақстан Республикасының Көлік министрлігі | F97: 41.75 | G97: Министерство транспорта Республики Казахстан
C98: 228 | D98: 131 | E98: Ғылыми және (немесе) ғылыми-техникалық қызмет субъектілерінбазалық қаржыландыруды қамтамасыз ету | F98: 41.75 | G98: Обеспечение базового финансирования субъектов научной и (или) научно-технической деятельности
C99: 229 | E99: Қазақстан Республикасының Өнеркәсіп және құрылыс министрлігі | F99: 530.2349 | G99: Министерство промышленности и строительства Республики Казахстан
C100: 229 | D100: 131 | E100: Ғылыми және (немесе) ғылыми-техникалық қызмет субъектілерінбазалық қаржыландыруды қамтамасыз ету | F100: 530.2349 | G100: Обеспечение базового финансирования субъектов научной и (или) научно-технической деятельности
C101: 629 | E101: Қазақстан Республикасының Атом энергиясы жөніндегі агенттігі | F101: 47.5286 | G101: Агентство Республики Казахстан по атомной энергии
C102: 629 | D102: 131 | E102: Ғылыми және (немесе) ғылыми-техникалық қызмет субъектілерінбазалық қаржыландыруды қамтамасыз ету | F102: 47.5286 | G102: Обеспечение базового финансирования субъектов научной и (или) научно-технической деятельности
...

Sheet табл 9
B2: Кесте 9 | D2: Таблица 9
B3: ШЫҒЫСТАРДЫҢ ВЕДОМСТВОЛЫҚ | D3: ИСПОЛНЕНИЕ РЕСПУБЛИКАНСКОГО БЮДЖЕТА
B4: СЫНЫПТАМАСЫ БОЙЫНША | D4: ПО ВЕДОМСТВЕННОЙ
B5: РЕСПУБЛИКАЛЫҚ БЮДЖЕТТІҢ АТҚАРАЛУЫ | D5: КЛАССИФИКАЦИИ РАСХОДОВ
B6: (млн. теңге) | D6: (млн. тенге)
B8: Бағдарламалард_x000D_ ың_x000D_ əкімшісі/_x000D_ Администратор_x000D_ программ | C8: Атауы | D8: 2026 ж. қаңтар-шілде есеп/_x000D_ январь-июль 2026 г. | E8: Наименование
B9: 1 | C9: 2 | D9: 3 | E9: 4
C10: БАРЛЫҒЫ | D10: 15320252 | E10: ВСЕГО
B11: 101 | C11: Қазақстан Республикасы Президентінің Әкімшілігі | D11: 11858.241 | E11: Администрация Президента Республики Казахстан
B12: 106 | C12: Адам құқықтары жөніндегі ұлттық орталық | D12: 806.50148 | E12: Национальный центр по правам человека
B13: 107 | C13: Қазақстан Республикасы Жоғары Сот Кеңесінің Аппараты | D13: 1135.8115 | E13: Аппарат Высшего Судебного Совета Республики Казахстан
B14: 109 | C14: Қазақстан Республикасы Үкіметінің Аппараты | D14: 4517.5934 | E14: Аппарат Правительства Республики Казахстан
B15: 201 | C15: Қазақстан Республикасының Ішкі істер министрлігі | D15: 418124.94 | E15: Министерство внутренних дел Республики Казахстан
B16: 202 | C16: Қазақстан Республикасының Төтенше жағдайлар министрлiгi | D16: 155465.89 | E16: Министерство по чрезвычайным ситуациям Республики Казахстан
B17: 204 | C17: Қазақстан Республикасының Сыртқы iстер министрлiгi | D17: 92150.615 | E17: Министерство иностранных дел Республики Казахстан
B18: 207 | C18: Қазақстан Республикасының Экология және табиғи ресурстар министрлігі | D18: 54065.868 | E18: Министерство экологии и природных ресурсов Республики Казахстан
B19: 208 | C19: Қазақстан Республикасының Қорғаныс министрлігі | D19: 654234.13 | E19: Министерство обороны Республики Казахстан
B20: 211 | C20: Қазақстан Республикасының Сауда және интеграция министрлігі | D20: 72456.968 | E20: Министерство торговли и интеграции Республики Казахстан
B21: 212 | C21: Қазақстан Республикасының Ауыл шаруашылығы министрлiгi | D21: 277903.74 | E21: Министерство сельского хозяйства Республики Казахстан
B22: 213 | C22: Қазақстан Республикасының Еңбек және халықты әлеуметтiк қорғау министрлiгi | D22: 3936848.7 | E22: Министерство труда и социальной защиты населения РеспубликиКазахстан
... B49: 694 | C49: Қазақстан Республикасы Президентiнiң Іс Басқармасы | D49: 194648.22 | E49: Управление Делами Президента Республики Казахстан

Sheet табл 10
A1: 10-кесте ШЫҒЫНДАРДЫҢ ЭКОНОМИКАЛЫҚ ЖІКТЕМЕСІ БОЙЫНША РЕСПУБЛИКАЛЫҚ БЮДЖЕТТІК ОРЫНДАЛУЫ (млн.теңге) | E1: Таблица 10 ИСПОЛНЕНИЕ РЕСПУБЛИКАНСКОГО БЮДЖЕТА ПО ЭКОНОМИЧЕСКОЙ КЛАССИФИКАЦИИ РАСХОДОВ (млн. тенге)
A3: Cанаты/_x000D_ Категория | B3: Iшкi сыныбы/_x000D_ Подкласс | C3: Ерекшелiгi/_x000D_ Специфика | D3: Атауы | F3: 2026 ж. қаңтар-шілде/_x000D_ январь-июль отчет 2026 г. | G3: Наименование
A4: 1 | B4: 2 | C4: 3 | D4: 4 | F4: 5 | G4: 6
D5: БАРЛЫҒЫ | F5: 15320252 | G5: ВСЕГО
A6: 1 | D6: Ағымдағы шығындар | F6: 14217087 | G6: Текущие затраты
A7: L01 Категория расходов | B7: 110 | D7: Жалақы | F7: 571339.39 | G7: Заработная плата
A8: 1 | B8: 110 | C8: 111 | D8: Еңбекке ақы төлеу | F8: 411966.2 | G8: Оплата труда
A9: 1 | C9: 112 | D9: Қосымша ақшалай төлемдер | F9: 81224.999 | G9: Дополнительные денежные выплаты
A10: 1 | C10: 113 | D10: Өтемақы төлемдері | F10: 71451.934 | G10: Компенсационные выплаты
A11: 1 | C11: 114 | D11: Міндетті кәсіптік зейнетақы жарналары | F11: 130.31697 | G11: Обязательные профессиональные пенсионные взносы
A12: 1 | C12: 116 | D12: Жұмыс берушілердің міндетті зейнетақы жарналары | F12: 6565.9427 | G12: Обязательные пенсионные взносы работодателей
A13: L01 Категория расходов | B13: 120 | D13: Жұмыс берушілердің жарналары | F13: 37157.81 | G13: Взносы работодателей
A14: 1 | B14: 120 | C14: 121 | D14: Әлеуметтік салық | F14: 13487.84 | G14: Социальный налог
A15: 1 | C15: 122 | D15: Мемлекеттiк әлеуметтiк сақтандыру қорына әлеуметтiк аударымдар | F15: 16633.505 | G15: Социальные отчисления в Государственный фонд социального страхования
A16: 1 | C16: 123 | D16: Мiндеттi сақтандыру жарналары | F16: 464.08289 | G16: Взносы на обязательное страхование
A17: 1 | C17: 124 | D17: Міндетті әлеуметтік медициналық сақтандыруға аударымдар | F17: 6571.1268 | G17: Отчисления на обязательное социальное медицинское страхование
A18: 1 | C18: 125 | D18: Міндетті сақтандыруға арналған жарналар | F18: 1.256401 | G18: Взносы на обязательное страхование
A19: L01 Категория расходов | B19: 130 | D19: Қазақстан Республикасының заңнамалық актілеріне сәйкес азаматтардың жекелеген санаттарына жалақы төлеу және жарналар аудару | F19: 33109.03 | G19: Выплата заработной платы отдельным категориям граждан и отчисления взносов в соответствии с законодательными актами Республики Казахстан
A20: 1 | B20: 130 | C20: 131 | D20: Техникалық персоналдың және келісімшарттық қызметшілердің еңбегіне ақы төлеу | F20: 28939.009 | G20: Оплата труда технического персонала и контрактных служащих
A21: 1 | C21: 134 | D21: Алқа билерге сыйақылар төлеу | F21: 181.90609 | G21: Выплата вознаграждений присяжным заседателям
A22: 1 | C22: 135 | D22: Техникалық персонал және келісімшарттық қызметшілер бойыншажұмыс берушілердің жарналары | F22: 3613.7292 | G22: Взносы работодателей по техническому персоналу и контрактным служащим
A23: 1 | C23: 136 | D23: Техникалық персоналдың және келісімшарттық қызметшілердің ел ішіндегі іссапарлары мен қызметтiк жол жүрулері | F23: 363.5854 | G23: Командировки и служебные разъезды внутри страны технического персонала и контрактных служащих
A24: 1 | C24: 137 | D24: Алқабилердің іссапарлық шығыстары | F24: 10.800901 | G24: Командировочные расходы присяжных заседателей
A25: L01 Категория расходов | B25: 140 | D25: Қорлар сатып алу | F25: 69668.031 | G25: Приобретение запасов
A26: 1 | B26: 140 | C26: 141 | D26: Азық-түлiк өнiмдерiн сатып алу | F26: 31134.951 | G26: Приобретение продуктов питания
A27: 1 | C27: 142 | D27: Дәрілік заттар және медициналық мақсаттағы өзге де бұйымдарды сатып алу | F27: 7365.8605 | G27: Приобретение лекарственных средств и прочих изделий медицинского назначения
A28: 1 | C28: 143 | D28: Заттай мүлiктердi, басқа да киім нысанын және арнаулы киім-кешектер сатып алу, тiгу және жөндеу | F28: 10970.487 | G28: Приобретение, пошив и ремонт предметов вещевого имущества идругого форменного и специального обмундирования
A29: 1 | C29: 144 | D29: Отын, жанар-жағар май материалдарын сатып алу | F29: 8728.4188 | G29: Приобретение топлива, горюче-смазочных материалов
A30: 1 | C30: 149 | D30: Өзге де қорларды сатып алу | F30: 11468.313 | G30: Приобретение прочих запасов
A31: L01 Категория расходов | B31: 150 | D31: Қызметтер мен жұмыстарды сатып алу | F31: 845794.01 | G31: Приобретение услуг и работ
A32: 1 | B32: 150 | C32: 151 | D32: Коммуналдық қызметтерге ақы төлеу | F32: 26725.737 | G32: Оплата коммунальных услуг
A33: 1 | C33: 152 | D33: Байланыс қызметтерiне ақы төлеу | F33: 10348.279 | G33: Оплата услуг связи
A34: 1 | C34: 153 | D34: Көлiктiк қызмет көрсетулерге ақы төлеу | F34: 8088.0684 | G34: Оплата транспортных услуг
A35: 1 | C35: 154 | D35: Зерттеулер бойынша қызметтерге ақы төлеу | F35: 107106.01 | G35: Оплата услуг по исследованиям
A36: 1 | C36: 155 | D36: Мемлекеттiк әлеуметтiк тапсырыс шеңберiнде көрсетілетін қызметтерге ақы төлеу | F36: 263.36036 | G36: Оплата услуг в рамках государственного социального заказа
A37: 1 | C37: 156 | D37: Консалтингтік қызметтерге ақы төлеу | F37: 303.73678 | G37: Оплата консалтинговых услуг
A38: 1 | C38: 157 | D38: Форумдар, семинарлар, конференциялар өткізуге және имидждік іс-шараларға арналған қызметтерге ақы төлеу | F38: 777.94379 | G38: Оплата услуг на проведение форумов, семинаров, конференций и на имиджевые мероприятия
A39: 1 | C39: 158 | D39: Ақпараттандыру саласындағы жұмыстар мен қызметтерге ақы төлеу | F39: 29648.152 | G39: Оплата работ и услуг в сфере информатизации
A40: 1 | C40: 159 | D40: Өзге де қызметтер мен жұмыстарға ақы төлеу | F40: 662532.73 | G40: Оплата прочих услуг и работ
A41: L01 Категория расходов | B41: 160 | D41: Басқа да ағымдағы шығындар | F41: 1608583.8 | G41: Другие текущие затраты
A42: 1 | B42: 160 | C42: 161 | D42: Ел iшiндегi iссапарлар мен қызметтiк сапарлар | F42: 12762.684 | G42: Командировки и служебные разъезды внутри страны
A43: 1 | C43: 162 | D43: Елден тыс жерлерге iссапарлар мен қызметтiк сапарлар | F43: 5717.2192 | G43: Командировки и служебные разъезды за пределы страны
A44: 1 | C44: 164 | D44: Шетелдегi стипендиаттардың оқуына ақы төлеу | F44: 25100 | G44: Оплата обучения стипендиатов за рубежом
A45: 1 | C45: 165 | D45: Атқарушылық құжаттарының, сот актiлерiнiң орындалуы | F45: 1516.8732 | G45: Исполнение исполнительных документов, судебных актов
A46: 1 | C46: 166 | D46: Сайлауға және саяси партиялардың қызметіне арналған шығыстар | F46: 9575.8712 | G46: Расходы на выборы и деятельность политических партий
A47: 1 | C47: 167 | D47: Ерекше шығындар | F47: 1073267.1 | G47: Особые затраты
A48: 1 | C48: 168 | D48: Айыппұлдар, тұрақсыздық айыбы және басқа төлемдер | F48: 379.47487 | G48: Штрафы, неустойка и другие платежи
A49: 1 | C49: 169 | D49: Өзге де ағымдағы шығындар | F49: 480264.58 | G49: Прочие текущие затраты
A50: L01 Категория расходов | B50: 210 | D50: Ішкі қарыздар бойынша сыйақы төлемдері | F50: 2235858.9 | G50: Выплаты вознаграждений по внутренним займам
A51: 1 | B51: 210 | C51: 211 | D51: Қазақстан Республикасы Үкіметінің ішкі қарыздары бойынша сыйақыларды төлеу | F51: 2235858.9 | G51: Выплаты вознаграждений по внутренним займам Правительства Республики Казахстан
A52: L01 Категория расходов | B52: 220 | D52: Сыртқы заемдар бойынша сыйақылар төлеу | F52: 194308.03 | G52: Выплаты вознаграждений по внешним займам
A53: 1 | B53: 220 | C53: 221 | D53: Қазақстан Республикасы Үкіметінің сыртқы қарыздары бойынша сыйақы төлемдері | F53: 194308.03 | G53: Выплаты вознаграждений по внешним займам Правительства Республики Казахстан
A54: L01 Категория расходов | B54: 310 | D54: Бюджеттік субсидиялар | F54: 293922.04 | G54: Бюджетные субсидии
A55: 1 | B55: 310 | C55: 311 | D55: Мемлекеттік кәсіпорындарға субсидиялар | F55: 20806.853 | G55: Субсидии государственным предприятиям
A56: 1 | C56: 312 | D56: Мемлекеттік кәсіпорындар болып табылмайтын заңды тұлғаларғасубсидиялар | F56: 273115.19 | G56: Субсидии юридическим лицам, не являющимися государственнымипредприятиями
A57: L01 Категория расходов | B57: 320 | D57: Жеке тұлғаларға берілетін трансферттер | F57: 4167227.8 | G57: Трансферты физическим лицам
A58: 1 | B58: 320 | C58: 321 | D58: Құқық қорғау, арнаулы мемлекеттік органдардың, азаматтық қорғау органдарының қызметкерлеріне және әскери қызметшілерге төленетін тұрғын үй т | F58: 106025.39 | G58: Жилищные выплаты сотрудникам правоохранительных, специальных государственных органов, органов гражданской защиты и военнослужащим
A59: 1 | C59: 322 | D59: Жеке тұлғаларға берiлетiн трансферттер | F59: 1055427 | G59: Трансферты физическим лицам
A60: 1 | C60: 323 | D60: Зейнетақылар | F60: 2860823.3 | G60: Пенсии
A61: 1 | C61: 324 | D61: Стипендиялар | F61: 144952.06 | G61: Стипендии
A62: L01 Категория расходов | B62: 330 | D62: Мемлекеттiк басқарудың басқа деңгейлерiне берiлетiн ағымдағытрансферттер | F62: 3301873.2 | G62: Текущие трансферты другим уровням государственного управления
A63: 1 | B63: 330 | C63: 331 | D63: Субвенциялар | F63: 3246065 | G63: Субвенции
A64: 1 | C64: 339 | D64: Мемлекеттiк басқарудың басқа деңгейлерiне берiлетiн ағымдағы трансферттер | F64: 55808.21 | G64: Текущие трансферты другим уровням государственного управления
A65: L01 Категория расходов | B65: 340 | D65: Шетелге берiлетiн ағымдағы трансферттер | F65: 24420.973 | G65: Текущие трансферты за границу
A66: 1 | B66: 340 | C66: 341 | D66: Шетелдегi ұйымдарға ағымдағы трансферттер | F66: 24420.973 | G66: Текущие трансферты за границу
A67: L01 Категория расходов | B67: 360 | D67: Нысаналы жарна | F67: 801316.63 | G67: Целевой взнос
A68: 1 | B68: 360 | C68: 361 | D68: Заңды тұлғаларға берілетін трансферттер | F68: 801316.63 | G68: Трансферты юридическим лицам
A69: L01 Категория расходов | B69: 370 | D69: Гранттар | F69: 32507.527 | G69: Гранты
A70: 1 | B70: 370 | C70: 371 | D70: Білім беру гранты | F70: 32507.527 | G70: Образовательный грант
A71: 2 | D71: Күрделі шығындар | F71: 497573.12 | G71: Капитальные затраты
A72: L01 Категория расходов | B72: 410 | D72: Негiзгi құралдарды, материалдық емес және биологиялық активтерді сатып алу | F72: 44254.879 | G72: Приобретение основных средств, нематериальных и биологических активов
A73: 2 | B73: 410 | C73: 412 | D73: Үй-жайлар, ғимараттар мен құрылыстарды, беру қондырғыларын сатып алу | F73: 1274.775 | G73: Приобретение помещений, зданий, сооружений, передаточных устройств
A74: 2 | C74: 413 | D74: Көлік құралдарын сатып алу | F74: 4377.0375 | G74: Приобретение транспортных средств
A75: 2 | C75: 414 | D75: Машиналар, жабдықтар, өндірістік және шаруашылық мүккамал құралдарын сатып алу | F75: 5460.3613 | G75: Приобретение машин, оборудования, инструментов, производственного и хозяйственного инвентаря
A76: 2 | C76: 416 | D76: Материалдық емес активтерді сатып алу | F76: 132.6007 | G76: Приобретение нематериальных активов
A77: 2 | C77: 418 | D77: Мемлекеттік кәсіпорындарды материалдық-техникалық жарақтандыру | F77: 32013.692 | G77: Материально-техническое оснащение государственных предприятий
A78: 2 | C78: 419 | D78: Өзге де негізгі құралдарды сатып алу | F78: 996.41286 | G78: Приобретение прочих основных средств
A79: L01 Категория расходов | B79: 420 | D79: Негізгі қаражатты күрделі жөндеу | F79: 6101.6457 | G79: Капитальный ремонт основных средств
A80: 2 | B80: 420 | C80: 421 | D80: Жайларды, ғимараттарды, құрылыстарды беру қондырғыларын күрделі жөндеу | F80: 5760.1405 | G80: Капитальный ремонт помещений, зданий, сооружений, передаточных устройств
A81: 2 | C81: 423 | D81: Мемлекеттiк кәсiпорындардың жайларын, ғимараттарын, құрылыстарын күрделі жөндеу | F81: 341.50521 | G81: Капитальный ремонт помещений, зданий, сооружений государственных предприятий
A82: L01 Категория расходов | B82: 430 | D82: Дамуға бағытталған күрделі шығындар | F82: 138955.91 | G82: Капитальные затраты, направленные на развитие
A83: 2 | B83: 430 | C83: 431 | D83: Жаңа объектілерді салу және қолдағы объектілерді реконструкциялау | F83: 127379.46 | G83: Строительство новых объектов и реконструкция имеющихся объектов
A84: 2 | C84: 432 | D84: Жолдар салу | F84: 7930.9289 | G84: Строительство дорог
A85: 2 | C85: 434 | D85: Ақпараттық жүйелерді құру, енгізу және дамыту | F85: 965.32223 | G85: Создание, внедрение и развитие информационных систем
A86: 2 | C86: 435 | D86: Мемлекеттік кәсіпорындардың жаңа объектілерін салу және қолдағы бар объектілерін реконструкциялау | F86: 2680.2 | G86: Строительство новых объектов и реконструкция имеющихся объектов государственных предприятий
A87: L01 Категория расходов | B87: 440 | D87: Дамуға арналған нысаналы трансферттер | F87: 308260.68 | G87: Целевые трансферты на развитие
A88: 2 | B88: 440 | C88: 441 | D88: Мемлекеттік басқарудың басқа деңгейлерін дамытуға арналған нысаналы трансферттер | F88: 308260.68 | G88: Целевые трансферты на развитие другим уровням государственного управления
A89: 3 | D89: Бюджеттік кредиттер | F89: 347800 | G89: Бюджетные кредиты
A90: L01 Категория расходов | B90: 510 | D90: Ішкі бюджеттік кредиттер | F90: 347800 | G90: Внутренние бюджетные кредиты
A91: 3 | B91: 510 | C91: 511 | D91: Бюджеттік инвестициялық жобаларды іске асыруға арналған бюджеттік кредиттерді қоспағанда, жергілікті атқарушы органдарға бюджеттік кредиттер | F91: 110800 | G91: Бюджетные кредиты местным исполнительным органам, за исключением бюджетных кредитов на реализацию бюджетных инвестиционных проектов
A92: 3 | C92: 513 | D92: Мамандандырылған ұйымдарға бюджеттік кредиттер | F92: 121000 | G92: Бюджетные кредиты специализированным организациям
A93: 3 | C93: 519 | D93: Өзге де ішкі бюджеттік кредиттер | F93: 116000 | G93: Прочие внутренние бюджетные кредиты
A94: 4 | D94: Қаржы активтерін сатып алу | F94: 217061.6 | G94: Приобретение финансовых активов
A95: L01 Категория расходов | B95: 610 | D95: Қаржы активтерін сатып алу | F95: 216897.46 | G95: Приобретение финансовых активов
A96: 4 | B96: 610 | C96: 612 | D96: Квазимемлекеттік сектордың жарғылық капиталын қалыптастыру және ұлғайту | F96: 216897.46 | G96: Формирование и увеличение уставных капиталов субъектов квазигосударственного сектора
A97: L01 Категория расходов | B97: 620 | D97: Елден тысқары жерлерден қаржы активтерін сатып алу | F97: 164.13789 | G97: Приобретение финансовых активов за пределами страны
A98: 4 | B98: 620 | C98: 621 | D98: Халқаралық ұйымдардың акцияларын сатып алу | F98: 164.13789 | G98: Приобретение акций международных организаций
A99: 6 | D99: Мемлекеттік-жекешелік әріптестік жобалар бойынша мемлекеттік міндеттемелерді орындау | F99: 40729.613 | G99: Выполнение государственных обязательств по проектам государственно-частного партнерства
A100: L01 Категория расходов | B100: 810 | D100: Мемлекеттік-жекешелік әріптестік жобалар және "Толық бітіріп берілетін" құрылыс жобалары (EPC-F) бойынша мемлекеттік міндет | F100: 40729.613 | G100: Выполнение государственных обязательств по проектам государственно-частного партнерства и проектам строительства "под ключ" (EPC-F)
A101: 6 | B101: 810 | C101: 812 | D101: Мемлекеттік-жекешелік әріптестік жобалар бойынша инвестициялық шығындарды өтеу бойынша мемлекеттік міндеттемелерді орындау | F101: 18269.534 | G101: Выполнение государственных обязательств по компенсации инвестиционных затрат по проектам государственно-частного партнерства
...

Sheet таб 11
A1: 11-кесте ШЫҒЫНДАРДЫҢ ЭКОНОМИКАЛЫҚ ЖІКТЕМЕСІ БОЙЫНША ЖЕРГІЛІКТІ БЮДЖЕТТІК ОРЫНДАЛУЫ (млн.теңге) | E1: Таблица 11 ИСПОЛНЕНИЕ МЕСТНОГО БЮДЖЕТА ПО ЭКОНОМИЧЕСКОЙ КЛАССИФИКАЦИИ РАСХОДОВ (млн. теңге)
A3: Cанаты/_x000D_ Категория | B3: Iшкi сыныбы/_x000D_ Подкласс | C3: Ерекшелiгi/_x000D_ Специфика | D3: Атауы | F3: 2026 ж. қаңтар-шілде/_x000D_ январь-июль отчет 2026 г. | G3: Наименование
A4: 1 | B4: 2 | C4: 3 | D4: 4 | F4: 5 | G4: 6
D5: БАРЛЫҒЫ | F5: 9318915.3 | G5: ВСЕГО
A6: 1 | D6: Ағымдағы шығындар | F6: 7112215.6 | G6: Текущие затраты
A7: L01 Категория расходов | B7: 110 | D7: Жалақы | F7: 2220904.6 | G7: Заработная плата
A8: 1 | B8: 110 | C8: 111 | D8: Еңбекке ақы төлеу | F8: 1929166.8 | G8: Оплата труда
A9: 1 | C9: 112 | D9: Қосымша ақшалай төлемдер | F9: 75882.407 | G9: Дополнительные денежные выплаты
A10: 1 | C10: 113 | D10: Өтемақы төлемдері | F10: 171093.06 | G10: Компенсационные выплаты
A11: 1 | C11: 114 | D11: Міндетті кәсіптік зейнетақы жарналары | F11: 7.6920843 | G11: Обязательные профессиональные пенсионные взносы
A12: 1 | C12: 116 | D12: Жұмыс берушілердің міндетті зейнетақы жарналары | F12: 44754.583 | G12: Обязательные пенсионные взносы работодателей
A13: L01 Категория расходов | B13: 120 | D13: Жұмыс берушілердің жарналары | F13: 232307.59 | G13: Взносы работодателей
A14: 1 | B14: 120 | C14: 121 | D14: Әлеуметтік салық | F14: 102954.52 | G14: Социальный налог
A15: 1 | C15: 122 | D15: Мемлекеттiк әлеуметтiк сақтандыру қорына әлеуметтiк аударымдар | F15: 79190.852 | G15: Социальные отчисления в Государственный фонд социального страхования
A16: 1 | C16: 123 | D16: Мiндеттi сақтандыру жарналары | F16: 908.11388 | G16: Взносы на обязательное страхование
A17: 1 | C17: 124 | D17: Міндетті әлеуметтік медициналық сақтандыруға аударымдар | F17: 49253.684 | G17: Отчисления на обязательное социальное медицинское страхование
A18: 1 | C18: 125 | D18: Міндетті сақтандыруға арналған жарналар | F18: 0.42284515 | G18: Взносы на обязательное страхование
A19: L01 Категория расходов | B19: 130 | D19: Қазақстан Республикасының заңнамалық актілеріне сәйкес азаматтардың жекелеген санаттарына жалақы төлеу және жарналар аудару | F19: 65611.916 | G19: Выплата заработной платы отдельным категориям граждан и отчисления взносов в соответствии с законодательными актами Республики Казахстан
A20: 1 | B20: 130 | C20: 131 | D20: Техникалық персоналдың және келісімшарттық қызметшілердің еңбегіне ақы төлеу | F20: 56483.287 | G20: Оплата труда технического персонала и контрактных служащих
A21: 1 | C21: 133 | D21: Негізгі жұмыс орны бойынша мәслихат депутаттарына орташа жалақыны өтеу | F21: 0.574538 | G21: Возмещение средней заработной платы депутатам маслихата по их основному месту работы
A22: 1 | C22: 135 | D22: Техникалық персонал және келісімшарттық қызметшілер бойыншажұмыс берушілердің жарналары | F22: 7598.9206 | G22: Взносы работодателей по техническому персоналу и контрактным служащим
A23: 1 | C23: 136 | D23: Техникалық персоналдың және келісімшарттық қызметшілердің ел ішіндегі іссапарлары мен қызметтiк жол жүрулері | F23: 1529.1329 | G23: Командировки и служебные разъезды внутри страны технического персонала и контрактных служащих
A24: L01 Категория расходов | B24: 140 | D24: Қорлар сатып алу | F24: 154013.52 | G24: Приобретение запасов
A25: 1 | B25: 140 | C25: 141 | D25: Азық-түлiк өнiмдерiн сатып алу | F25: 22851.065 | G25: Приобретение продуктов питания
A26: 1 | C26: 142 | D26: Дәрілік заттар және медициналық мақсаттағы өзге де бұйымдарды сатып алу | F26: 51091.631 | G26: Приобретение лекарственных средств и прочих изделий медицинского назначения
A27: 1 | C27: 143 | D27: Заттай мүлiктердi, басқа да киім нысанын және арнаулы киім-кешектер сатып алу, тiгу және жөндеу | F27: 2982.5889 | G27: Приобретение, пошив и ремонт предметов вещевого имущества идругого форменного и специального обмундирования
A28: 1 | C28: 144 | D28: Отын, жанар-жағар май материалдарын сатып алу | F28: 31606.239 | G28: Приобретение топлива, горюче-смазочных материалов
A29: 1 | C29: 149 | D29: Өзге де қорларды сатып алу | F29: 45482 | G29: Приобретение прочих запасов
A30: L01 Категория расходов | B30: 150 | D30: Қызметтер мен жұмыстарды сатып алу | F30: 2059687.5 | G30: Приобретение услуг и работ
A31: 1 | B31: 150 | C31: 151 | D31: Коммуналдық қызметтерге ақы төлеу | F31: 133844.8 | G31: Оплата коммунальных услуг
A32: 1 | C32: 152 | D32: Байланыс қызметтерiне ақы төлеу | F32: 17978.74 | G32: Оплата услуг связи
A33: 1 | C33: 153 | D33: Көлiктiк қызмет көрсетулерге ақы төлеу | F33: 9328.8861 | G33: Оплата транспортных услуг
A34: 1 | C34: 154 | D34: Зерттеулер бойынша қызметтерге ақы төлеу | F34: 232.84836 | G34: Оплата услуг по исследованиям
A35: 1 | C35: 155 | D35: Мемлекеттiк әлеуметтiк тапсырыс шеңберiнде көрсетілетін қызметтерге ақы төлеу | F35: 28342.732 | G35: Оплата услуг в рамках государственного социального заказа
A36: 1 | C36: 157 | D36: Форумдар, семинарлар, конференциялар өткізуге және имидждік іс-шараларға арналған қызметтерге ақы төлеу | F36: 1716.1637 | G36: Оплата услуг на проведение форумов, семинаров, конференций и на имиджевые мероприятия
A37: 1 | C37: 158 | D37: Ақпараттандыру саласындағы жұмыстар мен қызметтерге ақы төлеу | F37: 24173.75 | G37: Оплата работ и услуг в сфере информатизации
A38: 1 | C38: 159 | D38: Өзге де қызметтер мен жұмыстарға ақы төлеу | F38: 1844069.6 | G38: Оплата прочих услуг и работ
A39: L01 Категория расходов | B39: 160 | D39: Басқа да ағымдағы шығындар | F39: 618917.84 | G39: Другие текущие затраты
A40: 1 | B40: 160 | C40: 161 | D40: Ел iшiндегi iссапарлар мен қызметтiк сапарлар | F40: 23566.632 | G40: Командировки и служебные разъезды внутри страны
A41: 1 | C41: 162 | D41: Елден тыс жерлерге iссапарлар мен қызметтiк сапарлар | F41: 3022.9658 | G41: Командировки и служебные разъезды за пределы страны
A42: 1 | C42: 163 | D42: Жалпыға бiрдей мiндеттi орта бiлiм қорының шығындары | F42: 53252.462 | G42: Затраты Фонда всеобщего обязательного среднего образования
A43: 1 | C43: 165 | D43: Атқарушылық құжаттарының, сот актiлерiнiң орындалуы | F43: 63610.596 | G43: Исполнение исполнительных документов, судебных актов
A44: 1 | C44: 166 | D44: Сайлауға және саяси партиялардың қызметіне арналған шығыстар | F44: 504.96628 | G44: Расходы на выборы и деятельность политических партий
A45: 1 | C45: 168 | D45: Айыппұлдар, тұрақсыздық айыбы және басқа төлемдер | F45: 2646.5856 | G45: Штрафы, неустойка и другие платежи
A46: 1 | C46: 169 | D46: Өзге де ағымдағы шығындар | F46: 472313.63 | G46: Прочие текущие затраты
A47: L01 Категория расходов | B47: 210 | D47: Ішкі қарыздар бойынша сыйақы төлемдері | F47: 32429.074 | G47: Выплаты вознаграждений по внутренним займам
A48: 1 | B48: 210 | C48: 212 | D48: Жоғары тұрған бюджеттен жергiлiктi атқарушы органдар алған қарыздар бойынша сыйақы төлемдері | F48: 792.56418 | G48: Выплаты вознаграждений по займам, полученным из вышестоящего бюджета местными исполнительными органами
A49: 1 | C49: 213 | D49: Ішкі қарыздары бойынша сыйақыларды төлеу | F49: 31636.51 | G49: Выплаты вознаграждений по внутренним займам местных исполнительных органов
A50: L01 Категория расходов | B50: 310 | D50: Бюджеттік субсидиялар | F50: 969973.44 | G50: Бюджетные субсидии
A51: 1 | B51: 310 | C51: 311 | D51: Мемлекеттік кәсіпорындарға субсидиялар | F51: 179309.64 | G51: Субсидии государственным предприятиям
A52: 1 | C52: 312 | D52: Мемлекеттік кәсіпорындар болып табылмайтын заңды тұлғаларғасубсидиялар | F52: 709076.78 | G52: Субсидии юридическим лицам, не являющимися государственнымипредприятиями
A53: 1 | C53: 313 | D53: Жеке тұлғаларға субсидиялар | F53: 81587.023 | G53: Субсидии физическим лицам
A54: L01 Категория расходов | B54: 320 | D54: Жеке тұлғаларға берілетін трансферттер | F54: 259636.96 | G54: Трансферты физическим лицам
A55: 1 | B55: 320 | C55: 321 | D55: Құқық қорғау, арнаулы мемлекеттік органдардың, азаматтық қорғау органдарының қызметкерлеріне және әскери қызметшілерге төленетін тұрғын үй т | F55: 36744.035 | G55: Жилищные выплаты сотрудникам правоохранительных, специальных государственных органов, органов гражданской защиты и военнослужащим
A56: 1 | C56: 322 | D56: Жеке тұлғаларға берiлетiн трансферттер | F56: 176524.56 | G56: Трансферты физическим лицам
A57: 1 | C57: 324 | D57: Стипендиялар | F57: 46368.369 | G57: Стипендии
A58: L01 Категория расходов | B58: 330 | D58: Мемлекеттiк басқарудың басқа деңгейлерiне берiлетiн ағымдағытрансферттер | F58: 459894.25 | G58: Текущие трансферты другим уровням государственного управления
A59: 1 | B59: 330 | C59: 332 | D59: Бюджеттiк алып қоюлар | F59: 454873.88 | G59: Бюджетные изъятия
A60: 1 | C60: 336 | D60: Бюджет заңнамасымен қарастырылған жағдайларда жалпы сипаттағы трансферттерды қайтару | F60: 214.439 | G60: Возврат трансфертов общего характера в случаях, предусмотренных бюджетным законодательством
A61: 1 | C61: 338 | D61: Нысаналы трансферттерді қайтару | F61: 4805.9319 | G61: Возврат целевых трансфертов
A62: L01 Категория расходов | B62: 350 | D62: Өзге де ағымдағы трансферттер | F62: 30824.81 | G62: Прочие текущие трансферты
A63: 1 | B63: 350 | C63: 352 | D63: Қазақстан Республикасының Ұлттық қорынан тартылған қаражаттың бір бөлігін қайтару | F63: 21577.044 | G63: Возврат части средств, привлеченных из Национального фонда Республики Казахстан
A64: 1 | C64: 359 | D64: Өзге де ағымдағы трансферттер | F64: 9247.766 | G64: Прочие текущие трансферты
A65: L01 Категория расходов | B65: 360 | D65: Нысаналы жарна | F65: 4926.1507 | G65: Целевой взнос
A66: 1 | B66: 360 | C66: 361 | D66: Заңды тұлғаларға берілетін трансферттер | F66: 4926.1507 | G66: Трансферты юридическим лицам
A67: L01 Категория расходов | B67: 370 | D67: Гранттар | F67: 3088.0312 | G67: Гранты
A68: 1 | B68: 370 | C68: 374 | D68: Өзге де гранттар | F68: 3088.0312 | G68: Прочие гранты
A69: 2 | D69: Күрделі шығындар | F69: 1667705 | G69: Капитальные затраты
A70: L01 Категория расходов | B70: 410 | D70: Негiзгi құралдарды, материалдық емес және биологиялық активтерді сатып алу | F70: 406045.29 | G70: Приобретение основных средств, нематериальных и биологических активов
A71: 2 | B71: 410 | C71: 411 | D71: Жер сатып алу | F71: 100935.66 | G71: Приобретение земли
A72: 2 | C72: 412 | D72: Үй-жайлар, ғимараттар мен құрылыстарды, беру қондырғыларын сатып алу | F72: 212854.1 | G72: Приобретение помещений, зданий, сооружений, передаточных устройств
A73: 2 | C73: 413 | D73: Көлік құралдарын сатып алу | F73: 13885.234 | G73: Приобретение транспортных средств
A74: 2 | C74: 414 | D74: Машиналар, жабдықтар, өндірістік және шаруашылық мүккамал құралдарын сатып алу | F74: 47577.09 | G74: Приобретение машин, оборудования, инструментов, производственного и хозяйственного инвентаря
A75: 2 | C75: 416 | D75: Материалдық емес активтерді сатып алу | F75: 763.55586 | G75: Приобретение нематериальных активов
A76: 2 | C76: 417 | D76: Биологиялық активтерді сатып алу | F76: 69.456564 | G76: Приобретение биологических активов
A77: 2 | C77: 418 | D77: Мемлекеттік кәсіпорындарды материалдық-техникалық жарақтандыру | F77: 26516.971 | G77: Материально-техническое оснащение государственных предприятий
A78: 2 | C78: 419 | D78: Өзге де негізгі құралдарды сатып алу | F78: 3443.2148 | G78: Приобретение прочих основных средств
A79: L01 Категория расходов | B79: 420 | D79: Негізгі қаражатты күрделі жөндеу | F79: 135422.21 | G79: Капитальный ремонт основных средств
A80: 2 | B80: 420 | C80: 421 | D80: Жайларды, ғимараттарды, құрылыстарды беру қондырғыларын күрделі жөндеу | F80: 78113.325 | G80: Капитальный ремонт помещений, зданий, сооружений, передаточных устройств
A81: 2 | C81: 422 | D81: Жолдарды күрделі жөндеу | F81: 30589.184 | G81: Капитальный ремонт дорог
A82: 2 | C82: 423 | D82: Мемлекеттiк кәсiпорындардың жайларын, ғимараттарын, құрылыстарын күрделі жөндеу | F82: 25284.28 | G82: Капитальный ремонт помещений, зданий, сооружений государственных предприятий
A83: 2 | C83: 429 | D83: Өзге де негізгі қаражатты күрделі жөндеу | F83: 1435.4234 | G83: Капитальный ремонт прочих основных средств
A84: L01 Категория расходов | B84: 430 | D84: Дамуға бағытталған күрделі шығындар | F84: 1125605.7 | G84: Капитальные затраты, направленные на развитие
A85: 2 | B85: 430 | C85: 431 | D85: Жаңа объектілерді салу және қолдағы объектілерді реконструкциялау | F85: 959480.24 | G85: Строительство новых объектов и реконструкция имеющихся объектов
A86: 2 | C86: 432 | D86: Жолдар салу | F86: 165085.1 | G86: Строительство дорог
A87: 2 | C87: 435 | D87: Мемлекеттік кәсіпорындардың жаңа объектілерін салу және қолдағы бар объектілерін реконструкциялау | F87: 1040.3698 | G87: Строительство новых объектов и реконструкция имеющихся объектов государственных предприятий
A88: L01 Категория расходов | B88: 440 | D88: Дамуға арналған нысаналы трансферттер | F88: 631.827 | G88: Целевые трансферты на развитие
A89: 2 | B89: 440 | C89: 441 | D89: Мемлекеттік басқарудың басқа деңгейлерін дамытуға арналған нысаналы трансферттер | F89: 631.827 | G89: Целевые трансферты на развитие другим уровням государственного управления
A90: 3 | D90: Бюджеттік кредиттер | F90: 209617.4 | G90: Бюджетные кредиты
A91: L01 Категория расходов | B91: 510 | D91: Ішкі бюджеттік кредиттер | F91: 209617.4 | G91: Внутренние бюджетные кредиты
A92: 3 | B92: 510 | C92: 513 | D92: Мамандандырылған ұйымдарға бюджеттік кредиттер | F92: 136709.79 | G92: Бюджетные кредиты специализированным организациям
A93: 3 | C93: 514 | D93: Жеке тұлғаларға берілетін бюджеттік кредиттер | F93: 60.171 | G93: Бюджетные кредиты физическим лицам
A94: 3 | C94: 519 | D94: Өзге де ішкі бюджеттік кредиттер | F94: 72847.439 | G94: Прочие внутренние бюджетные кредиты
A95: 4 | D95: Қаржы активтерін сатып алу | F95: 263501.8 | G95: Приобретение финансовых активов
A96: L01 Категория расходов | B96: 610 | D96: Қаржы активтерін сатып алу | F96: 263501.8 | G96: Приобретение финансовых активов
A97: 4 | B97: 610 | C97: 612 | D97: Квазимемлекеттік сектордың жарғылық капиталын қалыптастыру және ұлғайту | F97: 263501.8 | G97: Формирование и увеличение уставных капиталов субъектов квазигосударственного сектора
A98: 6 | D98: Мемлекеттік-жекешелік әріптестік жобалар бойынша мемлекеттік міндеттемелерді орындау | F98: 65875.443 | G98: Выполнение государственных обязательств по проектам государственно-частного партнерства
A99: L01 Категория расходов | B99: 810 | D99: Мемлекеттік-жекешелік әріптестік жобалар және "Толық бітіріп берілетін" құрылыс жобалары (EPC-F) бойынша мемлекеттік міндет | F99: 65875.443 | G99: Выполнение государственных обязательств по проектам государственно-частного партнерства и проектам строительства "под ключ" (EPC-F)
A100: 6 | B100: 810 | C100: 812 | D100: Мемлекеттік-жекешелік әріптестік жобалар бойынша инвестициялық шығындарды өтеу бойынша мемлекеттік міндеттемелерді орындау | F100: 14448.717 | G100: Выполнение государственных обязательств по компенсации инвестиционных затрат по проектам государственно-частного партнерства
A101: 6 | C101: 813 | D101: Мемлекеттік-жекешелік әріптестік жобалар бойынша операциялық (пайдалану) шығындарды өтеу бойынша мемлекеттік міндеттемелерді орындау | F101: 25096.805 | G101: Выполнение государственных обязательств по компенсации операционных (эксплуатационных) затрат по проектам государственно-частного п
...

Sheet табл 12
A1: 12-кесте | E1: Таблица 12
A2: ЖЕРГІЛІКТІ БЮДЖЕТТЕРДІҢ АТҚАРЫЛУЫ | E2: ИСПОЛНЕНИЕ МЕСТНЫХ БЮДЖЕТОВ
A3: (млн.теңге) | E3: (млн. тенге)
A5: Атауы | B5: 2023 ж. есеп/ 2023 г. отчет | C5: 2024 ж. есеп/ 2024 г. отчет | D5: 2025 ж. есеп/ 2025 г. отчет | F5: 2026 ж. қантар-шілде есеп/январь-июль отчет 2026 г. | G5: Наименование
D6: жылдық/ годовой | E6: қантар-шілде/январь-июль
A7: 1 | B7: 2 | C7: 3 | D7: 4 | E7: 5 | F7: 6 | G7: 7
A8: I. КІРІСТЕР | B8: 13552443 | C8: 15346311 | D8: 17039799 | E8: 9284396.9 | F8: 8863362.6 | G8: I. ДОХОДЫ
A9: Салықтық түсімдер_x000D_ оның iшiнде: | B9: 5999776.2 | C9: 7392707.2 | D9: 8725097.5 | E9: 4833962.3 | F9: 4763833 | G9: Налоговые поступления,_x000D_ в том числе:
A10: корпоративтік табыс салығы | B10: 1156101.6 | C10: 1560100.6 | D10: 1789641.5 | E10: 1039754 | F10: 912540.17 | G10: корпоративный подоходный налог
A11: жеке табыс салығы | B11: 1992384.9 | C11: 2451640 | D11: 2859192.4 | E11: 1591651.2 | F11: 1609607.6 | G11: индивидуальный подоходный налог
A12: әлеуметтік салық | B12: 1321272.8 | C12: 1579329.4 | D12: 1866744.5 | E12: 1042470.7 | F12: 1017528.7 | G12: социальный налог
A13: акциздер | B13: 678325.27 | C13: 719720.32 | D13: 922591.39 | E13: 479115.09 | F13: 602790.18 | G13: акцизы
A14: Салықтық емес түсімдер | B14: 205639.7 | C14: 429128.27 | D14: 425962.39 | E14: 249412.25 | F14: 261992.59 | G14: Неналоговые поступления
A15: Негізгі капиталды сатудан түсетін түсімдер | B15: 181373.04 | C15: 195509.62 | D15: 172470.88 | E15: 101496.29 | F15: 126049.82 | G15: Поступления от продажи основного капитала
A16: Арнаулы түсімдер | B16: 0 | C16: 0 | D16: 0 | E16: 0 | F16: 91473.779 | G16: Специальные поступления
A17: Трансферттердің түсімдері | B17: 7165654.2 | C17: 7329228.8 | D17: 7716267.9 | E17: 4099526.1 | F17: 3620013.4 | G17: Поступления трансфертов
A18: II. ШЫҒЫНДАР | B18: 12885357 | C18: 15049842 | D18: 16743019 | E18: 8546029.3 | F18: 8895796.1 | G18: II. ЗАТРАТЫ
A19: 1. Жалпы сипаттағы мемлекеттiк қызметтер | B19: 498739.23 | C19: 626197.96 | D19: 629385.65 | E19: 331928.03 | F19: 324217.12 | G19: 1. Государственные услуги общего характера
... A45: Өтеу | B45: 229127.97 | C45: 296668.47 | D45: 236749.43 | E45: 103995.54 | F45: 310328.55 | G45: Погашение
A46: Сыртқы | B46: -1880.877 | C46: -868.7564 | D46: - | E46: - | F46: - | G46: Внешнее
A47: Түсімдер | B47: - | C47: - | D47: - | E47: - | F47: - | G47: Поступление
A48: Өтеу | B48: 1880.877 | C48: 868.7564 | D48: - | E48: - | F48: - | G48: Погашение

Sheet табл 12.1
A1: 12.1-кесте | E1: Таблица 12.1
A2: АҚМОЛА ОБЛЫСЫ | E2: ИСПОЛНЕНИЕ БЮДЖЕТА
A3: БЮДЖЕТІНІҢ АТҚАРЫЛУЫ | E3: АКМОЛИНСКАЯ ОБЛАСТЬ
A4: (млн.теңге) | E4: (млн. теңге)
A5: Атауы | B5: 2023 ж. есеп/ 2023 г. отчет | C5: 2024 ж. есеп/ 2024 г. отчет | D5: 2025 ж. есеп/ 2025 г. отчет | F5: 2026 ж. қантар-шілде есеп/январь-июль отчет 2026 г. | G5: Наименование
D6: жылдық/ годовой | E6: қантар-шілде/январь-июль
A7: 1 | B7: 2 | C7: 3 | D7: 4 | E7: 5 | F7: 6 | G7: 7
A8: I. КІРІСТЕР | B8: 630074.59 | C8: 707086.76 | D8: 714825.41 | E8: 400854.06 | F8: 386182.32 | G8: I. ДОХОДЫ
A9: Салықтық түсімдер_x000D_ оның iшiнде: | B9: 166838.2 | C9: 193200.14 | D9: 220429.75 | E9: 119577.38 | F9: 136575.24 | G9: Налоговые поступления,_x000D_ в том числе:
A10: корпоративтік табыс салығы | B10: 26898.106 | C10: 29578.991 | D10: 33713.57 | E10: 17554.029 | F10: 23845.662 | G10: корпоративный подоходный налог
A11: жеке табыс салығы | B11: 57696.794 | C11: 70347.91 | D11: 81501.176 | E11: 44643.509 | F11: 49749.93 | G11: индивидуальный подоходный налог
A12: әлеуметтік салық | B12: 36673.221 | C12: 43624.91 | D12: 51909.543 | E12: 27753.449 | F12: 29435.388 | G12: социальный налог
A13: акциздер | B13: 18706.909 | C13: 21122.258 | D13: 21806.271 | E13: 11772.111 | F13: 15395.646 | G13: акцизы
A14: Салықтық емес түсімдер | B14: 10031.309 | C14: 17228.574 | D14: 21042.885 | E14: 11192.096 | F14: 8520.4252 | G14: Неналоговые поступления
A15: Негізгі капиталды сатудан түсетін түсімдер | B15: 4230.2271 | C15: 6929.2453 | D15: 12047.529 | E15: 9093.4907 | F15: 3624.8325 | G15: Поступления от продажи основного капитала
A16: Арнаулы түсімдер | B16: 0 | C16: 0 | D16: 0 | E16: 0 | F16: 2700.7293 | G16: Специальные поступления
A17: Трансферттердің түсімдері | B17: 448974.85 | C17: 489728.81 | D17: 461305.25 | E17: 260991.1 | F17: 234761.09 | G17: Поступления трансфертов
A18: II. ШЫҒЫНДАР | B18: 629557.51 | C18: 718203.43 | D18: 719434.09 | E18: 384650.31 | F18: 381313.18 | G18: II. ЗАТРАТЫ
A19: 1. Жалпы сипаттағы мемлекеттiк қызметтер | B19: 34057.909 | C19: 38754.396 | D19: 38988.923 | E19: 21797.017 | F19: 19600.72 | G19: 1. Государственные услуги общего характера
... A43: VII. БЮДЖЕТТІҢ ТАПШЫЛЫҒЫН ҚАРЖЫЛАНДЫРУ (ПРОФИЦИТТІ ПАЙДАЛАНУ | B43: 13984.598 | C43: 12519.931 | D43: -8541.767 | E43: -15062.962 | F43: 8807.353 | G43: VII. ФИНАНСИРОВАНИЕ ДЕФИЦИТА (ИСПОЛЬЗОВАНИЕ ПРОФИЦИТА) БЮДЖЕТА
A44: Ішкі | B44: -28337.013 | C44: 15222.376 | D44: 90929.786 | E44: -172932.38 | F44: =F45-F46 -> 10497.467 | G44: Внутреннее
A45: Түсімдер | B45: -22220.166 | C45: 26195.917 | D45: 103628.81 | E45: -167362.97 | F45: 25847.596 | G45: Поступление
A46: Өтеу | B46: 6116.8467 | C46: 10973.542 | D46: 12699.028 | E46: 5569.4069 | F46: 15350.129 | G46: Погашение
A47: Сыртқы | B47: - | C47: - | D47: - | E47: - | F47: - | G47: Внешнее
A48: Түсімдер | B48: - | C48: - | D48: - | E48: - | F48: - | G48: Поступление
A49: Өтеу | B49: - | C49: - | D49: - | E49: - | F49: - | G49: Погашение

Sheet табл 12.2
A1: 12.2-кесте | E1: Таблица 12.2
A2: АҚТОБЕ ОБЛЫСЫ | E2: ИСПОЛНЕНИЕ БЮДЖЕТА
A3: БЮДЖЕТІНІҢ АТҚАРЫЛУЫ | E3: АКТЮБИНСКАЯ ОБЛАСТЬ
A4: (млн.теңге) | E4: (млн. теңге)
A5: Атауы | B5: 2023 ж. есеп/ 2023 г. отчет | C5: 2024 ж. есеп/ 2024 г. отчет | D5: 2025 ж. есеп/ 2025 г. отчет | F5: 2026 ж. қантар-шілде есеп/январь-июль отчет 2026 г. | G5: Наименование
D6: жылдық/ годовой | E6: қантар-шілде/январь-июль
A7: 1 | B7: 2 | C7: 3 | D7: 4 | E7: 5 | F7: 6 | G7: 7
A8: I. КІРІСТЕР | B8: 601085.02 | C8: 676122.67 | D8: 682561.21 | E8: 351918.83 | F8: 306027.99 | G8: I. ДОХОДЫ
A9: Салықтық түсімдер_x000D_ оның iшiнде: | B9: 217147.69 | C9: 258870.07 | D9: 286094.5 | E9: 163106.48 | F9: 157518.37 | G9: Налоговые поступления,_x000D_ в том числе:
A10: корпоративтік табыс салығы | B10: 27092.378 | C10: 35280.087 | D10: 44934.434 | E10: 26128.24 | F10: 23425.616 | G10: корпоративный подоходный налог
A11: жеке табыс салығы | B11: 71801.508 | C11: 89575.631 | D11: 99420.477 | E11: 57710.571 | F11: 54487.687 | G11: индивидуальный подоходный налог
A12: әлеуметтік салық | B12: 50661.538 | C12: 60866.559 | D12: 65271.952 | E12: 37677.079 | F12: 38662.583 | G12: социальный налог
A13: акциздер | B13: 12786.271 | C13: 18850.711 | D13: 17633.532 | E13: 9805.6733 | F13: 12073.106 | G13: акцизы
A14: Салықтық емес түсімдер | B14: 11013.336 | C14: 22063.261 | D14: 21654.327 | E14: 9526.3089 | F14: 10093.791 | G14: Неналоговые поступления
A15: Негізгі капиталды сатудан түсетін түсімдер | B15: 5032.1948 | C15: 6404.1867 | D15: 3527.6792 | E15: 2091.4493 | F15: 5781.8534 | G15: Поступления от продажи основного капитала
A16: Арнаулы түсімдер | B16: 0 | C16: 0 | D16: 0 | E16: 0 | F16: 9354.5052 | G16: Специальные поступления
A17: Трансферттердің түсімдері | B17: 367891.79 | C17: 388785.15 | D17: 371284.7 | E17: 177194.59 | F17: 123279.47 | G17: Поступления трансфертов
A18: II. ШЫҒЫНДАР | B18: 572439.64 | C18: 692559.6 | D18: 726133.96 | E18: 354665.11 | F18: 301701.15 | G18: II. ЗАТРАТЫ
A19: 1. Жалпы сипаттағы мемлекеттiк қызметтер | B19: 38185.996 | C19: 53420.173 | D19: 40421.998 | E19: 18793.709 | F19: 16990.2 | G19: 1. Государственные услуги общего характера
... A38: Қаржылық активтерді сатып алу | B38: 102 | C38: 194.7798 | D38: 892.082 | E38: 311.075 | F38: 138.5245 | G38: Приобретение финансовых активов
A39: Мемлекеттің қаржы активтерін сатудан түсетін түсімдер | F39: 364.352 | G39: Поступления от продажи финансовых активов государства
A40: V. БЮДЖЕТ ТАПШЫЛЫҒЫ (ПРОФИЦИТІ) | B40: 11136.075 | C40: -17543.714 | D40: -48235.745 | E40: -119.82452 | F40: 9451.1994 | G40: V. ДЕФИЦИТ (ПРОФИЦИТ) БЮДЖЕТА
A43: VII. БЮДЖЕТТІҢ ТАПШЫЛЫҒЫН ҚАРЖЫЛАНДЫРУ (ПРОФИЦИТТІ ПАЙДАЛАНУ | B43: -11136.075 | C43: 17543.714 | D43: -48235.745 | E43: 119.82452 | F43: -9451.1994 | G43: VII. ФИНАНСИРОВАНИЕ ДЕФИЦИТА (ИСПОЛЬЗОВАНИЕ ПРОФИЦИТА) БЮДЖЕТА
A44: Ішкі | B44: -312074.58 | C44: -6027.6511 | D44: 548137.26 | E44: 102225.69 | F44: =F45-F46 -> -20517.172 | G44: Внутреннее
A45: Түсімдер | B45: -301203.36 | C45: 7654.2188 | D45: 558874.71 | E45: 111388.21 | F45: 3174.816 | G45: Поступление
A46: Өтеу | B46: 10871.218 | C46: 13681.87 | D46: 10737.449 | E46: 9162.5266 | F46: 23691.988 | G46: Погашение
A47: Сыртқы | B47: - | C47: - | D47: - | E47: - | F47: - | G47: Внешнее
A48: Түсімдер | B48: - | C48: - | D48: - | E48: - | F48: - | G48: Поступление
A49: Өтеу | B49: - | C49: - | D49: - | E49: - | F49: - | G49: Погашение

Sheet табл 12.3
A1: 12.3-кесте | E1: Таблица 12.3
A2: АЛМАТЫ ОБЛЫСЫ | E2: ИСПОЛНЕНИЕ БЮДЖЕТА
A3: БЮДЖЕТІНІҢ АТҚАРЫЛУЫ | E3: АЛМАТИНСКАЯ ОБЛАСТЬ
A4: (млн.теңге) | E4: (млн. теңге)
A5: Атауы | B5: 2023 ж. есеп/ 2023 г. отчет | C5: 2024 ж. есеп/ 2024 г. отчет | D5: 2025 ж. есеп/ 2025 г. отчет | F5: 2026 ж. қантар-шілде есеп/январь-июль отчет 2026 г. | G5: Наименование
D6: жылдық/ годовой | E6: қантар-шілде/январь-июль
A7: 1 | B7: 2 | C7: 3 | D7: 4 | E7: 5 | F7: 6 | G7: 7
A8: I. КІРІСТЕР | B8: 755699.04 | C8: 832469.88 | D8: 945126.85 | E8: 527583.04 | F8: 492696.26 | G8: I. ДОХОДЫ
A9: Салықтық түсімдер_x000D_ оның iшiнде: | B9: 388446.56 | C9: 491276.75 | D9: 596132.41 | E9: 336375.22 | F9: 375354.95 | G9: Налоговые поступления,_x000D_ в том числе:
A10: корпоративтік табыс салығы | B10: 34158.596 | C10: 57113.634 | D10: 71617.514 | E10: 43994.928 | F10: 28490.657 | G10: корпоративный подоходный налог
A11: жеке табыс салығы | B11: 85030.922 | C11: 118580.99 | D11: 120514.16 | E11: 69175.615 | F11: 69114.479 | G11: индивидуальный подоходный налог
A12: әлеуметтік салық | B12: 40395.425 | C12: 54091.398 | D12: 65531.412 | E12: 35768.339 | F12: 37898.42 | G12: социальный налог
A13: акциздер | B13: 199121.45 | C13: 226071.95 | D13: 296091.65 | E13: 160712.32 | F13: 202023.41 | G13: акцизы
A14: Салықтық емес түсімдер | B14: 5738.8874 | C14: 20653.374 | D14: 21231.435 | E14: 9839.3319 | F14: 16226.358 | G14: Неналоговые поступления
A15: Негізгі капиталды сатудан түсетін түсімдер | B15: 6153.3465 | C15: 8607.4865 | D15: 11238.27 | E15: 6435.9816 | F15: 7978.745 | G15: Поступления от продажи основного капитала
A16: Арнаулы түсімдер | B16: 0 | C16: 0 | D16: 0 | E16: 0 | F16: 1652.0082 | G16: Специальные поступления
A17: Трансферттердің түсімдері | B17: 355360.25 | C17: 311933.66 | D17: 316524.73 | E17: 174932.5 | F17: 91484.201 | G17: Поступления трансфертов
A18: II. ШЫҒЫНДАР | B18: 752774.03 | C18: 838922.5 | D18: 958728.51 | E18: 488840.25 | F18: 481350.88 | G18: II. ЗАТРАТЫ
A19: 1. Жалпы сипаттағы мемлекеттiк қызметтер | B19: 26808.017 | C19: 24546.153 | D19: 29034.055 | E19: 16473.846 | F19: 15570.336 | G19: 1. Государственные услуги общего характера
... A38: Қаржылық активтерді сатып алу | B38: 7439.182 | C38: 8291.7479 | D38: 6648.0107 | E38: 6322.458 | F38: 3377.828 | G38: Приобретение финансовых активов
A39: Мемлекеттің қаржы активтерін сатудан түсетін түсімдер | B39: 5.1049999 | D39: 4.946728 | E39: 4.946728 | G39: Поступления от продажи финансовых активов государства
A40: V. БЮДЖЕТ ТАПШЫЛЫҒЫ (ПРОФИЦИТІ) | B40: -32271.614 | C40: -19347.425 | D40: -27968.214 | E40: 34510.08 | F40: 9232.9438 | G40: V. ДЕФИЦИТ (ПРОФИЦИТ) БЮДЖЕТА
A43: VII. БЮДЖЕТТІҢ ТАПШЫЛЫҒЫН ҚАРЖЫЛАНДЫРУ (ПРОФИЦИТТІ ПАЙДАЛАНУ | B43: 32271.614 | C43: 19347.425 | D43: -27968.214 | E43: -34510.08 | F43: -9232.9438 | G43: VII. ФИНАНСИРОВАНИЕ ДЕФИЦИТА (ИСПОЛЬЗОВАНИЕ ПРОФИЦИТА) БЮДЖЕТА
A44: Ішкі | B44: 76147.561 | C44: 3774.7945 | D44: 101339.24 | E44: -358213.61 | F44: =F45-F46 -> -126.27165 | G44: Внутреннее
A45: Түсімдер | B45: 80801.049 | C45: 15303.941 | D45: 111919.04 | E45: -350451.12 | F45: 10551.428 | G45: Поступление
A46: Өтеу | B46: 4653.4875 | C46: 11529.146 | D46: 10579.794 | E46: 7762.4859 | F46: 10677.7 | G46: Погашение
A47: Сыртқы | B47: - | C47: - | D47: - | E47: - | F47: - | G47: Внешнее
A48: Түсімдер | B48: - | C48: - | D48: - | E48: - | F48: - | G48: Поступление
A49: Өтеу | B49: - | C49: - | D49: - | E49: - | F49: - | G49: Погашение

Sheet табл 12.4
A1: 12.4-кесте | E1: Таблица 12.4
A2: АТЫРАУ ОБЛЫСЫ | E2: ИСПОЛНЕНИЕ БЮДЖЕТА
A3: БЮДЖЕТІНІҢ АТҚАРЫЛУЫ | E3: АТЫРАУСКАЯ ОБЛАСТЬ
A4: (млн.теңге) | E4: (млн. теңге)
A5: Атауы | B5: 2023 ж. есеп/ 2023 г. отчет | C5: 2024 ж. есеп/ 2024 г. отчет | D5: 2025 ж. есеп/ 2025 г. отчет | F5: 2026 ж. қантар-шілде есеп/январь-июль отчет 2026 г. | G5: Наименование
D6: жылдық/ годовой | E6: қантар-шілде/январь-июль
A7: 1 | B7: 2 | C7: 3 | D7: 4 | E7: 5 | F7: 6 | G7: 7
A8: I. КІРІСТЕР | B8: 733369.76 | C8: 898777.25 | D8: 970437.13 | E8: 486966.94 | F8: 426004.98 | G8: I. ДОХОДЫ
A9: Салықтық түсімдер_x000D_ оның iшiнде: | B9: 643622.37 | C9: 783514.64 | D9: 891220.75 | E9: 456408.82 | F9: 397314.64 | G9: Налоговые поступления,_x000D_ в том числе:
A10: корпоративтік табыс салығы | B10: 74074.302 | C10: 60322.062 | D10: 62684.029 | E10: 35299.441 | F10: 40947.946 | G10: корпоративный подоходный налог
A11: жеке табыс салығы | B11: 176724.85 | C11: 170721.06 | D11: 159908.09 | E11: 96854.314 | F11: 85004.155 | G11: индивидуальный подоходный налог
A12: әлеуметтік салық | B12: 161262.4 | C12: 161395.59 | D12: 159621.05 | E12: 96679.66 | F12: 84123.902 | G12: социальный налог
A13: акциздер | B13: 120507.84 | C13: 122879.83 | D13: 161080.09 | E13: 89265.532 | F13: 104242.32 | G13: акцизы
A14: Салықтық емес түсімдер | B14: 16168.04 | C14: 32940.563 | D14: 17182.158 | E14: 11122.404 | F14: 7057.9983 | G14: Неналоговые поступления
A15: Негізгі капиталды сатудан түсетін түсімдер | B15: 2333.9873 | C15: 2568.7507 | D15: 2234.6395 | E15: 1187.3091 | F15: 1209.5627 | G15: Поступления от продажи основного капитала
A16: Арнаулы түсімдер | B16: 0 | C16: 0 | D16: 0 | E16: 0 | F16: 12329.235 | G16: Специальные поступления
A17: Трансферттердің түсімдері | B17: 71245.364 | C17: 79753.298 | D17: 59799.576 | E17: 18248.405 | F17: 8093.551 | G17: Поступления трансфертов
A18: II. ШЫҒЫНДАР | B18: 670273.07 | C18: 939255.77 | D18: 947576.92 | E18: 470477.73 | F18: 447713.78 | G18: II. ЗАТРАТЫ
A19: 1. Жалпы сипаттағы мемлекеттiк қызметтер | B19: 18263.609 | C19: 30985.339 | D19: 27972.617 | E19: 15771.058 | F19: 13499.342 | G19: 1. Государственные услуги общего характера
... A43: VII. БЮДЖЕТТІҢ ТАПШЫЛЫҒЫН ҚАРЖЫЛАНДЫРУ (ПРОФИЦИТТІ ПАЙДАЛАНУ | B43: -46715.894 | C43: 57025.507 | D43: 6764.4027 | E43: -4043.3515 | F43: 29614.419 | G43: VII. ФИНАНСИРОВАНИЕ ДЕФИЦИТА (ИСПОЛЬЗОВАНИЕ ПРОФИЦИТА) БЮДЖЕТА
A44: Ішкі | B44: -471715.14 | C44: 643064.31 | D44: -86366.095 | E44: -22904.702 | F44: =F45-F46 -> 8300.7507 | G44: Внутреннее
A45: Түсімдер | B45: -461025.59 | C45: 652859.24 | D45: -84037.412 | E45: -20576.019 | F45: 11357.812 | G45: Поступление
A46: Өтеу | B46: 10689.549 | C46: 9794.9234 | D46: 2328.6832 | E46: 2328.6832 | F46: 3057.0616 | G46: Погашение
A47: Сыртқы | B47: - | C47: - | D47: - | E47: - | F47: - | G47: Внешнее
A48: Түсімдер | B48: - | C48: - | D48: - | E48: - | F48: - | G48: Поступление
A49: Өтеу | B49: - | C49: - | D49: - | E49: - | F49: - | G49: Погашение

Sheet табл 12.5
A1: 12.5-кесте | E1: Таблица 12.5
A2: ШЫҒЫС-ҚАЗАҚСТАН ОБЛЫСЫ | E2: ИСПОЛНЕНИЕ БЮДЖЕТА
A3: БЮДЖЕТІНІҢ АТҚАРЫЛУЫ | E3: ВОСТ-КАЗАХСТАНСКАЯ ОБЛАСТЬ
A4: (млн.теңге) | E4: (млн. теңге)
A5: Атауы | B5: 2023 ж. есеп/ 2023 г. отчет | C5: 2024 ж. есеп/ 2024 г. отчет | D5: 2025 ж. есеп/ 2025 г. отчет | F5: 2026 ж. қантар-шілде есеп/январь-июль отчет 2026 г. | G5: Наименование
D6: жылдық/ годовой | E6: қантар-шілде/январь-июль
A7: 1 | B7: 2 | C7: 3 | D7: 4 | E7: 5 | F7: 6 | G7: 7
A8: I. КІРІСТЕР | B8: 485874.5 | C8: 554729.11 | D8: 583888.09 | E8: 303139.31 | F8: 308511.91 | G8: I. ДОХОДЫ
A9: Салықтық түсімдер_x000D_ оның iшiнде: | B9: 164390.14 | C9: 205394.71 | D9: 237485.49 | E9: 128576.33 | F9: 123184.96 | G9: Налоговые поступления,_x000D_ в том числе:
A10: корпоративтік табыс салығы | B10: 31322.068 | C10: 43204.659 | D10: 59220.777 | E10: 31286.826 | F10: 27719.305 | G10: корпоративный подоходный налог
A11: жеке табыс салығы | B11: 63550.133 | C11: 79837.166 | D11: 88780.744 | E11: 48020.912 | F11: 47905.941 | G11: индивидуальный подоходный налог
A12: әлеуметтік салық | B12: 44809.692 | C12: 53880.619 | D12: 60465.79 | E12: 32462.306 | F12: 31972.681 | G12: социальный налог
A13: акциздер | B13: 170.14397 | C13: 180.05535 | D13: 197.25448 | E13: 108.54467 | F13: 176.00247 | G13: акцизы
A14: Салықтық емес түсімдер | B14: 5257.0033 | C14: 6223.1357 | D14: 6456.1827 | E14: 3312.9212 | F14: 5387.0424 | G14: Неналоговые поступления
A15: Негізгі капиталды сатудан түсетін түсімдер | B15: 6863.7925 | C15: 6662.0791 | D15: 5734.8132 | E15: 1564.5763 | F15: 3348.7583 | G15: Поступления от продажи основного капитала
A16: Арнаулы түсімдер | B16: 0 | C16: 0 | D16: 0 | E16: 0 | F16: 2397.0693 | G16: Специальные поступления
A17: Трансферттердің түсімдері | B17: 309363.57 | C17: 336555.96 | D17: 334211.6 | E17: 169685.48 | F17: 174194.08 | G17: Поступления трансфертов
A18: II. ШЫҒЫНДАР | B18: 474312.87 | C18: 547229.27 | D18: 614799.29 | E18: 297468.31 | F18: 334406.46 | G18: II. ЗАТРАТЫ
A19: 1. Жалпы сипаттағы мемлекеттiк қызметтер | B19: 28901.504 | C19: 34187.037 | D19: 28134.426 | E19: 15618.426 | F19: 18047.282 | G19: 1. Государственные услуги общего характера
... A43: VII. БЮДЖЕТТІҢ ТАПШЫЛЫҒЫН ҚАРЖЫЛАНДЫРУ (ПРОФИЦИТТІ ПАЙДАЛАНУ | B43: 6543.5716 | C43: 5586.7251 | D43: -38170.05 | E43: -6389.4847 | F43: 23988.919 | G43: VII. ФИНАНСИРОВАНИЕ ДЕФИЦИТА (ИСПОЛЬЗОВАНИЕ ПРОФИЦИТА) БЮДЖЕТА
A44: Ішкі | B44: -63401.59 | C44: 77150.073 | D44: -61438.33 | E44: -291089.12 | F44: =F45-F46 -> 29771.628 | G44: Внутреннее
A45: Түсімдер | B45: -54752.567 | C45: 95076.792 | D45: -50940.789 | E45: -283336 | F45: 33769.937 | G45: Поступление
A46: Өтеу | B46: 8649.0233 | C46: 17926.718 | D46: 10497.541 | E46: 7753.1232 | F46: 3998.3088 | G46: Погашение
A47: Сыртқы | B47: - | C47: - | D47: - | E47: - | F47: - | G47: Внешнее
A48: Түсімдер | B48: - | C48: - | D48: - | E48: - | F48: - | G48: Поступление
A49: Өтеу | B49: - | C49: - | D49: - | E49: - | F49: - | G49: Погашение

Sheet табл 12.6
A1: 12.6-кесте | E1: Таблица 12.6
A2: ЖАМБЫЛ ОБЛЫСЫ | E2: ИСПОЛНЕНИЕ БЮДЖЕТА
A3: БЮДЖЕТІНІҢ АТҚАРЫЛУЫ | E3: ЖАМБЫЛСКАЯ ОБЛАСТЬ
A4: (млн.теңге) | E4: (млн. теңге)
A5: Атауы | B5: 2023 ж. есеп/ 2023 г. отчет | C5: 2024 ж. есеп/ 2024 г. отчет | D5: 2025 ж. есеп/ 2025 г. отчет | F5: 2026 ж. қантар-шілде есеп/январь-июль отчет 2026 г. | G5: Наименование
D6: жылдық/ годовой | E6: қантар-шілде/январь-июль
A7: 1 | B7: 2 | C7: 3 | D7: 4 | E7: 5 | F7: 6 | G7: 7
A8: I. КІРІСТЕР | B8: 647650.25 | C8: 701413.92 | D8: 774130.45 | E8: 432837.61 | F8: 446952.13 | G8: I. ДОХОДЫ
A9: Салықтық түсімдер_x000D_ оның iшiнде: | B9: 128310.79 | C9: 152453.16 | D9: 179633.21 | E9: 101047.55 | F9: 103188.33 | G9: Налоговые поступления,_x000D_ в том числе:
A10: корпоративтік табыс салығы | B10: 11965.332 | C10: 17174.038 | D10: 20124.099 | E10: 10952.429 | F10: 12222.428 | G10: корпоративный подоходный налог
A11: жеке табыс салығы | B11: 46482.26 | C11: 59716.78 | D11: 67942.278 | E11: 38884.774 | F11: 38345.453 | G11: индивидуальный подоходный налог
A12: әлеуметтік салық | B12: 33811.337 | C12: 39604.881 | D12: 45604.252 | E12: 25471.211 | F12: 26747.375 | G12: социальный налог
A13: акциздер | B13: 3309.4974 | C13: 3204.864 | D13: 3532.1678 | E13: 1773.4714 | F13: 2799.4822 | G13: акцизы
A14: Салықтық емес түсімдер | B14: 11502.799 | C14: 15521.033 | D14: 16164.352 | E14: 7323.1747 | F14: 10614.715 | G14: Неналоговые поступления
A15: Негізгі капиталды сатудан түсетін түсімдер | B15: 10922.824 | C15: 11602.388 | D15: 19365.236 | E15: 8540.9726 | F15: 7085.9508 | G15: Поступления от продажи основного капитала
A16: Арнаулы түсімдер | B16: 0 | C16: 0 | D16: 0 | E16: 0 | F16: 5372.3054 | G16: Специальные поступления
A17: Трансферттердің түсімдері | B17: 496913.84 | C17: 521837.33 | D17: 558967.65 | E17: 315925.92 | F17: 320690.83 | G17: Поступления трансфертов
A18: II. ШЫҒЫНДАР | B18: 630861.77 | C18: 727944.33 | D18: 795668.79 | E18: 424546.71 | F18: 443849.94 | G18: II. ЗАТРАТЫ
A19: 1. Жалпы сипаттағы мемлекеттiк қызметтер | B19: 27013.526 | C19: 28305.006 | D19: 30902.468 | E19: 17267.892 | F19: 17150.958 | G19: 1. Государственные услуги общего характера
... A38: Қаржылық активтерді сатып алу | B38: 1147.061 | C38: 1540.7038 | D38: 510.63108 | E38: 322.63108 | F38: 21 | G38: Приобретение финансовых активов
A39: Мемлекеттің қаржы активтерін сатудан түсетін түсімдер | F39: 10.805 | G39: Поступления от продажи финансовых активов государства
A40: V. БЮДЖЕТ ТАПШЫЛЫҒЫ (ПРОФИЦИТІ) | B40: -10370.017 | C40: -40655.204 | D40: -30328.246 | E40: 10780.672 | F40: 8005.0634 | G40: V. ДЕФИЦИТ (ПРОФИЦИТ) БЮДЖЕТА
A43: VII. БЮДЖЕТТІҢ ТАПШЫЛЫҒЫН ҚАРЖЫЛАНДЫРУ (ПРОФИЦИТТІ ПАЙДАЛАНУ | B43: 10370.017 | C43: 40655.204 | D43: -30328.246 | E43: -10780.672 | F43: -8005.0634 | G43: VII. ФИНАНСИРОВАНИЕ ДЕФИЦИТА (ИСПОЛЬЗОВАНИЕ ПРОФИЦИТА) БЮДЖЕТА
A44: Ішкі | B44: -97791.222 | C44: 241677.71 | D44: 33289.077 | E44: -141343.83 | F44: =F45-F46 -> -9081.1542 | G44: Внутреннее
A45: Түсімдер | B45: -78965.845 | C45: 269955.92 | D45: 54443.794 | E45: -134385.29 | F45: 20025.374 | G45: Поступление
A46: Өтеу | B46: 18825.377 | C46: 28278.215 | D46: 21154.717 | E46: 6958.5386 | F46: 29106.528 | G46: Погашение
A47: Сыртқы | B47: - | C47: - | D47: - | E47: - | F47: - | G47: Внешнее
A48: Түсімдер | B48: - | C48: - | D48: - | E48: - | F48: - | G48: Поступление
A49: Өтеу | B49: - | C49: - | D49: - | E49: - | F49: - | G49: Погашение

Sheet табл 12.7
A1: 12.7-кесте | E1: Таблица 12.7
A2: БАТЫС ҚАЗАҚСТАН ОБЛЫСЫ | E2: ИСПОЛНЕНИЕ БЮДЖЕТА
A3: БЮДЖЕТІНІҢ АТҚАРЫЛУЫ | E3: ЗАП-КАЗАХСТАНСКАЯ ОБЛАСТЬ
A4: (млн.теңге) | E4: (млн. теңге)
A5: Атауы | B5: 2023 ж. есеп/ 2023 г. отчет | C5: 2024 ж. есеп/ 2024 г. отчет | D5: 2025 ж. есеп/ 2025 г. отчет | F5: 2026 ж. қантар-шілде есеп/январь-июль отчет 2026 г. | G5: Наименование
D6: жылдық/ годовой | E6: қантар-шілде/январь-июль
A7: 1 | B7: 2 | C7: 3 | D7: 4 | E7: 5 | F7: 6 | G7: 7
A8: I. КІРІСТЕР | B8: 453047.34 | C8: 532073.16 | D8: 569567.64 | E8: 300224.04 | F8: 251063.46 | G8: I. ДОХОДЫ
A9: Салықтық түсімдер_x000D_ оның iшiнде: | B9: 176101.88 | C9: 197849.71 | D9: 217938.68 | E9: 129535.32 | F9: 119365.77 | G9: Налоговые поступления,_x000D_ в том числе:
A10: корпоративтік табыс салығы | B10: 23819.677 | C10: 29745.342 | D10: 30969.328 | E10: 20104.875 | F10: 14661.682 | G10: корпоративный подоходный налог
A11: жеке табыс салығы | B11: 60446.744 | C11: 71402.108 | D11: 77767.64 | E11: 44727.732 | F11: 42654.774 | G11: индивидуальный подоходный налог
A12: әлеуметтік салық | B12: 65791.879 | C12: 73256 | D12: 77061.318 | E12: 47351.809 | F12: 46542.985 | G12: социальный налог
A13: акциздер | B13: 4116.8709 | C13: 2316.8132 | D13: 3742.845 | E13: 1219.6526 | F13: 2180.2802 | G13: акцизы
A14: Салықтық емес түсімдер | B14: 5184.1237 | C14: 6731.9796 | D14: 9633.2014 | E14: 4877.435 | F14: 4826.3549 | G14: Неналоговые поступления
A15: Негізгі капиталды сатудан түсетін түсімдер | B15: 8859.4531 | C15: 6142.5363 | D15: 12106.013 | E15: 7301.5691 | F15: 5004.2037 | G15: Поступления от продажи основного капитала
A16: Арнаулы түсімдер | B16: 0 | C16: 0 | D16: 0 | E16: 0 | F16: 4599.7888 | G16: Специальные поступления
A17: Трансферттердің түсімдері | B17: 262901.88 | C17: 321348.93 | D17: 329889.74 | E17: 158509.71 | F17: 117267.34 | G17: Поступления трансфертов
A18: II. ШЫҒЫНДАР | B18: 445141.74 | C18: 559071.76 | D18: 578762.29 | E18: 289783.51 | F18: 253803.61 | G18: II. ЗАТРАТЫ
A19: 1. Жалпы сипаттағы мемлекеттiк қызметтер | B19: 23456.157 | C19: 42350.09 | D19: 36137.943 | E19: 17329.035 | F19: 13348.46 | G19: 1. Государственные услуги общего характера
... A26: 8. Мәдениет, спорт, туризм және ақпараттық кеңістiк | B26: 24486.839 | C26: 28783.009 | D26: 38037.312 | E26: 20137.742 | F26: 18360.786 | G26: 8. Культура, спорт, туризм и информационное пространство
A27: 9. Отын-энергетика кешенi және жер қойнауын пайдалану | B27: 3881.0404 | C27: 5724.5984 | D27: 4111.237 | E27: 2001.6993 | F27: - | G27: 9. Топливно-энергетический комплекс и недропользование
A28: 10. Ауыл, су, орман, балық шаруашылығы, ерекше қорғалатын табиғи аумақтар, қоршаған ортаны және жануарлар дүниесін қорғау, жер қатынастары | B28: 28162.505 | C28: 44859.705 | D28: 50717.513 | E28: 24414.875 | F28: 18633.668 | G28: 10. Сельское, водное, лесное, рыбное хозяйство, особо охраняемые природные территории, охрана окружающей среды и животного мира, земельные отношения
A29: 11. Өнеркәсіп, сәулет, қала құрылысы және құрылыс қызметі | B29: 1894.329 | C29: 8254.598 | D29: 1458.1904 | E29: 767.40665 | F29: 728.45674 | G29: 11. Промышленность, архитектурная, градостроительная и строительная деятельность
A30: 12. Көлiк және коммуникация | B30: 41557.621 | C30: 53384.791 | D30: 63174.251 | E30: 32054.17 | F30: 17973.732 | G30: 12. Транспорт и коммуникации
A31: 13. Басқалар | B31: 12712.503 | C31: 18318.993 | D31: 18714.186 | E31: 8366.0507 | F31: 4871.7277 | G31: 13. Прочие
A32: 14. Борышқа қызмет көрсету | B32: 1789.2801 | C32: 1763.5418 | D32: 1955.2655 | E32: 588.92858 | F32: 2529.1966 | G32: 14. Обслуживание долга
A33: 15. Трансферттер | B33: 8693.7776 | C33: 2326.4282 | D33: 433.53012 | E33: 427.49042 | F33: 2330.4824 | G33: 15. Трансферты
A34: III. ТАЗА БЮДЖЕТТІК КРЕДИТ БЕРУ | B34: 13489.729 | C34: 8075.4857 | D34: 18988.328 | E34: 65.201548 | F34: 12914.371 | G34: III. ЧИСТОЕ БЮДЖЕТНОЕ КРЕДИТОВАНИЕ
A35: Бюджеттік кредиттер | B35: 16625.844 | C35: 13886.675 | D35: 25765.359 | E35: 4854.069 | F35: 19439.948 | G35: Бюджетные кредиты
A36: Бюджеттік кредиттерді өтеу | B36: 3136.1149 | C36: 5811.1896 | D36: 6777.0312 | E36: 4788.8675 | F36: 6525.5765 | G36: Погашение бюджетных кредитов
A37: IV. ҚАРЖЫ АКТИВТЕРІМЕН ОПЕРАЦИЯЛАР БОЙЫНША САЛЬДО - ҚАРЖЫ АК | B37: 12.583 | C37: 2001.398 | D37: 40.07288 | E37: 17.67 | G37: IV. САЛЬДО ПО ОПЕРАЦИЯМ С ФИНАНСОВЫМИ АКТИВАМИ
A38: Қаржылық активтерді сатып алу | B38: 12.583 | C38: 2001.398 | D38: 40.07288 | E38: 17.67 | G38: Приобретение финансовых активов
A39: V. БЮДЖЕТ ТАПШЫЛЫҒЫ (ПРОФИЦИТІ) | B39: -5596.7209 | C39: -37075.479 | D39: -28223.054 | E39: 10357.656 | F39: -15654.524 | G39: V. ДЕФИЦИТ (ПРОФИЦИТ) БЮДЖЕТА
A42: VII. БЮДЖЕТТІҢ ТАПШЫЛЫҒЫН ҚАРЖЫЛАНДЫРУ (ПРОФИЦИТТІ ПАЙДАЛАНУ | B42: 5596.7209 | C42: 37075.479 | D42: -28223.054 | E42: -10357.656 | F42: 15654.524 | G42: VII. ФИНАНСИРОВАНИЕ ДЕФИЦИТА (ИСПОЛЬЗОВАНИЕ ПРОФИЦИТА) БЮДЖЕТА
A43: Ішкі | B43: -126662.63 | C43: 232779.58 | D43: 31971.36 | E43: -138436.23 | F43: =F44-F45 -> 25343.1 | G43: Внутреннее
A44: Түсімдер | B44: -119750.59 | C44: 242914.29 | D44: 44629.223 | E44: -130563.39 | F44: 53619.758 | G44: Поступление
A45: Өтеу | B45: 6912.0418 | C45: 10134.71 | D45: 12657.863 | E45: 7872.8369 | F45: 28276.658 | G45: Погашение
A46: Сыртқы | B46: - | C46: - | D46: - | E46: - | F46: - | G46: Внешнее
A47: Түсімдер | B47: - | C47: - | D47: - | E47: - | F47: - | G47: Поступление
A48: Өтеу | B48: - | C48: - | D48: - | E48: - | F48: - | G48: Погашение

Sheet табл 12.8
A1: 12.8-кесте | E1: Таблица 12.8
A2: ҚАРАҒАНДЫ ОБЛЫСЫ | E2: ИСПОЛНЕНИЕ БЮДЖЕТА
A3: БЮДЖЕТІНІҢ АТҚАРЫЛУЫ | E3: КАРАГАНДИНСКАЯ ОБЛАСТЬ
A4: (млн.теңге) | E4: (млн. теңге)
A5: Атауы | B5: 2023 ж. есеп/ 2023 г. отчет | C5: 2024 ж. есеп/ 2024 г. отчет | D5: 2025 ж. есеп/ 2025 г. отчет | F5: 2026 ж. қантар-шілде есеп/январь-июль отчет 2026 г. | G5: Наименование
D6: жылдық/ годовой | E6: қантар-шілде/январь-июль
A7: 1 | B7: 2 | C7: 3 | D7: 4 | E7: 5 | F7: 6 | G7: 7
A8: I. КІРІСТЕР | B8: 686571.15 | C8: 782542.05 | D8: 831509.34 | E8: 477225.36 | F8: 442233.51 | G8: I. ДОХОДЫ
A9: Салықтық түсімдер_x000D_ оның iшiнде: | B9: 279296.66 | C9: 347457.48 | D9: 410446.96 | E9: 231919.49 | F9: 219754.5 | G9: Налоговые поступления,_x000D_ в том числе:
A10: корпоративтік табыс салығы | B10: 50643.141 | C10: 65372.599 | D10: 74607.447 | E10: 40976.222 | F10: 36162.197 | G10: корпоративный подоходный налог
A11: жеке табыс салығы | B11: 100657.78 | C11: 130633.83 | D11: 153920.22 | E11: 87870.576 | F11: 89403.351 | G11: индивидуальный подоходный налог
A12: әлеуметтік салық | B12: 70479.115 | C12: 85429.921 | D12: 103173.56 | E12: 58489.281 | F12: 59832.007 | G12: социальный налог
A13: акциздер | B13: 8092.5258 | C13: 7686.1147 | D13: 8381.385 | E13: 4873.6751 | F13: 5389.8284 | G13: акцизы
A14: Салықтық емес түсімдер | B14: 11211.452 | C14: 27590.047 | D14: 13643.166 | E14: 6946.295 | F14: 10441.449 | G14: Неналоговые поступления
A15: Негізгі капиталды сатудан түсетін түсімдер | B15: 3103.0047 | C15: 4608.7489 | D15: 6493.648 | E15: 3719.2537 | F15: 4461.0613 | G15: Поступления от продажи основного капитала
A16: Арнаулы түсімдер | B16: 0 | C16: 0 | D16: 0 | E16: 0 | F16: 14272.505 | G16: Специальные поступления
A17: Трансферттердің түсімдері | B17: 392960.03 | C17: 402885.77 | D17: 400925.57 | E17: 234640.31 | F17: 193303.99 | G17: Поступления трансфертов
A18: II. ШЫҒЫНДАР | B18: 673296.69 | C18: 795649.24 | D18: 841950.34 | E18: 432742.35 | F18: 428116.9 | G18: II. ЗАТРАТЫ
A19: 1. Жалпы сипаттағы мемлекеттiк қызметтер | B19: 28618.703 | C19: 34271.162 | D19: 38635.359 | E19: 22243.079 | F19: 19809.538 | G19: 1. Государственные услуги общего характера
... A38: Қаржылық активтерді сатып алу | B38: 6551.8835 | C38: 1358.875 | D38: 3150.579 | E38: 512.98849 | F38: 3337.7766 | G38: Приобретение финансовых активов
A39: Мемлекеттің қаржы активтерін сатудан түсетін түсімдер | B39: 15.432563 | C39: 59.587433 | D39: 57.317661 | E39: 1.979661 | G39: Поступления от продажи финансовых активов государства
A40: V. БЮДЖЕТ ТАПШЫЛЫҒЫ (ПРОФИЦИТІ) | B40: 328.55379 | C40: -21951.289 | D40: -31316.885 | E40: 40741.039 | F40: -16505.98 | G40: V. ДЕФИЦИТ (ПРОФИЦИТ) БЮДЖЕТА
A43: VII. БЮДЖЕТТІҢ ТАПШЫЛЫҒЫН ҚАРЖЫЛАНДЫРУ (ПРОФИЦИТТІ ПАЙДАЛАНУ | B43: -328.55379 | C43: 21951.289 | D43: -31316.885 | E43: -40741.039 | F43: 16505.98 | G43: VII. ФИНАНСИРОВАНИЕ ДЕФИЦИТА (ИСПОЛЬЗОВАНИЕ ПРОФИЦИТА) БЮДЖЕТА
A44: Ішкі | B44: -68685.243 | C44: 35067.054 | D44: -22536.849 | E44: -441094.65 | F44: =F45-F46 -> 34431.667 | G44: Внутреннее
A45: Түсімдер | B45: -63641.709 | C45: 43180.261 | D45: -13191.592 | E45: -431749.39 | F45: 46861.605 | G45: Поступление
A46: Өтеу | B46: 5043.5343 | C46: 8113.2071 | D46: 9345.2562 | E46: 9345.2562 | F46: 12429.938 | G46: Погашение
A47: Сыртқы | B47: - | C47: - | D47: - | E47: - | F47: - | G47: Внешнее
A48: Түсімдер | B48: - | C48: - | D48: - | E48: - | F48: - | G48: Поступление
A49: Өтеу | B49: - | C49: - | D49: - | E49: - | F49: - | G49: Погашение

Sheet табл 12.9
A1: 12.9-кесте | E1: Таблица 12.9
A2: ҚЫЗЫЛОРДА ОБЛЫСЫ | E2: ИСПОЛНЕНИЕ БЮДЖЕТА
A3: БЮДЖЕТІНІҢ АТҚАРЫЛУЫ | E3: КЫЗЫЛОРДИНСКАЯ ОБЛАСТЬ
A4: (млн.теңге) | E4: (млн. теңге)
A5: Атауы | B5: 2023 ж. есеп/ 2023 г. отчет | C5: 2024 ж. есеп/ 2024 г. отчет | D5: 2025 ж. есеп/ 2025 г. отчет | F5: 2026 ж. қантар-шілде есеп/январь-июль отчет 2026 г. | G5: Наименование
D6: жылдық/ годовой | E6: қантар-шілде/январь-июль
A7: 1 | B7: 2 | C7: 3 | D7: 4 | E7: 5 | F7: 6 | G7: 7
A8: I. КІРІСТЕР | B8: 597172.6 | C8: 688375.1 | D8: 743911.02 | E8: 428697.11 | F8: 424441.07 | G8: I. ДОХОДЫ
A9: Салықтық түсімдер_x000D_ оның iшiнде: | B9: 89965.953 | C9: 113891.83 | D9: 133090.37 | E9: 75026.848 | F9: 70715.267 | G9: Налоговые поступления,_x000D_ в том числе:
A10: корпоративтік табыс салығы | B10: 8720.5044 | C10: 16592.943 | D10: 18574.854 | E10: 10022.59 | F10: 8264.4281 | G10: корпоративный подоходный налог
A11: жеке табыс салығы | B11: 34223.426 | C11: 44987.131 | D11: 52280.763 | E11: 29530.225 | F11: 26141.764 | G11: индивидуальный подоходный налог
A12: әлеуметтік салық | B12: 25039.27 | C12: 30129.397 | D12: 35347.871 | E12: 19998.248 | F12: 19933.942 | G12: социальный налог
A13: акциздер | B13: 139.68694 | C13: 116.04345 | D13: 120.13726 | E13: 67.273945 | F13: 66.318927 | G13: акцизы
A14: Салықтық емес түсімдер | B14: 10570.979 | C14: 33610.595 | D14: 24690.941 | E14: 12267.585 | F14: 5755.4872 | G14: Неналоговые поступления
A15: Негізгі капиталды сатудан түсетін түсімдер | B15: 9002.805 | C15: 10672.773 | D15: 12165.299 | E15: 6188.0997 | F15: 7122.3511 | G15: Поступления от продажи основного капитала
A16: Арнаулы түсімдер | B16: 0 | C16: 0 | D16: 0 | E16: 0 | F16: 678.90523 | G16: Специальные поступления
A17: Трансферттердің түсімдері | B17: 487632.86 | C17: 530199.9 | D17: 573964.41 | E17: 335214.58 | F17: 340169.06 | G17: Поступления трансфертов
A18: II. ШЫҒЫНДАР | B18: 569744.49 | C18: 707644.21 | D18: 772137.56 | E18: 395179.58 | F18: 396784.72 | G18: II. ЗАТРАТЫ
A19: 1. Жалпы сипаттағы мемлекеттiк қызметтер | B19: 21548.543 | C19: 25338.796 | D19: 28778.262 | E19: 16980.031 | F19: 17034.09 | G19: 1. Государственные услуги общего характера
... A43: VII. БЮДЖЕТТІҢ ТАПШЫЛЫҒЫН ҚАРЖЫЛАНДЫРУ (ПРОФИЦИТТІ ПАЙДАЛАНУ | B43: -8840.5622 | C43: 35564.174 | D43: -30682.434 | E43: -36653.653 | F43: -25003.176 | G43: VII. ФИНАНСИРОВАНИЕ ДЕФИЦИТА (ИСПОЛЬЗОВАНИЕ ПРОФИЦИТА) БЮДЖЕТА
A44: Ішкі | B44: -160335.33 | C44: 86560.111 | D44: 96309.989 | E44: -446387.36 | F44: =F45-F46 -> -9297.8424 | G44: Внутреннее
A45: Түсімдер | B45: -149731.8 | C45: 98509.642 | D45: 111063.88 | E45: -434633.47 | F45: 26682.251 | G45: Поступление
A46: Өтеу | B46: 10603.525 | C46: 11949.531 | D46: 14753.89 | E46: 11753.89 | F46: 35980.094 | G46: Погашение
A47: Сыртқы | B47: -1880.877 | C47: -868.7564 | D47: - | E47: - | F47: - | G47: Внешнее
A48: Түсімдер | B48: - | C48: - | D48: - | E48: - | F48: - | G48: Поступление
A49: Өтеу | B49: 1880.877 | C49: 868.7564 | D49: - | E49: - | F49: - | G49: Погашение

Sheet табл 12.10
A1: 12.10-кесте | E1: Таблица 12.10
A2: ҚОСТАНАЙ ОБЛЫСЫ | E2: ИСПОЛНЕНИЕ БЮДЖЕТА
A3: БЮДЖЕТІНІҢ АТҚАРЫЛУЫ | E3: КОСТАНАЙСКАЯ ОБЛАСТЬ
A4: (млн.теңге) | E4: (млн. теңге)
A5: Атауы | B5: 2023 ж. есеп/ 2023 г. отчет | C5: 2024 ж. есеп/ 2024 г. отчет | D5: 2025 ж. есеп/ 2025 г. отчет | F5: 2026 ж. қантар-шілде есеп/январь-июль отчет 2026 г. | G5: Наименование
D6: жылдық/ годовой | E6: қантар-шілде/январь-июль
A7: 1 | B7: 2 | C7: 3 | D7: 4 | E7: 5 | F7: 6 | G7: 7
A8: I. КІРІСТЕР | B8: 604311.98 | C8: 628629.96 | D8: 639937.38 | E8: 387688.98 | F8: 427800.93 | G8: I. ДОХОДЫ
A9: Салықтық түсімдер_x000D_ оның iшiнде: | B9: 174857.99 | C9: 205358.32 | D9: 236662.83 | E9: 136253.03 | F9: 137080.02 | G9: Налоговые поступления,_x000D_ в том числе:
A10: корпоративтік табыс салығы | B10: 33911.561 | C10: 37426.524 | D10: 44145.534 | E10: 24154.84 | F10: 25868.222 | G10: корпоративный подоходный налог
A11: жеке табыс салығы | B11: 62045.659 | C11: 79538.501 | D11: 94703.71 | E11: 54901.542 | F11: 54880.864 | G11: индивидуальный подоходный налог
A12: әлеуметтік салық | B12: 40145.801 | C12: 48992.711 | D12: 55695.777 | E12: 31449.94 | F12: 33250.112 | G12: социальный налог
A13: акциздер | B13: 5085.7443 | C13: 4367.686 | D13: 5754.3083 | E13: 3457.401 | F13: 4514.1525 | G13: акцизы
A14: Салықтық емес түсімдер | B14: 6220.1607 | C14: 11769.215 | D14: 13955.646 | E14: 6628.9315 | F14: 8380.8581 | G14: Неналоговые поступления
A15: Негізгі капиталды сатудан түсетін түсімдер | B15: 5656.0616 | C15: 9621.5046 | D15: 5981.9156 | E15: 3065.1746 | F15: 7594.5799 | G15: Поступления от продажи основного капитала
A16: Арнаулы түсімдер | B16: 0 | C16: 0 | D16: 0 | E16: 0 | F16: 3729.5552 | G16: Специальные поступления
A17: Трансферттердің түсімдері | B17: 417577.77 | C17: 402035.83 | D17: 383336.99 | E17: 241741.85 | F17: 271015.92 | G17: Поступления трансфертов
A18: II. ШЫҒЫНДАР | B18: 547560.7 | C18: 628666.42 | D18: 641390.19 | E18: 351268.21 | F18: 384168.48 | G18: II. ЗАТРАТЫ
A19: 1. Жалпы сипаттағы мемлекеттiк қызметтер | B19: 30915.334 | C19: 40995.492 | D19: 31860.825 | E19: 16341.68 | F19: 18221.192 | G19: 1. Государственные услуги общего характера
... A43: VII. БЮДЖЕТТІҢ ТАПШЫЛЫҒЫН ҚАРЖЫЛАНДЫРУ (ПРОФИЦИТТІ ПАЙДАЛАНУ | B43: 8226.7917 | C43: 31832.397 | D43: -26198.718 | E43: -29688.167 | F43: -30978.152 | G43: VII. ФИНАНСИРОВАНИЕ ДЕФИЦИТА (ИСПОЛЬЗОВАНИЕ ПРОФИЦИТА) БЮДЖЕТА
A44: Ішкі | B44: -194.33866 | C44: 223893.46 | D44: -22027.318 | E44: -464834.8 | F44: =F45-F46 -> 22970.689 | G44: Внутреннее
A45: Түсімдер | B45: 13423.19 | C45: 235686.62 | D45: -12947.333 | E45: -460615.3 | F45: 36722.557 | G45: Поступление
A46: Өтеу | B46: 13617.529 | C46: 11793.154 | D46: 9079.9847 | E46: 4219.5083 | F46: 13751.869 | G46: Погашение
A47: Сыртқы | B47: - | C47: - | D47: - | E47: - | F47: - | G47: Внешнее
A48: Түсімдер | B48: - | C48: - | D48: - | E48: - | F48: - | G48: Поступление
A49: Өтеу | B49: - | C49: - | D49: - | E49: - | F49: - | G49: Погашение

Sheet табл 12.11
A1: 12.11-кесте | E1: Таблица 12.11
A2: МАҢҒЫСТАУ ОБЛЫСЫ | E2: ИСПОЛНЕНИЕ БЮДЖЕТА
A3: БЮДЖЕТІНІҢ АТҚАРЫЛУЫ | E3: МАНГИСТАУСКАЯ ОБЛАСТЬ
A4: (млн.теңге) | E4: (млн. теңге)
A5: Атауы | B5: 2023 ж. есеп/ 2023 г. отчет | C5: 2024 ж. есеп/ 2024 г. отчет | D5: 2025 ж. есеп/ 2025 г. отчет | F5: 2026 ж. қантар-шілде есеп/январь-июль отчет 2026 г. | G5: Наименование
D6: жылдық/ годовой | E6: қантар-шілде/январь-июль
A7: 1 | B7: 2 | C7: 3 | D7: 4 | E7: 5 | F7: 6 | G7: 7
A8: I. КІРІСТЕР | B8: 475001.67 | C8: 565387.99 | D8: 612674.35 | E8: 354703.94 | F8: 259834.67 | G8: I. ДОХОДЫ
A9: Салықтық түсімдер_x000D_ оның iшiнде: | B9: 249915.93 | C9: 290147.77 | D9: 335928.32 | E9: 183470.23 | F9: 158416.98 | G9: Налоговые поступления,_x000D_ в том числе:
A10: корпоративтік табыс салығы | B10: 30124.379 | C10: 31655.206 | D10: 29656.97 | E10: 19326.709 | F10: 18499.915 | G10: корпоративный подоходный налог
A11: жеке табыс салығы | B11: 95760.861 | C11: 117448.69 | D11: 140244.25 | E11: 75531.591 | F11: 64078.232 | G11: индивидуальный подоходный налог
A12: әлеуметтік салық | B12: 72326.61 | C12: 85395.26 | D12: 108716 | E12: 57178.808 | F12: 41994.514 | G12: социальный налог
A13: акциздер | B13: 1636.9414 | C13: 1512.377 | D13: 285.88065 | E13: 256.42344 | F13: 37.064941 | G13: акцизы
A14: Салықтық емес түсімдер | B14: 8955.6703 | C14: 11116.334 | D14: 21632.846 | E14: 37801.408 | F14: 12496.595 | G14: Неналоговые поступления
A15: Негізгі капиталды сатудан түсетін түсімдер | B15: 6033.2791 | C15: 4729.1387 | D15: 2887.4111 | E15: 1693.8873 | F15: 1318.6704 | G15: Поступления от продажи основного капитала
A16: Арнаулы түсімдер | B16: 0 | C16: 0 | D16: 0 | E16: 0 | F16: 2747.0086 | G16: Специальные поступления
A17: Трансферттердің түсімдері | B17: 210096.79 | C17: 259394.75 | D17: 252225.77 | E17: 131738.42 | F17: 84855.42 | G17: Поступления трансфертов
A18: II. ШЫҒЫНДАР | B18: 445032.94 | C18: 548979.79 | D18: 670272.17 | E18: 323260.89 | F18: 265699.28 | G18: II. ЗАТРАТЫ
A19: 1. Жалпы сипаттағы мемлекеттiк қызметтер | B19: 13009.328 | C19: 19808.839 | D19: 26407.709 | E19: 11516.375 | F19: 10922.04 | G19: 1. Государственные услуги общего характера
... A38: Қаржылық активтерді сатып алу | B38: 3678.269 | C38: 2831.235 | D38: 4182.489 | E38: 3771.846 | F38: 5758.6434 | G38: Приобретение финансовых активов
A39: Мемлекеттің қаржы активтерін сатудан түсетін түсімдер | B39: 36.150285 | G39: Поступления от продажи финансовых активов государства
A40: V. БЮДЖЕТ ТАПШЫЛЫҒЫ (ПРОФИЦИТІ) | B40: 24445.137 | C40: 10865.029 | D40: -65832.184 | E40: 29989.054 | F40: -14698.161 | G40: V. ДЕФИЦИТ (ПРОФИЦИТ) БЮДЖЕТА
A43: VII. БЮДЖЕТТІҢ ТАПШЫЛЫҒЫН ҚАРЖЫЛАНДЫРУ (ПРОФИЦИТТІ ПАЙДАЛАНУ | B43: -24445.137 | C43: -10865.029 | D43: -65832.184 | E43: -29989.054 | F43: 14698.161 | G43: VII. ФИНАНСИРОВАНИЕ ДЕФИЦИТА (ИСПОЛЬЗОВАНИЕ ПРОФИЦИТА) БЮДЖЕТА
A44: Ішкі | B44: -312630.52 | C44: -244298.81 | D44: 635568.68 | E44: -346228.02 | F44: =F45-F46 -> 15253.879 | G44: Внутреннее
A45: Түсімдер | B45: -311173.63 | C45: -238722.45 | D45: 638922.34 | E45: -343217.96 | F45: 17499.25 | G45: Поступление
A46: Өтеу | B46: 1456.89 | C46: 5576.3587 | D46: 3353.6608 | E46: 3010.0571 | F46: 2245.371 | G46: Погашение
A47: Сыртқы | B47: - | C47: - | D47: - | E47: - | F47: - | G47: Внешнее
A48: Түсімдер | B48: - | C48: - | D48: - | E48: - | F48: - | G48: Поступление
A49: Өтеу | B49: - | C49: - | D49: - | E49: - | F49: - | G49: Погашение

Sheet табл 12.12
A1: 12.12-кесте | E1: Таблица 12.12
A2: ПАВЛОДАР ОБЛЫСЫ | E2: ИСПОЛНЕНИЕ БЮДЖЕТА
A3: БЮДЖЕТІНІҢ АТҚАРЫЛУЫ | E3: ПАВЛОДАРСКАЯ ОБЛАСТЬ
A4: (млн.теңге) | E4: (млн. теңге)
A5: Атауы | B5: 2023 ж. есеп/ 2023 г. отчет | C5: 2024 ж. есеп/ 2024 г. отчет | D5: 2025 ж. есеп/ 2025 г. отчет | F5: 2026 ж. қантар-шілде есеп/январь-июль отчет 2026 г. | G5: Наименование
D6: жылдық/ годовой | E6: қантар-шілде/январь-июль
A7: 1 | B7: 2 | C7: 3 | D7: 4 | E7: 5 | F7: 6 | G7: 7
A8: I. КІРІСТЕР | B8: 530607.87 | C8: 568290.97 | D8: 625185.1 | E8: 358965.99 | F8: 325024.4 | G8: I. ДОХОДЫ
A9: Салықтық түсімдер_x000D_ оның iшiнде: | B9: 311139.96 | C9: 355688.78 | D9: 426655.29 | E9: 224180.25 | F9: 263378.62 | G9: Налоговые поступления,_x000D_ в том числе:
A10: корпоративтік табыс салығы | B10: 24425.448 | C10: 34139.694 | D10: 38047.812 | E10: 23473.672 | F10: 28798.605 | G10: корпоративный подоходный налог
A11: жеке табыс салығы | B11: 67868.655 | C11: 86404.401 | D11: 99740.05 | E11: 56828.575 | F11: 60140.819 | G11: индивидуальный подоходный налог
A12: әлеуметтік салық | B12: 47871.635 | C12: 58092.974 | D12: 67370.203 | E12: 38039.001 | F12: 38783.751 | G12: социальный налог
A13: акциздер | B13: 125534.48 | C13: 129598.29 | D13: 170870.86 | E13: 78881.041 | F13: 116478.07 | G13: акцизы
A14: Салықтық емес түсімдер | B14: 4507.2143 | C14: 6402.786 | D14: 8874.8603 | E14: 4542.3045 | F14: 5909.9118 | G14: Неналоговые поступления
A15: Негізгі капиталды сатудан түсетін түсімдер | B15: 7729.2877 | C15: 7851.1996 | D15: 7717.4319 | E15: 5211.1253 | F15: 3126.5177 | G15: Поступления от продажи основного капитала
A16: Арнаулы түсімдер | B16: 0 | C16: 0 | D16: 0 | E16: 0 | F16: 12682.485 | G16: Специальные поступления
A17: Трансферттердің түсімдері | B17: 207231.4 | C17: 198348.21 | D17: 181937.52 | E17: 125032.31 | F17: 39926.863 | G17: Поступления трансфертов
A18: II. ШЫҒЫНДАР | B18: 528208.21 | C18: 579464.48 | D18: 625786.68 | E18: 341097.1 | F18: 334984.05 | G18: II. ЗАТРАТЫ
A19: 1. Жалпы сипаттағы мемлекеттiк қызметтер | B19: 42863.349 | C19: 33133.36 | D19: 40195.222 | E19: 23885.461 | F19: 21669.616 | G19: 1. Государственные услуги общего характера
... A43: VII. БЮДЖЕТТІҢ ТАПШЫЛЫҒЫН ҚАРЖЫЛАНДЫРУ (ПРОФИЦИТТІ ПАЙДАЛАНУ | B43: 10426.094 | C43: 19278.523 | D43: -14266.781 | E43: -17123.604 | F43: 16376.825 | G43: VII. ФИНАНСИРОВАНИЕ ДЕФИЦИТА (ИСПОЛЬЗОВАНИЕ ПРОФИЦИТА) БЮДЖЕТА
A44: Ішкі | B44: 9464.0863 | C44: 47257.462 | D44: -107819.11 | E44: -171614.28 | F44: =F45-F46 -> 8986.4046 | G44: Внутреннее
A45: Түсімдер | B45: 17349.601 | C45: 55012.88 | D45: -99135.551 | E45: -165453.51 | F45: 18840.946 | G45: Поступление
A46: Өтеу | B46: 7885.5148 | C46: 7755.4174 | D46: 8683.5566 | E46: 6160.77 | F46: 9854.5413 | G46: Погашение
A47: Сыртқы | B47: - | C47: - | D47: - | E47: - | F47: - | G47: Внешнее
A48: Түсімдер | B48: - | C48: - | D48: - | E48: - | F48: - | G48: Поступление
A49: Өтеу | B49: - | C49: - | D49: - | E49: - | F49: - | G49: Погашение

Sheet табл 12.13
A1: 12.13-кесте | E1: Таблица 12.13
A2: СОЛТҮСТІК-ҚАЗАҚСТАН ОБЛЫСЫ | E2: ИСПОЛНЕНИЕ БЮДЖЕТА
A3: БЮДЖЕТІНІҢ АТҚАРЫЛУЫ | E3: СЕВ-КАЗАХСТАНСКАЯ ОБЛАСТЬ
A4: (млн.теңге) | E4: (млн. теңге)
A5: Атауы | B5: 2023 ж. есеп/ 2023 г. отчет | C5: 2024 ж. есеп/ 2024 г. отчет | D5: 2025 ж. есеп/ 2025 г. отчет | F5: 2026 ж. қантар-шілде есеп/январь-июль отчет 2026 г. | G5: Наименование
D6: жылдық/ годовой | E6: қантар-шілде/январь-июль
A7: 1 | B7: 2 | C7: 3 | D7: 4 | E7: 5 | F7: 6 | G7: 7
A8: I. КІРІСТЕР | B8: 479286.16 | C8: 499744.12 | D8: 530250.23 | E8: 305871.54 | F8: 319869.61 | G8: I. ДОХОДЫ
A9: Салықтық түсімдер_x000D_ оның iшiнде: | B9: 104168.43 | C9: 114911.18 | D9: 131166.57 | E9: 74854.358 | F9: 76840.99 | G9: Налоговые поступления,_x000D_ в том числе:
A10: корпоративтік табыс салығы | B10: 19981.616 | C10: 20968.836 | D10: 24592.399 | E10: 13236.017 | F10: 13980.512 | G10: корпоративный подоходный налог
A11: жеке табыс салығы | B11: 33665.851 | C11: 42183.254 | D11: 48150.638 | E11: 27603.29 | F11: 27545.691 | G11: индивидуальный подоходный налог
A12: әлеуметтік салық | B12: 20700.577 | C12: 24710.833 | D12: 28404.081 | E12: 15764.696 | F12: 16495.542 | G12: социальный налог
A13: акциздер | B13: 13585.507 | C13: 11347.819 | D13: 12079.683 | E13: 7181.032 | F13: 8502.2591 | G13: акцизы
A14: Салықтық емес түсімдер | B14: 4418.0267 | C14: 5764.0759 | D14: 7686.3608 | E14: 5108.3897 | F14: 6068.129 | G14: Неналоговые поступления
A15: Негізгі капиталды сатудан түсетін түсімдер | B15: 11077.734 | C15: 6402.5728 | D15: 9118.1715 | E15: 5482.3698 | F15: 4330.2883 | G15: Поступления от продажи основного капитала
A16: Арнаулы түсімдер | B16: 0 | C16: 0 | D16: 0 | E16: 0 | F16: 1256.8618 | G16: Специальные поступления
A17: Трансферттердің түсімдері | B17: 359621.97 | C17: 372666.29 | D17: 382279.13 | E17: 220426.43 | F17: 231373.34 | G17: Поступления трансфертов
A18: II. ШЫҒЫНДАР | B18: 456049.77 | C18: 519516.5 | D18: 524179.94 | E18: 294151.5 | F18: 315920.87 | G18: II. ЗАТРАТЫ
A19: 1. Жалпы сипаттағы мемлекеттiк қызметтер | B19: 21153.388 | C19: 46477.998 | D19: 38873.107 | E19: 19411.311 | F19: 18154.326 | G19: 1. Государственные услуги общего характера
... A36: Бюджеттік кредиттерді өтеу | B36: 2437.6831 | C36: 4274.9727 | D36: 5764.1933 | E36: 2851.655 | F36: 6608.1775 | G36: Погашение бюджетных кредитов
A37: IV. ҚАРЖЫ АКТИВТЕРІМЕН ОПЕРАЦИЯЛАР БОЙЫНША САЛЬДО - ҚАРЖЫ АК | B37: 7499.9987 | C37: 33.974 | D37: 3000 | F37: 305.99036 | G37: IV. САЛЬДО ПО ОПЕРАЦИЯМ С ФИНАНСОВЫМИ АКТИВАМИ
A38: Қаржылық активтерді сатып алу | B38: 7500 | C38: 35 | D38: 3000 | F38: 325.269 | G38: Приобретение финансовых активов
A39: Мемлекеттің қаржы активтерін сатудан түсетін түсімдер | B39: 0.001336 | C39: 1.026 | F39: 19.278643 | G39: Поступления от продажи финансовых активов государства
A40: V. БЮДЖЕТ ТАПШЫЛЫҒЫ (ПРОФИЦИТІ) | B40: -2878.5917 | C40: -23552.591 | D40: -12329.667 | E40: 6501.6998 | F40: -2777.7613 | G40: V. ДЕФИЦИТ (ПРОФИЦИТ) БЮДЖЕТА
A43: VII. БЮДЖЕТТІҢ ТАПШЫЛЫҒЫН ҚАРЖЫЛАНДЫРУ (ПРОФИЦИТТІ ПАЙДАЛАНУ | B43: 2878.5917 | C43: 23552.591 | D43: -12329.667 | E43: -6501.6998 | F43: 2777.7613 | G43: VII. ФИНАНСИРОВАНИЕ ДЕФИЦИТА (ИСПОЛЬЗОВАНИЕ ПРОФИЦИТА) БЮДЖЕТА
A44: Ішкі | B44: -63363.316 | C44: 244902.68 | D44: -44281.966 | E44: -153787.3 | F44: =F45-F46 -> 20163.894 | G44: Внутреннее
A45: Түсімдер | B45: -48522.388 | C45: 256392.58 | D45: -36000.521 | E45: -151553.69 | F45: 31967.829 | G45: Поступление
A46: Өтеу | B46: 14840.928 | C46: 11489.901 | D46: 8281.445 | E46: 2233.6105 | F46: 11803.935 | G46: Погашение
A47: Сыртқы | B47: - | C47: - | D47: - | E47: - | F47: - | G47: Внешнее
A48: Түсімдер | B48: - | C48: - | D48: - | E48: - | F48: - | G48: Поступление
A49: Өтеу | B49: - | C49: - | D49: - | E49: - | F49: - | G49: Погашение

Sheet табл 12.14
A1: 12.14-кесте | E1: Таблица 12.14
A2: ТҮРКІСТАН ОБЛЫСЫ | E2: ИСПОЛНЕНИЕ БЮДЖЕТА
A3: БЮДЖЕТІНІҢ АТҚАРЫЛУЫ | E3: ТУРКЕСТАНСКАЯ ОБЛАСТЬ
A4: (млн.теңге) | E4: (млн. теңге)
A5: Атауы | B5: 2023 ж. есеп/ 2023 г. отчет | C5: 2024 ж. есеп/ 2024 г. отчет | D5: 2025 ж. есеп/ 2025 г. отчет | F5: 2026 ж. қантар-шілде есеп/январь-июль отчет 2026 г. | G5: Наименование
D6: жылдық/ годовой | E6: қантар-шілде/январь-июль
A7: 1 | B7: 2 | C7: 3 | D7: 4 | E7: 5 | F7: 6 | G7: 7
A8: I. КІРІСТЕР | B8: 1355385.2 | C8: 1482111.7 | D8: 1557808.4 | E8: 883398.28 | F8: 846534.24 | G8: I. ДОХОДЫ
A9: Салықтық түсімдер_x000D_ оның iшiнде: | B9: 149133.74 | C9: 192225.51 | D9: 247109.76 | E9: 135130.52 | F9: 132174.03 | G9: Налоговые поступления,_x000D_ в том числе:
A10: корпоративтік табыс салығы | B10: 12501.811 | C10: 29399.857 | D10: 47496.361 | E10: 21855.67 | F10: 16089.662 | G10: корпоративный подоходный налог
A11: жеке табыс салығы | B11: 59251.623 | C11: 76377.383 | D11: 91619.585 | E11: 52623.091 | F11: 49350.839 | G11: индивидуальный подоходный налог
A12: әлеуметтік салық | B12: 45981.778 | C12: 52625.318 | D12: 65357.663 | E12: 35966.158 | F12: 38274.995 | G12: социальный налог
A13: акциздер | B13: 412.31388 | C13: 402.20076 | D13: 612.17826 | E13: 287.00378 | F13: 365.1386 | G13: акцизы
A14: Салықтық емес түсімдер | B14: 16833.17 | C14: 37569.665 | D14: 46120.483 | E14: 24227.225 | F14: 29971.126 | G14: Неналоговые поступления
A15: Негізгі капиталды сатудан түсетін түсімдер | B15: 19654.299 | C15: 23284.113 | D15: 7796.6355 | E15: 3552.5622 | F15: 18005.813 | G15: Поступления от продажи основного капитала
A16: Арнаулы түсімдер | B16: 0 | C16: 0 | D16: 0 | E16: 0 | F16: 2061.6509 | G16: Специальные поступления
A17: Трансферттердің түсімдері | B17: 1169764 | C17: 1229032.5 | D17: 1256781.5 | E17: 720487.97 | F17: 664321.62 | G17: Поступления трансфертов
A18: II. ШЫҒЫНДАР | B18: 1324232.9 | C18: 1469273.5 | D18: 1565773.5 | E18: 855144.34 | F18: 846190.49 | G18: II. ЗАТРАТЫ
A19: 1. Жалпы сипаттағы мемлекеттiк қызметтер | B19: 37613.034 | C19: 41735.89 | D19: 46485.51 | E19: 26457.559 | F19: 26134.594 | G19: 1. Государственные услуги общего характера
... A43: VII. БЮДЖЕТТІҢ ТАПШЫЛЫҒЫН ҚАРЖЫЛАНДЫРУ (ПРОФИЦИТТІ ПАЙДАЛАНУ | B43: -2411.4449 | C43: 4255.5784 | D43: -36271.389 | E43: -25417.061 | F43: 2488.8588 | G43: VII. ФИНАНСИРОВАНИЕ ДЕФИЦИТА (ИСПОЛЬЗОВАНИЕ ПРОФИЦИТА) БЮДЖЕТА
A44: Ішкі | B44: -76270.707 | C44: -84384.103 | D44: -52804.247 | E44: -391282.85 | F44: =F45-F46 -> -3304.5693 | G44: Внутреннее
A45: Түсімдер | B45: -24168.026 | C45: -35494.078 | D45: -39192.621 | E45: -384243.28 | F45: 20870.628 | G45: Поступление
A46: Өтеу | B46: 52102.681 | C46: 48890.025 | D46: 13611.625 | E46: 7039.5688 | F46: 24175.198 | G46: Погашение
A47: Сыртқы | B47: - | C47: - | D47: - | E47: - | F47: - | G47: Внешнее
A48: Түсімдер | B48: - | C48: - | D48: - | E48: - | F48: - | G48: Поступление
A49: Өтеу | B49: - | C49: - | D49: - | E49: - | F49: - | G49: Погашение

Sheet табл 12.15
A1: 12-кесте | E1: Таблица 12
A2: ШЫМКЕНТ Қ. | E2: ИСПОЛНЕНИЕ БЮДЖЕТА
A3: БЮДЖЕТІНІҢ АТҚАРЫЛУЫ | E3: Г.ШЫМКЕНТ
A4: (млн.теңге) | E4: (млн. теңге)
A5: Атауы | B5: 2023 ж. есеп/ 2023 г. отчет | C5: 2024 ж. есеп/ 2024 г. отчет | D5: 2025 ж. есеп/ 2025 г. отчет | F5: 2026 ж. қантар-шілде есеп/январь-июль отчет 2026 г. | G5: Наименование
D6: жылдық/ годовой | E6: қантар-шілде/январь-июль
A7: 1 | B7: 2 | C7: 3 | D7: 4 | E7: 5 | F7: 6 | G7: 7
A8: I. КІРІСТЕР | B8: 627061.85 | C8: 735887.74 | D8: 822980.52 | E8: 445117.44 | F8: 411884.71 | G8: I. ДОХОДЫ
A9: Салықтық түсімдер_x000D_ оның iшiнде: | B9: 305471.98 | C9: 370511.82 | D9: 463265.6 | E9: 250298.66 | F9: 265605.24 | G9: Налоговые поступления,_x000D_ в том числе:
A10: корпоративтік табыс салығы | B10: 29134.129 | C10: 41909.805 | D10: 50033.094 | E10: 30715.067 | F10: 29234.71 | G10: корпоративный подоходный налог
A11: жеке табыс салығы | B11: 55307.321 | C11: 80327.448 | D11: 101209.91 | E11: 56721.71 | F11: 56075.296 | G11: индивидуальный подоходный налог
A12: әлеуметтік салық | B12: 38666.348 | C12: 50978.411 | D12: 59776.08 | E12: 33549.334 | F12: 34258.258 | G12: социальный налог
A13: акциздер | B13: 140181.27 | C13: 148639.15 | D13: 198248.55 | E13: 96409.031 | F13: 112402.51 | G13: акцизы
A14: Салықтық емес түсімдер | B14: 12877.295 | C14: 20094.627 | D14: 24698.155 | E14: 8789.3186 | F14: 12000.524 | G14: Неналоговые поступления
A15: Негізгі капиталды сатудан түсетін түсімдер | B15: 24378.713 | C15: 31129.909 | D15: 12485.537 | E15: 8876.3938 | F15: 15947.082 | G15: Поступления от продажи основного капитала
A16: Арнаулы түсімдер | B16: 0 | C16: 0 | D16: 0 | E16: 0 | F16: 666.7069 | G16: Специальные поступления
A17: Трансферттердің түсімдері | B17: 284333.86 | C17: 314151.39 | D17: 322531.24 | E17: 177153.06 | F17: 117665.15 | G17: Поступления трансфертов
A18: II. ШЫҒЫНДАР | B18: 621600.2 | C18: 741031.51 | D18: 848561.18 | E18: 429774.45 | F18: 402567.23 | G18: II. ЗАТРАТЫ
A19: 1. Жалпы сипаттағы мемлекеттiк қызметтер | B19: 6097.5574 | C19: 14228.974 | D19: 17722.615 | E19: 10798.003 | F19: 4967.3614 | G19: 1. Государственные услуги общего характера
... A36: Бюджеттік кредиттерді өтеу | B36: 709.3846 | C36: 369.06413 | D36: 2932.8142 | E36: 1876.5791 | F36: 643.43009 | G36: Погашение бюджетных кредитов
A37: IV. ҚАРЖЫ АКТИВТЕРІМЕН ОПЕРАЦИЯЛАР БОЙЫНША САЛЬДО - ҚАРЖЫ АК | B37: 1040.141 | C37: 4546.9162 | D37: 2295.2061 | F37: 1171.2442 | G37: IV. САЛЬДО ПО ОПЕРАЦИЯМ С ФИНАНСОВЫМИ АКТИВАМИ
A38: Қаржылық активтерді сатып алу | B38: 1040.141 | C38: 4650.2915 | D38: 2346.814 | F38: 1387.552 | G38: Приобретение финансовых активов
A39: Мемлекеттің қаржы активтерін сатудан түсетін түсімдер | C39: 103.37533 | D39: 51.607903 | F39: 216.30782 | G39: Поступления от продажи финансовых активов государства
A40: V. БЮДЖЕТ ТАПШЫЛЫҒЫ (ПРОФИЦИТІ) | B40: 825.89571 | C40: -34037.623 | D40: -29943.053 | E40: 12219.56 | F40: 7360.6629 | G40: V. ДЕФИЦИТ (ПРОФИЦИТ) БЮДЖЕТА
A43: VII. БЮДЖЕТТІҢ ТАПШЫЛЫҒЫН ҚАРЖЫЛАНДЫРУ (ПРОФИЦИТТІ ПАЙДАЛАНУ | B43: -825.89571 | C43: 34037.623 | D43: -29943.053 | E43: -12219.56 | F43: -7360.6629 | G43: VII. ФИНАНСИРОВАНИЕ ДЕФИЦИТА (ИСПОЛЬЗОВАНИЕ ПРОФИЦИТА) БЮДЖЕТА
A44: Ішкі | B44: 53721.326 | C44: -11866.888 | D44: 135376.69 | E44: -371041 | F44: =F45-F46 -> -5755.377 | G44: Внутреннее
A45: Түсімдер | B45: 76211.623 | C45: -2021.0519 | D45: 165441.46 | E45: -370172.49 | F45: 13452.8 | G45: Поступление
A46: Өтеу | B46: 22490.297 | C46: 9845.836 | D46: 30064.766 | E46: 868.51 | F46: 19208.177 | G46: Погашение
A47: Сыртқы | B47: - | C47: - | D47: - | E47: - | F47: - | G47: Внешнее
A48: Түсімдер | B48: - | C48: - | D48: - | E48: - | F48: - | G48: Поступление
A49: Өтеу | B49: - | C49: - | D49: - | E49: - | F49: - | G49: Погашение

Sheet табл 12.16
A1: 12.15-кесте | E1: Таблица 12.15
A2: АЛМАТЫ Қ. | E2: ИСПОЛНЕНИЕ БЮДЖЕТА
A3: БЮДЖЕТІНІҢ АТҚАРЫЛУЫ | E3: Г.АЛМАТЫ
A4: (млн.теңге) | E4: (млн. теңге)
A5: Атауы | B5: 2023 ж. есеп/ 2023 г. отчет | C5: 2024 ж. есеп/ 2024 г. отчет | D5: 2025 ж. есеп/ 2025 г. отчет | F5: 2026 ж. қантар-шілде есеп/январь-июль отчет 2026 г. | G5: Наименование
D6: жылдық/ годовой | E6: қантар-шілде/январь-июль
A7: 1 | B7: 2 | C7: 3 | D7: 4 | E7: 5 | F7: 6 | G7: 7
A8: I. КІРІСТЕР | B8: 1637208.5 | C8: 1968721 | D8: 2395872.9 | E8: 1314936 | F8: 1232429.6 | G8: I. ДОХОДЫ
A9: Салықтық түсімдер_x000D_ оның iшiнде: | B9: 1458171.8 | C9: 1810913.8 | D9: 2148543.7 | E9: 1218686.3 | F9: 1140889.8 | G9: Налоговые поступления,_x000D_ в том числе:
A10: корпоративтік табыс салығы | B10: 480314.07 | C10: 632526.82 | D10: 709135.34 | E10: 430263.8 | F10: 332570.39 | G10: корпоративный подоходный налог
A11: жеке табыс салығы | B11: 550653.94 | C11: 663170.95 | D11: 806557.07 | E11: 433330.75 | F11: 455744.12 | G11: индивидуальный подоходный налог
A12: әлеуметтік салық | B12: 283392.46 | C12: 353665.14 | D12: 441608.09 | E12: 240594.52 | F12: 228356.06 | G12: социальный налог
A13: акциздер | B13: 24182.211 | C13: 20738.486 | D13: 21248.186 | E13: 12526.295 | F13: 15573.656 | G13: акцизы
A14: Салықтық емес түсімдер | B14: 28489.614 | C14: 53614.391 | D14: 73124.587 | E14: 42799.735 | F14: 65494.075 | G14: Неналоговые поступления
A15: Негізгі капиталды сатудан түсетін түсімдер | B15: 24703.233 | C15: 9841.7819 | D15: 9624.3968 | E15: 5681.8931 | F15: 5760.5338 | G15: Поступления от продажи основного капитала
A16: Арнаулы түсімдер | B16: 0 | C16: 0 | D16: 0 | E16: 0 | F16: 912.98361 | G16: Специальные поступления
A17: Трансферттердің түсімдері | B17: 125843.88 | C17: 94351.102 | D17: 164580.27 | E17: 47768.09 | F17: 19372.216 | G17: Поступления трансфертов
A18: II. ШЫҒЫНДАР | B18: 1397412.5 | C18: 1591047.9 | D18: 2160238.5 | E18: 1043310.9 | F18: 1401301.1 | G18: II. ЗАТРАТЫ
A19: 1. Жалпы сипаттағы мемлекеттiк қызметтер | B19: 25740.582 | C19: 26609.068 | D19: 27939.506 | E19: 14617.019 | F19: 13955.874 | G19: 1. Государственные услуги общего характера
... A43: VII. БЮДЖЕТТІҢ ТАПШЫЛЫҒЫН ҚАРЖЫЛАНДЫРУ (ПРОФИЦИТТІ ПАЙДАЛАНУ | B43: -150807.77 | C43: -340244.23 | D43: 131351.11 | E43: -182736.73 | F43: 263526.34 | G43: VII. ФИНАНСИРОВАНИЕ ДЕФИЦИТА (ИСПОЛЬЗОВАНИЕ ПРОФИЦИТА) БЮДЖЕТА
A44: Ішкі | B44: -1865962.1 | C44: -4248012 | D44: -1258702.4 | E44: -2164593.1 | F44: =F45-F46 -> -5500 | G44: Внутреннее
A45: Түсімдер | B45: -1864265 | C45: -4232161.7 | D45: -1229837.8 | E45: -2162025.1 | G45: Поступление
A46: Өтеу | B46: 1697.1099 | C46: 15850.324 | D46: 28864.624 | E46: 2567.9696 | F46: 5500 | G46: Погашение
A47: Сыртқы | B47: - | C47: - | D47: - | E47: - | F47: - | G47: Внешнее
A48: Түсімдер | B48: - | C48: - | D48: - | E48: - | F48: - | G48: Поступление
A49: Өтеу | B49: - | C49: - | D49: - | E49: - | F49: - | G49: Погашение

Sheet табл 12.17
A1: 12.16-кесте | E1: Таблица 12.16
A2: АСТАНА Қ. | E2: ИСПОЛНЕНИЕ БЮДЖЕТА
A3: БЮДЖЕТІНІҢ АТҚАРЫЛУЫ | E3: Г.АСТАНА
A4: (млн.теңге) | E4: (млн. теңге)
A5: Атауы | B5: 2023 ж. есеп/ 2023 г. отчет | C5: 2024 ж. есеп/ 2024 г. отчет | D5: 2025 ж. есеп/ 2025 г. отчет | F5: 2026 ж. қантар-шілде есеп/январь-июль отчет 2026 г. | G5: Наименование
D6: жылдық/ годовой | E6: қантар-шілде/январь-июль
A7: 1 | B7: 2 | C7: 3 | D7: 4 | E7: 5 | F7: 6 | G7: 7
A8: I. КІРІСТЕР | B8: 1214113.6 | C8: 1362235.7 | D8: 1761299 | E8: 878503.25 | F8: 865066.67 | G8: I. ДОХОДЫ
A9: Салықтық түсімдер_x000D_ оның iшiнде: | B9: 740597.87 | C9: 999235.25 | D9: 1183504.4 | E9: 664944.24 | F9: 680364.88 | G9: Налоговые поступления,_x000D_ в том числе:
A10: корпоративтік табыс салығы | B10: 213956.37 | C10: 345278.42 | D10: 382641.82 | E10: 218763.49 | F10: 207912.45 | G10: корпоративный подоходный налог
A11: жеке табыс салығы | B11: 274609.96 | C11: 345535.64 | D11: 426321.72 | E11: 234937.25 | F11: 254894.11 | G11: индивидуальный подоходный налог
A12: әлеуметтік салық | B12: 172818.42 | C12: 217507.87 | D12: 275540.31 | E12: 151190.23 | F12: 152901.45 | G12: социальный налог
A13: акциздер | B13: 494.4745 | C13: 398.92685 | D13: 564.71538 | E13: 330.98504 | F13: 346.82092 | G13: акцизы
A14: Салықтық емес түсімдер | B14: 21947.539 | C14: 72224.371 | D14: 50113.191 | E14: 28726.276 | F14: 27800.435 | G14: Неналоговые поступления
A15: Негізгі капиталды сатудан түсетін түсімдер | B15: 13395.537 | C15: 16189.97 | D15: 11621.093 | E15: 5943.5237 | F15: 17800.867 | G15: Поступления от продажи основного капитала
A16: Арнаулы түсімдер | B16: 0 | C16: 0 | D16: 0 | E16: 0 | F16: 2696.7111 | G16: Специальные поступления
A17: Трансферттердің түсімдері | B17: 438172.65 | C17: 274586.08 | D17: 516060.26 | E17: 178889.21 | F17: 136403.78 | G17: Поступления трансфертов
A18: II. ШЫҒЫНДАР | B18: 1104676.1 | C18: 1274128.6 | D18: 1429542.2 | E18: 734744.37 | F18: 782748.11 | G18: II. ЗАТРАТЫ
A19: 1. Жалпы сипаттағы мемлекеттiк қызметтер | B19: 24279.956 | C19: 39994.935 | D19: 35189.863 | E19: 15234.066 | F19: 25178.117 | G19: 1. Государственные услуги общего характера
... A38: Қаржылық активтерді сатып алу | B38: 116663.06 | C38: 47690.034 | D38: 358944.1 | E38: 179477.74 | F38: 112925.97 | G38: Приобретение финансовых активов
A39: Мемлекеттің қаржы активтерін сатудан түсетін түсімдер | B39: 59.56885 | C39: 0.39444 | D39: 0.03932 | E39: 0.03932 | G39: Поступления от продажи финансовых активов государства
A40: V. БЮДЖЕТ ТАПШЫЛЫҒЫ (ПРОФИЦИТІ) | B40: -10078.596 | C40: 40222.557 | D40: -47575.147 | E40: -50923.48 | F40: -31409.32 | G40: V. ДЕФИЦИТ (ПРОФИЦИТ) БЮДЖЕТА
A43: VII. БЮДЖЕТТІҢ ТАПШЫЛЫҒЫН ҚАРЖЫЛАНДЫРУ (ПРОФИЦИТТІ ПАЙДАЛАНУ | B43: 10078.596 | C43: -40222.557 | D43: -47575.147 | E43: 50923.48 | F43: 31409.32 | G43: VII. ФИНАНСИРОВАНИЕ ДЕФИЦИТА (ИСПОЛЬЗОВАНИЕ ПРОФИЦИТА) БЮДЖЕТА
A44: Ішкі | B44: 207074.39 | C44: -678096.76 | D44: 498119.27 | E44: 568165.54 | F44: =F45-F46 -> -6013.8665 | G44: Внутреннее
A45: Түсімдер | B45: 222464.5 | C45: -640900.98 | D45: 505658.08 | E45: 575419.47 | F45: 25017.065 | G45: Поступление
A46: Өтеу | B46: 15390.112 | C46: 37195.777 | D46: 7538.8092 | E46: 7253.9249 | F46: 31030.932 | G46: Погашение
A47: Сыртқы | B47: - | C47: - | D47: - | E47: - | F47: - | G47: Внешнее
A48: Түсімдер | B48: - | C48: - | D48: - | E48: - | F48: - | G48: Поступление
A49: Өтеу | B49: - | C49: - | D49: - | E49: - | F49: - | G49: Погашение

Sheet табл 12.18
A1: 12-кесте | E1: Таблица 12
A2: ЖЕТІСУ ОБЛЫСЫ | E2: ИСПОЛНЕНИЕ БЮДЖЕТА
A3: БЮДЖЕТІНІҢ АТҚАРЫЛУЫ | E3: ОБЛАСТЬ ЖЕТІСУ
A4: (млн.теңге) | E4: (млн. теңге)
A5: Атауы | B5: 2023 ж. есеп/ 2023 г. отчет | C5: 2024 ж. есеп/ 2024 г. отчет | D5: 2025 ж. есеп/ 2025 г. отчет | F5: 2026 ж. қантар-шілде есеп/январь-июль отчет 2026 г. | G5: Наименование
D6: жылдық/ годовой | E6: қантар-шілде/январь-июль
A7: 1 | B7: 2 | C7: 3 | D7: 4 | E7: 5 | F7: 6 | G7: 7
A8: I. КІРІСТЕР | B8: 463421.37 | C8: 542203.66 | D8: 585417.05 | E8: 294988.02 | F8: 318006.47 | G8: I. ДОХОДЫ
A9: Салықтық түсімдер_x000D_ оның iшiнде: | B9: 66904.461 | C9: 87798.583 | D9: 104889.04 | E9: 60091.3 | F9: 61346.025 | G9: Налоговые поступления,_x000D_ в том числе:
A10: корпоративтік табыс салығы | B10: 9017.648 | C10: 13383.169 | D10: 17055.794 | E10: 9716.6923 | F10: 6585.1022 | G10: корпоративный подоходный налог
A11: жеке табыс салығы | B11: 25930.316 | C11: 34956.565 | D11: 42349.708 | E11: 23896.056 | F11: 23225.216 | G11: индивидуальный подоходный налог
A12: әлеуметтік салық | B12: 18598.439 | C12: 23298.185 | D12: 27347.246 | E12: 15248.208 | F12: 15236.039 | G12: социальный налог
A13: акциздер | B13: 108.67661 | C13: 115.49381 | D13: 126.72712 | E13: 68.660767 | F13: 70.234755 | G13: акцизы
A14: Салықтық емес түсімдер | B14: 7011.9315 | C14: 15570.046 | D14: 14727.643 | E14: 8758.5771 | F14: 6139.5388 | G14: Неналоговые поступления
A15: Негізгі капиталды сатудан түсетін түсімдер | B15: 1881.3507 | C15: 14651.2 | D15: 8115.7715 | E15: 6634.5297 | F15: 1755.8312 | G15: Поступления от продажи основного капитала
A16: Арнаулы түсімдер | B16: 0 | C16: 0 | D16: 0 | E16: 0 | F16: 503.1799 | G16: Специальные поступления
A17: Трансферттердің түсімдері | B17: 387623.63 | C17: 424183.83 | D17: 457684.6 | E17: 219503.62 | F17: 248261.89 | G17: Поступления трансфертов
A18: II. ШЫҒЫНДАР | B18: 468267.8 | C18: 529861.03 | D18: 621762.8 | E18: 295661.32 | F18: 325957.48 | G18: II. ЗАТРАТЫ
A19: 1. Жалпы сипаттағы мемлекеттiк қызметтер | B19: 21805.231 | C19: 21189.219 | D19: 27614.617 | E19: 13656.831 | F19: 13259.843 | G19: 1. Государственные услуги общего характера
... A38: Қаржылық активтерді сатып алу | B38: 1369.6586 | C38: 2879.5543 | D38: 2400.297 | E38: 1662.649 | F38: 842.631 | G38: Приобретение финансовых активов
A39: Мемлекеттің қаржы активтерін сатудан түсетін түсімдер | B39: 139.67744 | C39: 16.454256 | F39: 0.0001 | G39: Поступления от продажи финансовых активов государства
A40: V. БЮДЖЕТ ТАПШЫЛЫҒЫ (ПРОФИЦИТІ) | B40: -15200.423 | C40: -1835.6411 | D40: -42240.329 | E40: -1033.3218 | F40: -13256.317 | G40: V. ДЕФИЦИТ (ПРОФИЦИТ) БЮДЖЕТА
A43: VII. БЮДЖЕТТІҢ ТАПШЫЛЫҒЫН ҚАРЖЫЛАНДЫРУ (ПРОФИЦИТТІ ПАЙДАЛАНУ | B43: 15200.423 | C43: 1835.6411 | D43: -42240.329 | E43: 1033.3218 | F43: 13256.317 | G43: VII. ФИНАНСИРОВАНИЕ ДЕФИЦИТА (ИСПОЛЬЗОВАНИЕ ПРОФИЦИТА) БЮДЖЕТА
A44: Ішкі | B44: 105211.69 | C44: -202290.09 | D44: 279058.98 | E44: -73493.091 | F44: =F45-F46 -> 26255.554 | G44: Внутреннее
A45: Түсімдер | B45: 112586.44 | C45: -190675.47 | D45: 293550.96 | E45: -72100.339 | F45: 29250.586 | G45: Поступление
A46: Өтеу | B46: 7374.7509 | C46: 11614.621 | D46: 14491.985 | E46: 1392.7518 | F46: 2995.0322 | G46: Погашение
A47: Сыртқы | B47: - | C47: - | D47: - | E47: - | F47: - | G47: Внешнее
A48: Түсімдер | B48: - | C48: - | D48: - | E48: - | F48: - | G48: Поступление
A49: Өтеу | B49: - | C49: - | D49: - | E49: - | F49: - | G49: Погашение

Sheet табл 12.19
A1: 12-кесте | E1: Таблица 12
A2: АБАЙ ОБЛЫСЫ | E2: ИСПОЛНЕНИЕ БЮДЖЕТА
A3: БЮДЖЕТІНІҢ АТҚАРЫЛУЫ | E3: ОБЛАСТЬ АБАЙ
A4: (млн.теңге) | E4: (млн. теңге)
A5: Атауы | B5: 2023 ж. есеп/ 2023 г. отчет | C5: 2024 ж. есеп/ 2024 г. отчет | D5: 2025 ж. есеп/ 2025 г. отчет | F5: 2026 ж. қантар-шілде есеп/январь-июль отчет 2026 г. | G5: Наименование
D6: жылдық/ годовой | E6: қантар-шілде/январь-июль
A7: 1 | B7: 2 | C7: 3 | D7: 4 | E7: 5 | F7: 6 | G7: 7
A8: I. КІРІСТЕР | B8: 406297.42 | C8: 436986.27 | D8: 472403.63 | E8: 242705.3 | F8: 252092.37 | G8: I. ДОХОДЫ
A9: Салықтық түсімдер_x000D_ оның iшiнде: | B9: 96670.78 | C9: 120573.62 | D9: 143969.18 | E9: 75621.989 | F9: 78621.197 | G9: Налоговые поступления,_x000D_ в том числе:
A10: корпоративтік табыс салығы | B10: 10602.802 | C10: 15174.453 | D10: 22065.223 | E10: 9728.2281 | F10: 13232.715 | G10: корпоративный подоходный налог
A11: жеке табыс салығы | B11: 35508.593 | C11: 47635.001 | D11: 54649.316 | E11: 29904.394 | F11: 31040.702 | G11: индивидуальный подоходный налог
A12: әлеуметтік салық | B12: 25133.408 | C12: 31334.967 | D12: 36234.591 | E12: 19917.503 | F12: 21396.989 | G12: социальный налог
A13: акциздер | B13: 120.5248 | C13: 136.75735 | D13: 178.77223 | E13: 98.465503 | F13: 130.68118 | G13: акцизы
A14: Салықтық емес түсімдер | B14: 5854.4088 | C14: 7963.6674 | D14: 9424.4913 | E14: 4032.5321 | F14: 6193.0338 | G14: Неналоговые поступления
A15: Негізгі капиталды сатудан түсетін түсімдер | B15: 9525.8628 | C15: 7036.9998 | D15: 11280.823 | E15: 8612.5696 | F15: 3043.8235 | G15: Поступления от продажи основного капитала
A16: Арнаулы түсімдер | B16: 0 | C16: 0 | D16: 0 | E16: 0 | F16: 5020.7991 | G16: Специальные поступления
A17: Трансферттердің түсімдері | B17: 294246.37 | C17: 301411.98 | D17: 307729.13 | E17: 154438.21 | F17: 159213.52 | G17: Поступления трансфертов
A18: II. ШЫҒЫНДАР | B18: 400475.3 | C18: 450819.22 | D18: 481074.67 | E18: 240538.16 | F18: 252565.04 | G18: II. ЗАТРАТЫ
A19: 1. Жалпы сипаттағы мемлекеттiк қызметтер | B19: 18110.235 | C19: 18833.812 | D19: 24663.122 | E19: 11711.53 | F19: 14054.359 | G19: 1. Государственные услуги общего характера
... A26: 8. Мәдениет, спорт, туризм және ақпараттық кеңістiк | B26: 16460.592 | C26: 22894.764 | D26: 27785.414 | E26: 14523.735 | F26: 18035.794 | G26: 8. Культура, спорт, туризм и информационное пространство
A27: 9. Отын-энергетика кешенi және жер қойнауын пайдалану | B27: 1198.1138 | C27: 1003.9975 | D27: 400 | E27: 200 | F27: - | G27: 9. Топливно-энергетический комплекс и недропользование
A28: 10. Ауыл, су, орман, балық шаруашылығы, ерекше қорғалатын табиғи аумақтар, қоршаған ортаны және жануарлар дүниесін қорғау, жер қатынастары | B28: 25496.538 | C28: 23231.292 | D28: 21388.48 | E28: 15614.021 | F28: 23201.088 | G28: 10. Сельское, водное, лесное, рыбное хозяйство, особо охраняемые природные территории, охрана окружающей среды и животного мира, земельные отношения
A29: 11. Өнеркәсіп, сәулет, қала құрылысы және құрылыс қызметі | B29: 8867.5505 | C29: 20957.433 | D29: 2640.9601 | E29: 785.39784 | F29: 2783.0863 | G29: 11. Промышленность, архитектурная, градостроительная и строительная деятельность
A30: 12. Көлiк және коммуникация | B30: 38228.864 | C30: 43103.245 | D30: 53932.36 | E30: 24600.992 | F30: 17773.277 | G30: 12. Транспорт и коммуникации
A31: 13. Басқалар | B31: 11284.216 | C31: 9238.8973 | D31: 11699.383 | E31: 5117.165 | F31: 2270.7854 | G31: 13. Прочие
A32: 14. Борышқа қызмет көрсету | B32: 2227.8265 | C32: 1902.4138 | D32: 1893.3814 | E32: 745.10718 | F32: 1975.0988 | G32: 14. Обслуживание долга
A33: 15. Трансферттер | B33: 1232.7962 | C33: 743.39055 | D33: 233.48675 | E33: 190.87265 | F33: 439.45665 | G33: 15. Трансферты
A34: III. ТАЗА БЮДЖЕТТІК КРЕДИТ БЕРУ | B34: 5968.0583 | C34: 11478.851 | D34: 9548.3421 | E34: 1639.5375 | F34: 7422.038 | G34: III. ЧИСТОЕ БЮДЖЕТНОЕ КРЕДИТОВАНИЕ
A35: Бюджеттік кредиттер | B35: 6320.7292 | C35: 12102.383 | D35: 10519.433 | E35: 2000 | F35: 7900 | G35: Бюджетные кредиты
A36: Бюджеттік кредиттерді өтеу | B36: 352.67089 | C36: 623.5318 | D36: 971.09115 | E36: 360.46248 | F36: 477.962 | G36: Погашение бюджетных кредитов
A37: IV. ҚАРЖЫ АКТИВТЕРІМЕН ОПЕРАЦИЯЛАР БОЙЫНША САЛЬДО - ҚАРЖЫ АК | B37: 1127.4464 | C37: 434.04116 | D37: 843.2313 | E37: 600.23253 | F37: 0 | G37: IV. САЛЬДО ПО ОПЕРАЦИЯМ С ФИНАНСОВЫМИ АКТИВАМИ
A38: Қаржылық активтерді сатып алу | B38: 1138.5577 | C38: 439.7482 | D38: 848.61017 | E38: 605.6114 | F38: 0 | G38: Приобретение финансовых активов
A39: Мемлекеттің қаржы активтерін сатудан түсетін түсімдер | B39: 11.111278 | C39: 5.707039 | D39: 5.378867 | E39: 5.378867 | G39: Поступления от продажи финансовых активов государства
A40: V. БЮДЖЕТ ТАПШЫЛЫҒЫ (ПРОФИЦИТІ) | B40: -1273.3862 | C40: -25745.844 | D40: -19062.61 | E40: -72.626325 | F40: -7894.7037 | G40: V. ДЕФИЦИТ (ПРОФИЦИТ) БЮДЖЕТА
A43: VII. БЮДЖЕТТІҢ ТАПШЫЛЫҒЫН ҚАРЖЫЛАНДЫРУ (ПРОФИЦИТТІ ПАЙДАЛАНУ | B43: 1273.3862 | C43: 25745.844 | D43: -19062.61 | E43: 72.626325 | F43: 7894.7037 | G43: VII. ФИНАНСИРОВАНИЕ ДЕФИЦИТА (ИСПОЛЬЗОВАНИЕ ПРОФИЦИТА) БЮДЖЕТА
A44: Ішкі | B44: -13422.418 | C44: 66813.71 | D44: -79537.275 | E44: -72272.931 | F44: =F45-F46 -> 11168.828 | G44: Внутреннее
A45: Түсімдер | B45: -4225.5401 | C45: 78615.675 | D45: -74507.527 | E45: -71902.621 | F45: 28751.16 | G45: Поступление
A46: Өтеу | B46: 9196.8776 | C46: 11801.966 | D46: 5029.7475 | E46: 370.31002 | F46: 17582.332 | G46: Погашение
A47: Сыртқы | B47: - | C47: - | D47: - | E47: - | F47: - | G47: Внешнее
A48: Түсімдер | B48: - | C48: - | D48: - | E48: - | F48: - | G48: Поступление
A49: Өтеу | B49: - | C49: - | D49: - | E49: - | F49: - | G49: Погашение

Sheet табл 12.20
A1: 12-кесте | E1: Таблица 12
A2: ҰЛЫТАУ ОБЛЫСЫ | E2: ИСПОЛНЕНИЕ БЮДЖЕТА
A3: БЮДЖЕТІНІҢ АТҚАРЫЛУЫ | E3: ОБЛАСТЬ УЛЫТАУ
A4: (млн.теңге) | E4: (млн. теңге)
A5: Атауы | B5: 2023 ж. есеп/ 2023 г. отчет | C5: 2024 ж. есеп/ 2024 г. отчет | D5: 2025 ж. есеп/ 2025 г. отчет | F5: 2026 ж. қантар-шілде есеп/январь-июль отчет 2026 г. | G5: Наименование
D6: жылдық/ годовой | E6: қантар-шілде/январь-июль
A7: 1 | B7: 2 | C7: 3 | D7: 4 | E7: 5 | F7: 6 | G7: 7
A8: I. КІРІСТЕР | B8: 169203.26 | C8: 182521.75 | D8: 220012.97 | E8: 108071.92 | F8: 120705.3 | G8: I. ДОХОДЫ
A9: Салықтық түсімдер_x000D_ оның iшiнде: | B9: 88623.044 | C9: 101434.1 | D9: 130930.64 | E9: 68858.07 | F9: 66143.181 | G9: Налоговые поступления,_x000D_ в том числе:
A10: корпоративтік табыс салығы | B10: 3437.64 | C10: 3853.4637 | D10: 8325.0953 | E10: 2200.2079 | F10: 4027.9679 | G10: корпоративный подоходный налог
A11: жеке табыс салығы | B11: 35167.663 | C11: 42259.528 | D11: 51610.863 | E11: 27954.68 | F11: 29824.218 | G11: индивидуальный подоходный налог
A12: әлеуметтік салық | B12: 26713.417 | C12: 30448.408 | D12: 36707.75 | E12: 21920.926 | F12: 21431.702 | G12: социальный налог
A13: акциздер | B13: 31.923543 | C13: 34.491962 | D13: 36.193321 | E13: 20.503629 | F13: 23.199774 | G13: акцизы
A14: Салықтық емес түсімдер | B14: 1846.7391 | C14: 4476.532 | D14: 3905.4841 | E14: 1590.0016 | F14: 2614.7429 | G14: Неналоговые поступления
A15: Негізгі капиталды сатудан түсетін түсімдер | B15: 836.04433 | C15: 573.04005 | D15: 928.56153 | E15: 619.5569 | F15: 1748.4924 | G15: Поступления от продажи основного капитала
A16: Арнаулы түсімдер | B16: 0 | C16: 0 | D16: 0 | E16: 0 | F16: 5838.7851 | G16: Специальные поступления
A17: Трансферттердің түсімдері | B17: 77897.437 | C17: 76038.08 | D17: 84248.286 | E17: 37004.29 | F17: 44360.1 | G17: Поступления трансфертов
A18: II. ШЫҒЫНДАР | B18: 173439.18 | C18: 190573.16 | D18: 219245.61 | E18: 98724.206 | F18: 114653.34 | G18: II. ЗАТРАТЫ
A19: 1. Жалпы сипаттағы мемлекеттiк қызметтер | B19: 10297.274 | C19: 11032.221 | D19: 13427.498 | E19: 6024.1019 | F19: 6648.8739 | G19: 1. Государственные услуги общего характера
... A36: Бюджеттік кредиттерді өтеу | B36: 124.1571 | C36: 241.9638 | D36: 366.05551 | E36: 195.82147 | F36: 975.37173 | G36: Погашение бюджетных кредитов
A37: IV. ҚАРЖЫ АКТИВТЕРІМЕН ОПЕРАЦИЯЛАР БОЙЫНША САЛЬДО - ҚАРЖЫ АК | B37: 600 | G37: IV. САЛЬДО ПО ОПЕРАЦИЯМ С ФИНАНСОВЫМИ АКТИВАМИ
A38: Қаржылық активтерді сатып алу | B38: 600 | G38: Приобретение финансовых активов
